Workbook
Name \0: #REF!
Name \A: #REF!
Name \B: #REF!
Name \C: #REF!
Name \M: #REF!
Name ______UAG99: #REF!
Name _____cpi1: #REF!
Name _____CPI2: #REF!
Name _____IRR1: #REF!
Name _____LUT1: #REF!
Name _____NPV1: #REF!
Name _____UAG99: #REF!
Name ____cpi1: #REF!
Name ____CPI2: #REF!
Name ____IRR1: #REF!
Name ____IZS2: #REF!
Name ____LUT1: #REF!
Name ____NPV1: #REF!
Name ____NPV2: #REF!
Name ____UAG99: #REF!
Name ___cpi1: #REF!
Name ___CPI2: #REF!
Name ___IRR1: #REF!
Name ___IZS2: #REF!
Name ___LUT1: #REF!
Name ___May08: #REF!
Name ___NPV1: #REF!
Name ___NPV2: #REF!
Name ___Tot220: #REF!
Name ___Tot237: #REF!
Name ___Tot257: #REF!
Name ___Tot258: #REF!
Name ___UAG99: #REF!
Name __cpi1: #REF!
Name __CPI2: #REF!
Name __DAT1: #REF!
Name __DAT14: #REF!
Name __DAT5: #REF!
Name __DAT6: #REF!
Name __DataSet1__: #REF!
Name __DataSet2__: #REF!
Name __DataSet3__: #REF!
Name __DataSet4__: #REF!
Name __int997: #REF!
Name __IRR1: #REF!
Name __IZS2: #REF!
Name __JUN09: #REF!
Name __LUT1: #REF!
Name __MAIN__: #REF!
Name __May08: #REF!
Name __NPV1: #REF!
Name __NPV2: #REF!
Name __PL1: #REF!
Name __TableData__: #REF!
Name __TB1: #REF!
Name __Tot220: #REF!
Name __Tot221: #REF!
Name __Tot232: #REF!
Name __Tot237: #REF!
Name __Tot257: #REF!

Sheet Cover
A2: Gas Pipeline Operator
A3: Part 10 Financial Reporting Template
A5: This template is to be uploaded by a Gas Pipeline Operator to its website to fulfil its annual reporting obligations.
A6: Basis of preparation document is to be uploaded alongside this financial template, providing assumptions, methodologies, and other relevant information.
A8: Colour coding of input sheets:
A9: Light Blue / Dark Blue = AER instructions / headings
A10: Orange = Input cells
A11: Grey = Not applicable/No inputs required
A13: Leave coloured cells blank if no information exists - PLEASE DO NOT ENTER TEXT unless specifically requested to do so.
A14: All dollar amounts are to be unrounded, and in nominal terms.
A17: Service provider: | C17: EAST AUSTRALIAN PIPELINE PTY LIMITED
A19: Australian business number: | C19: 33 064 629 009
A21: Pipeline name: | C21: Moomba Sydney Pipeline
A23: Type of regulated pipeline: | C23: Non-scheme pipeline
A25: Reporting period start date: | C25: 45474
A27: Reporting period end date: | C27: 45838
A29: Publication date of this financial report: | C29: 46013
A31: Reported information is current as at: | C31: 45838
A33: Has any information in this template been amended since last published within this current reporting period? | C33: No | F33: Basis of preparation ID | I33: N/A
A36: Business address | B36: Address | D36: Level 10, 121 Castlereagh Street
B37: Suburb | D37: Sydney
C38: State | D38: NSW | E38: Postcode | F38: 2000
A40: Postal address | B40: Address | D40: PO Box R41
B41: Suburb | D41: Royal Exhange
C42: State | D42: NSW | E42: Postcode | F42: 1225
A45: Contact name/s | B45: Andrew Narin (General Manager Investor Relations)
A46: Contact phone/s | B46: +61 (03) 8416 2887
A47: Contact email address/s | B47: APARegReporting@apa.com.au

Sheet Contents
C1: Part 10 Financial Reporting Template
C2: =IF(Tradingname=0," ",Tradingname) -> EAST AUSTRALIAN PIPELINE PTY LIMITED
C3: Year ending | D3: =IF(Yearending=0, "01/01/2000", Yearending) -> 45838
D7: CONTENTS
D9: SUMMARY | E9: Financial summary
E10: Data visualisation
E11: Pricing benchmarks summary
D13: 1. PIPELINE INFORMATION
D15: 2. REVENUE AND EXPENSES | E15: 2.1 Profit & Loss by component
E16: 2.2 Allocation to pipeline services
E17: 2.3 Revenue contributions
E18: 2.4 Indirect revenue
E19: 2.5 Shared expenses
D21: 3.1 ASSET VALUE - DEPRICIATED BOOK VALUE METHOD (DBVM) | E21: 3.3 Asset useful life
D22: 3.2 ASSET VALUE - REGULATORY ASSET BASE (RAB) | E22: 3.4 Asset impairment
E23: 3.5 Depreciation amortisation
E24: 3.6 Shared supporting assets
D26: 4. ASSET VALUE - RECOVERED CAPITAL METHOD (RCM) | E26: 4.1 Pipelines capex
D28: 5. HISTORICAL DEMAND
D30: 6. PRICING TEMPLATE

Sheet Financial summary
B1: Part 10 Financial Reporting
B2: =IF(Tradingname=0," ",Tradingname) -> EAST AUSTRALIAN PIPELINE PTY LIMITED
B3: Year ending | C3: =IF(Yearending=0, "01/01/2000", Yearending) -> 45838
B4: Financial summary
B6: All numbers are expressed in $nominal.
B9: Profit and loss (Table 2.1.1) | C9: Total
B10: Direct revenue | C10: ='2.1 Profit & Loss by component'!$F$18 -> 1.5767204e+08
B11: Indirect revenue allocated | C11: ='2.1 Profit & Loss by component'!$F$21 -> 0
B12: Total revenue | C12: ='2.1 Profit & Loss by component'!$F$22 -> 1.5767204e+08
B13: Direct expenses | C13: ='2.1 Profit & Loss by component'!$F$32 -> 71107208
B14: Shared expenses allocated | C14: ='2.1 Profit & Loss by component'!$F$43 -> 21397258
B15: Total expenses | C15: ='2.1 Profit & Loss by component'!$F$44 -> 92504467
B16: Earnings before interest and tax (EBIT) | C16: ='2.1 Profit & Loss by component'!$F$45 -> 65167568
B19: Depreciated book value method (Table 3.1.1 for Non-scheme pipelines) | C19: Value as at current reporting period
B20: Total assets | C20: ='3.1 Depreciated Book Value'!$D$125 -> 8.7666848e+08
B21: Return on assets | C21: =IFERROR(C16/C20,0) -> 0.074335476
B22: Regulatory Asset Base (Table 3.2.1 for Scheme pipelines) | C22: Value as at current reporting period
B23: Total assets | C23: ='3.2 Regulatory Asset Base'!$H$95 -> 0
B24: Return on assets | C24: =IFERROR(C16/C23,0) -> 0
B25: Recovered capital method (Table 4.1) | C25: Value as at current reporting period
B26: Total assets | C26: ='4. Recovered Capital'!$E$29 -> 0
B27: Return on assets | C27: =IFERROR(C16/INDEX('4. Recovered Capital'!$F$12:$BH$39,27,MATCH(VALUE(RIGHT(TEXT(C3,"dd/mm/yyyy"),4)),'4. Recovered Capital'!$F$12:$BH$12,0)),0) -> 0

Sheet Data visualisation
B1: Part 10 Financial Reporting
B2: =IF(Tradingname=0," ",Tradingname) -> EAST AUSTRALIAN PIPELINE PTY LIMITED
B3: Year ending | C3: =IF(Yearending=0, "01/01/2000", Yearending) -> 45838
B4: Data visualisation
B7: Revenue & Expense allocation to pipeline services
B59: Historical demand

Sheet Pricing benchmarks summary
B1: Part 10 Financial Reporting
B2: =IF(Tradingname=0," ",Tradingname) -> EAST AUSTRALIAN PIPELINE PTY LIMITED
B3: Year ending | C3: =IF(Yearending=0, "01/01/2000", Yearending) -> 45838
B4: Pricing benchmarks summary
B6: All numbers are expressed in $nominal.
B9: Price benchmarks | C9: Total cost per unit | E9: Measurement unit
C10: Low | D10: High
B11: Firm forward haul transportation service | C11: =IFERROR('6. Pricing template'!$G37,) -> 0.51037845 | D11: =IFERROR('6. Pricing template'!$G38,) -> 0.94037112 | E11: $/GJ/day of Pipeline MDQ
B12: Backhaul service | C12: =IFERROR('6. Pricing template'!$G39,) -> 0 | D12: =IFERROR('6. Pricing template'!$G40,) -> 0 | E12: $/GJ/day of Pipeline MDQ
B13: Interruptible or as available transportation service | C13: =IFERROR('6. Pricing template'!$G41,) -> 0 | D13: =IFERROR('6. Pricing template'!$G42,) -> 0 | E13: $/GJ/day of Pipeline MDQ
B14: Firm stand-alone compression service | C14: =IFERROR('6. Pricing template'!$G43,) -> 0 | D14: =IFERROR('6. Pricing template'!$G44,) -> 0 | E14: $/GJ/day of Pipeline MDQ
B15: Interruptible or as available stand-alone compression service | C15: =IFERROR('6. Pricing template'!$G45,) -> 0 | D15: =IFERROR('6. Pricing template'!$G46,) -> 0 | E15: $/GJ/day of Pipeline MDQ
B16: Park service | C16: =IFERROR('6. Pricing template'!$G47,) -> 0 | D16: =IFERROR('6. Pricing template'!$G48,) -> 0 | E16: $/GJ/day of Pipeline MDQ
B17: Park and loan services | C17: =IFERROR('6. Pricing template'!$G49,) -> 0 | D17: =IFERROR('6. Pricing template'!$G50,) -> 0 | E17: $/GJ/day of Pipeline MDQ
B18: Capacity trading service | C18: =IFERROR('6. Pricing template'!$G51,) -> 0 | D18: =IFERROR('6. Pricing template'!$G52,) -> 0 | E18: $/GJ of MDQ traded
B19: In pipe trading service | C19: =IFERROR('6. Pricing template'!$G53,) -> 0 | D19: =IFERROR('6. Pricing template'!$G54,) -> 0 | E19: $/GJ traded
B20: Other | C20: =IFERROR('6. Pricing template'!$G55,) -> 0 | D20: =IFERROR('6. Pricing template'!$G56,) -> 0

Sheet 1. Pipeline information
B1: Part 10 Financial Reporting
B2: =IF(Tradingname=0," ",Tradingname) -> EAST AUSTRALIAN PIPELINE PTY LIMITED
B3: Year ending | C3: =IF(Yearending=0, "01/01/2000", Yearending) -> 45838
B4: Pipeline information
B7: Table 1.1: Pipeline details
B9: Pipeline location | C9: New South Wales
B10: Pipeline length (kilometres) | C10: 2001
B11: Number of customers | C11: 33
B12: Service type | C12: Transmission
B13: Pipeline nameplate capacity | C13: 565 TJ Southern-haul
B14: Construction date | C14: 28112
B15: =IF(Cover!C23="Scheme pipeline", "Date opening RAB established","")
B16: =IF(Cover!C23="Scheme pipeline", "Open RAB value on date established","")
B18: Table 1.2: Pipeline services provided
B20: Service description | C20: Provided to non related parties | D20: Provided to related parties
B21: Transportation services
B22: Firm forward haul transportation service | C22: Yes | D22: No
B23: Backhaul services | C23: Yes | D23: No
B24: Interruptible or as available transportation service | C24: Yes | D24: No
B25: Stand-alone compression services
B26: Firm stand-alone compression service | C26: No | D26: No
B27: Interruptible or as available stand-alone compression service | C27: No | D27: No
B28: Storage services
B29: Park services | C29: Yes | D29: No
B30: Park and loan services | C30: Yes | D30: No
B31: Trading services
B32: Capacity trading service | C32: Yes | D32: No
B33: In pipe trading service | C33: Yes | D33: No
B34: Other (please specify)
B35: Auction Service | C35: Yes | D35: No
B36: Redirection Service | C36: Yes | D36: No
B37: other service (insert description)
B38: other service (insert description)
B39: other service (insert description)
B40: other service (insert description)
B41: other service (insert description)
B42: other service (insert description)

Sheet 2. Revenue and expenses
B1: Part 10 Financial Reporting
B2: =IF(Tradingname=0," ",Tradingname) -> EAST AUSTRALIAN PIPELINE PTY LIMITED
B3: Year ending | C3: =IF(Yearending=0, "01/01/2000", Yearending) -> 45838
B4: Revenue and expenses
B7: Table 2.1: Statement of pipeline revenue and expenses by service
B9: Basis of Preparation ID | C9: Description | D9: Total | E9: Description | F9: Total | G9: Earnings before interest and tax (EBIT) by service
D10: $ nominal | F10: $ nominal | G10: $ nominal
B11: Section 11 | C11: Revenue | E11: Expenses
C12: Firm forward haul transportation service | D12: =IF('2.2 Allocation to services'!G13+'2.2 Allocation to services'!G25+'2.2 Allocation to services'!G37=0, ,'2.2 Allocation to services'!G13+'2.2 Allocation to services'!G25+'2.2 Allocation to services'!G37) -> 1.436865e+08 | E12: Firm forward haul transportation service | F12: =IF('2.2 Allocation to services'!G56+'2.2 Allocation to services'!G68+'2.2 Allocation to services'!G80=0, ,'2.2 Allocation to services'!G56+'2.2 Allocation to services'!G68+'2.2 Allocation to services'!G80) -> 84299306 | G12: =D12-ABS(F12) -> 59387194
C13: Backhaul service | D13: =IF('2.2 Allocation to services'!G14+'2.2 Allocation to services'!G26+'2.2 Allocation to services'!G38=0, ,'2.2 Allocation to services'!G14+'2.2 Allocation to services'!G26+'2.2 Allocation to services'!G38) -> 0 | E13: Backhaul service | F13: =IF('2.2 Allocation to services'!G57+'2.2 Allocation to services'!G69+'2.2 Allocation to services'!G81=0, ,'2.2 Allocation to services'!G57+'2.2 Allocation to services'!G69+'2.2 Allocation to services'!G81) -> 0 | G13: =D13-ABS(F13) -> 0
C14: Interruptible or as available transportation service | D14: =IF('2.2 Allocation to services'!G15+'2.2 Allocation to services'!G27+'2.2 Allocation to services'!G39=0, ,'2.2 Allocation to services'!G15+'2.2 Allocation to services'!G27+'2.2 Allocation to services'!G39) -> 602564.04 | E14: Interruptible or as available transportation service | F14: =IF('2.2 Allocation to services'!G58+'2.2 Allocation to services'!G70+'2.2 Allocation to services'!G82=0, ,'2.2 Allocation to services'!G58+'2.2 Allocation to services'!G70+'2.2 Allocation to services'!G82) -> 353517.77 | G14: =D14-ABS(F14) -> 249046.28
C15: Firm stand-alone compression service | D15: =IF('2.2 Allocation to services'!G16+'2.2 Allocation to services'!G28+'2.2 Allocation to services'!G40=0, ,'2.2 Allocation to services'!G16+'2.2 Allocation to services'!G28+'2.2 Allocation to services'!G40) -> 0 | E15: Firm stand-alone compression service | F15: =IF('2.2 Allocation to services'!G59+'2.2 Allocation to services'!G71+'2.2 Allocation to services'!G83=0, ,'2.2 Allocation to services'!G59+'2.2 Allocation to services'!G71+'2.2 Allocation to services'!G83) -> 0 | G15: =D15-ABS(F15) -> 0
C16: Interruptible or as available stand-alone compression service | D16: =IF('2.2 Allocation to services'!G17+'2.2 Allocation to services'!G29+'2.2 Allocation to services'!G41=0, ,'2.2 Allocation to services'!G17+'2.2 Allocation to services'!G29+'2.2 Allocation to services'!G41) -> 0 | E16: Interruptible or as available stand-alone compression service | F16: =IF('2.2 Allocation to services'!G60+'2.2 Allocation to services'!G72+'2.2 Allocation to services'!G84=0, ,'2.2 Allocation to services'!G60+'2.2 Allocation to services'!G72+'2.2 Allocation to services'!G84) -> 0 | G16: =D16-ABS(F16) -> 0
C17: Park service | D17: =IF('2.2 Allocation to services'!G18+'2.2 Allocation to services'!G30+'2.2 Allocation to services'!G42=0, ,'2.2 Allocation to services'!G18+'2.2 Allocation to services'!G30+'2.2 Allocation to services'!G42) -> 9340042.9 | E17: Park service | F17: =IF('2.2 Allocation to services'!G61+'2.2 Allocation to services'!G73+'2.2 Allocation to services'!G85=0, ,'2.2 Allocation to services'!G61+'2.2 Allocation to services'!G73+'2.2 Allocation to services'!G85) -> 5479701.5 | G17: =D17-ABS(F17) -> 3860341.4
C18: Park and loan services | D18: =IF('2.2 Allocation to services'!G19+'2.2 Allocation to services'!G31+'2.2 Allocation to services'!G43=0, ,'2.2 Allocation to services'!G19+'2.2 Allocation to services'!G31+'2.2 Allocation to services'!G43) -> 1060236.7 | E18: Park and loan services | F18: =IF('2.2 Allocation to services'!G62+'2.2 Allocation to services'!G74+'2.2 Allocation to services'!G86=0, ,'2.2 Allocation to services'!G62+'2.2 Allocation to services'!G74+'2.2 Allocation to services'!G86) -> 622029.33 | G18: =D18-ABS(F18) -> 438207.37
C19: Capacity trading service | D19: =IF('2.2 Allocation to services'!G20+'2.2 Allocation to services'!G32+'2.2 Allocation to services'!G44=0, ,'2.2 Allocation to services'!G20+'2.2 Allocation to services'!G32+'2.2 Allocation to services'!G44) -> 120328.4 | E19: Capacity trading service | F19: =IF('2.2 Allocation to services'!G63+'2.2 Allocation to services'!G75+'2.2 Allocation to services'!G87=0, ,'2.2 Allocation to services'!G63+'2.2 Allocation to services'!G75+'2.2 Allocation to services'!G87) -> 70595.361 | G19: =D19-ABS(F19) -> 49733.036
C20: In pipe trading service | D20: =IF('2.2 Allocation to services'!G21+'2.2 Allocation to services'!G33+'2.2 Allocation to services'!G45=0, ,'2.2 Allocation to services'!G21+'2.2 Allocation to services'!G33+'2.2 Allocation to services'!G45) -> 140687.37 | E20: In pipe trading service | F20: =IF('2.2 Allocation to services'!G64+'2.2 Allocation to services'!G76+'2.2 Allocation to services'!G88=0, ,'2.2 Allocation to services'!G64+'2.2 Allocation to services'!G76+'2.2 Allocation to services'!G88) -> 82539.747 | G20: =D20-ABS(F20) -> 58147.62
C21: Other | D21: =IF('2.2 Allocation to services'!G22+'2.2 Allocation to services'!G34+'2.2 Allocation to services'!G46=0, ,'2.2 Allocation to services'!G22+'2.2 Allocation to services'!G34+'2.2 Allocation to services'!G46) -> 2721675.8 | E21: Other | F21: =IF('2.2 Allocation to services'!G65+'2.2 Allocation to services'!G77+'2.2 Allocation to services'!G89=0, ,'2.2 Allocation to services'!G65+'2.2 Allocation to services'!G77+'2.2 Allocation to services'!G89) -> 1596777.5 | G21: =D21-ABS(F21) -> 1124898.2
C22: Total net revenue | D22: {=SUM(IF(ISNA(D12:D21),0,D12:D21))} -> 1.5767204e+08 | E22: Total Expenses | F22: {=SUM(IF(ISNA(F12:F21),0,F12:F21))} -> 92504467 | G22: =D22-ABS(F22) -> 65167568

Sheet 2.1 Profit & Loss by component
B1: Part 10 Financial Reporting
B2: =IF(Tradingname=0," ",Tradingname) -> EAST AUSTRALIAN PIPELINE PTY LIMITED
B3: Year ending | C3: =IF(Yearending=0, "01/01/2000", Yearending) -> 45838
B4: Profit & Loss statement by component
B7: Table 2.1.1: Statement of pipeline revenue and expenses by component
B9: Current reporting period | G9: Previous reporting period
B10: Basis of Preparation ID | C10: Description | D10: Amounts excluding related party transactions | E10: Related party transactions | F10: Total | G10: Amounts excluding related party transactions | H10: Related party transactions | I10: Total
D11: $ nominal | E11: $ nominal | F11: $ nominal | G11: $ nominal | H11: $ nominal | I11: $ nominal
B12: Section 12 | C12: Direct revenue by pipeline
B13: Section 12 | C13: Total service revenue | D13: 1.5736736e+08 | E13: 0 | F13: =SUM(D13:E13) -> 1.5736736e+08 | G13: 1.5081896e+08 | H13: 0 | I13: =SUM(G13:H13) -> 1.5081896e+08
B14: Section 12 | C14: Customer contribution revenue | D14: ='2.3 Revenue contributions '!C17 -> 0 | E14: ='2.3 Revenue contributions '!D17 -> 0 | F14: =SUM(D14:E14) -> 0 | G14: 0 | H14: 0 | I14: =SUM(G14:H14) -> 0
B15: Section 12 | C15: Government contribution revenue | D15: ='2.3 Revenue contributions '!D29 -> 0 | F15: =SUM(D15:E15) -> 0 | G15: 0 | I15: =SUM(G15:H15) -> 0
B16: Section 12 | C16: Profit from sale of fixed assets | D16: 32919.916 | E16: 0 | F16: =SUM(D16:E16) -> 32919.916 | G16: -11528.033 | H16: 0 | I16: =SUM(G16:H16) -> -11528.033
B17: Section 12 | C17: Other direct revenue | D17: 271757.85 | E17: 0 | F17: =SUM(D17:E17) -> 271757.85 | G17: 6673187.1 | H17: 0 | I17: =SUM(G17:H17) -> 6673187.1
C18: Total direct revenue by pipeline | D18: =SUM(D13:D17) -> 1.5767204e+08 | E18: =SUM(E13:E17) -> 0 | F18: =SUM(F13:F17) -> 1.5767204e+08 | G18: =SUM(G13:G17) -> 1.5748062e+08 | H18: =SUM(H13:H17) -> 0 | I18: =SUM(I13:I17) -> 1.5748062e+08
C19: Indirect revenue allocated to pipeline
C20: Other indirect revenue | D20: ='2.4 Indirect revenue'!G42 -> 0 | E20: ='2.4 Indirect revenue'!H42 -> 0 | F20: =SUM(D20:E20) -> 0 | G20: 0 | H20: 0 | I20: =SUM(G20:H20) -> 0
C21: Total indirect revenue by pipeline | D21: =SUM(D20) -> 0 | E21: =SUM(E20) -> 0 | F21: =SUM(F20) -> 0 | G21: =SUM(G20) -> 0 | H21: =SUM(H20) -> 0 | I21: =SUM(I20) -> 0
C22: Total revenue by pipeline | D22: =D18+D21 -> 1.5767204e+08 | E22: =E21+E18 -> 0 | F22: =F18+F21 -> 1.5767204e+08 | G22: =G18+G21 -> 1.5748062e+08 | H22: =H18+H21 -> 0 | I22: =I18+I21 -> 1.5748062e+08
C23: Direct expenses by pipeline
B24: Section 12 | C24: Repairs and maintenance | D24: 0 | E24: 0 | F24: =SUM(D24:E24) -> 0 | G24: 148600.32 | H24: 0 | I24: =SUM(G24:H24) -> 148600.32
B25: Section 12 | C25: Wages | D25: 21888093 | E25: 0 | F25: =SUM(D25:E25) -> 21888093 | G25: 20966152 | H25: 0 | I25: =SUM(G25:H25) -> 20966152
B26: Section 12 | C26: Depreciation | D26: 37105227 | E26: 0 | F26: =SUM(D26:E26) -> 37105227 | G26: 26177369 | H26: 0 | I26: =SUM(G26:H26) -> 26177369
B27: Section 12 | C27: Insurance | D27: 1116228.4 | E27: 0 | F27: =SUM(D27:E27) -> 1116228.4 | G27: 1034958.3 | H27: 0 | I27: =SUM(G27:H27) -> 1034958.3
B28: Section 12 | C28: Licence and regulatory costs | D28: 174349.95 | E28: 0 | F28: =SUM(D28:E28) -> 174349.95 | G28: 34996.35 | H28: 0 | I28: =SUM(G28:H28) -> 34996.35
B29: Section 12 | C29: Directly attributable finance charges | D29: 76664.41 | E29: 0 | F29: =SUM(D29:E29) -> 76664.41 | G29: 91276.4 | H29: 0 | I29: =SUM(G29:H29) -> 91276.4
B30: Section 12 | C30: Leasing and rental costs | D30: 854399.82 | E30: 0 | F30: =SUM(D30:E30) -> 854399.82 | G30: 672968.01 | H30: 0 | I30: =SUM(G30:H30) -> 672968.01
B31: Section 12 | C31: Other direct expenses | D31: 9892246.4 | E31: 0 | F31: =SUM(D31:E31) -> 9892246.4 | G31: 1.8540968e+08 | H31: 0 | I31: =SUM(G31:H31) -> 1.8540968e+08
C32: Total direct expenses by pipeline | D32: =SUM(D24:D31) -> 71107208 | E32: =SUM(E24:E31) -> 0 | F32: =SUM(F24:F31) -> 71107208 | G32: =SUM(G24:G31) -> 2.34536e+08 | H32: =SUM(H24:H31) -> 0 | I32: =SUM(I24:I31) -> 2.34536e+08
C33: Shared expenses by pipeline
C34: Employee expenses | D34: =SUMIF('2.5 Shared expenses'!$C$15:$C$35,$C34,'2.5 Shared expenses'!H$15:H$35) -> 0 | E34: =SUMIF('2.5 Shared expenses'!$C$15:$C$35,$C34,'2.5 Shared expenses'!I$15:I$35) -> 0 | F34: =SUM(D34:E34) -> 0 | G34: 0 | H34: 0 | I34: =SUM(G34:H34) -> 0
C35: Information technology and communication costs | D35: =SUMIF('2.5 Shared expenses'!$C$15:$C$35,$C35,'2.5 Shared expenses'!H$15:H$35) -> 0 | E35: =SUMIF('2.5 Shared expenses'!$C$15:$C$35,$C35,'2.5 Shared expenses'!I$15:I$35) -> 0 | F35: =SUM(D35:E35) -> 0 | G35: 0 | H35: 0 | I35: =SUM(G35:H35) -> 0
C36: Indirect operating expenses | D36: =SUMIF('2.5 Shared expenses'!$C$15:$C$35,$C36,'2.5 Shared expenses'!H$15:H$35) -> 0 | E36: =SUMIF('2.5 Shared expenses'!$C$15:$C$35,$C36,'2.5 Shared expenses'!I$15:I$35) -> 0 | F36: =SUM(D36:E36) -> 0 | G36: 0 | H36: 0 | I36: =SUM(G36:H36) -> 0
B37: Section 12 | C37: Shared asset depreciation | D37: =SUMIF('2.5 Shared expenses'!$C$15:$C$35,$C37,'2.5 Shared expenses'!H$15:H$35) -> 4543379 | E37: =SUMIF('2.5 Shared expenses'!$C$15:$C$35,$C37,'2.5 Shared expenses'!I$15:I$35) -> 0 | F37: =SUM(D37:E37) -> 4543379 | G37: 3485442.3 | H37: 0 | I37: =SUM(G37:H37) -> 3485442.3
C38: Rental and leasing costs | D38: =SUMIF('2.5 Shared expenses'!$C$15:$C$35,$C38,'2.5 Shared expenses'!H$15:H$35) -> 0 | E38: =SUMIF('2.5 Shared expenses'!$C$15:$C$35,$C38,'2.5 Shared expenses'!I$15:I$35) -> 0 | F38: =SUM(D38:E38) -> 0 | G38: 0 | H38: 0 | I38: =SUM(G38:H38) -> 0
C39: Borrowing costs | D39: =SUMIF('2.5 Shared expenses'!$C$15:$C$35,$C39,'2.5 Shared expenses'!H$15:H$35) -> 0 | E39: =SUMIF('2.5 Shared expenses'!$C$15:$C$35,$C39,'2.5 Shared expenses'!I$15:I$35) -> 0 | F39: =SUM(D39:E39) -> 0 | G39: 0 | H39: 0 | I39: =SUM(G39:H39) -> 0
C40: Loss from sale of shared fixed assets | D40: =SUMIF('2.5 Shared expenses'!$C$15:$C$35,$C40,'2.5 Shared expenses'!H$15:H$35) -> 0 | E40: =SUMIF('2.5 Shared expenses'!$C$15:$C$35,$C40,'2.5 Shared expenses'!I$15:I$35) -> 0 | F40: =SUM(D40:E40) -> 0 | G40: 0 | H40: 0 | I40: =SUM(G40:H40) -> 0
C41: Impairment losses (nature of the impairment loss) | D41: =SUMIF('2.5 Shared expenses'!$C$15:$C$35,$C41,'2.5 Shared expenses'!H$15:H$35) -> 0 | E41: =SUMIF('2.5 Shared expenses'!$C$15:$C$35,$C41,'2.5 Shared expenses'!I$15:I$35) -> 0 | F41: =SUM(D41:E41) -> 0 | G41: 0 | H41: 0 | I41: =SUM(G41:H41) -> 0
B42: Section 12 | C42: Other shared expenses | D42: =SUMIF('2.5 Shared expenses'!$C$15:$C$35,$C42,'2.5 Shared expenses'!H$15:H$35) -> 16853879 | E42: =SUMIF('2.5 Shared expenses'!$C$15:$C$35,$C42,'2.5 Shared expenses'!I$15:I$35) -> 0 | F42: =SUM(D42:E42) -> 16853879 | G42: 19349535 | H42: 0 | I42: =SUM(G42:H42) -> 19349535
C43: Total shared expenses allocated to pipeline | D43: =SUM(D34:D42) -> 21397258 | E43: =SUM(E34:E42) -> 0 | F43: =SUM(F34:F42) -> 21397258 | G43: =SUM(G34:G42) -> 22834978 | H43: =SUM(H34:H42) -> 0 | I43: =SUM(I34:I42) -> 22834978
C44: Total expenses by pipeline | D44: =D43+D32 -> 92504467 | E44: =E43+E32 -> 0 | F44: =F43+F32 -> 92504467 | G44: =G43+G32 -> 2.5737098e+08 | H44: =H43+H32 -> 0 | I44: =I43+I32 -> 2.5737098e+08
C45: Earnings before interest and tax (EBIT) | D45: =D22-ABS(D44) -> 65167568 | E45: =E22-ABS(E44) -> 0 | F45: =F22-ABS(F44) -> 65167568 | G45: =G22-ABS(G44) -> -99890362 | H45: =H22-ABS(H44) -> 0 | I45: =I22-ABS(I44) -> -99890362

Sheet 2.2 Allocation to services
B1: Part 10 Financial Reporting
B2: =IF(Tradingname=0," ",Tradingname) -> EAST AUSTRALIAN PIPELINE PTY LIMITED
B3: Year ending | C3: =IF(Yearending=0, "01/01/2000", Yearending) -> 45838
B4: Allocation to pipeline services
B7: Table 2.2.1: Revenue by service
D9: Reporting period | H9: Previous reporting period
B10: Basis of Preparation ID | C10: Description | D10: Allocation to pipeline service | E10: Amounts excluding related party transactions | F10: Related party transactions | G10: Total | H10: Allocation to pipeline service | I10: Amounts excluding related party transactions | J10: Related party transactions | K10: Total
D11: % | E11: $ nominal | F11: $ nominal | G11: $ nominal | H11: % | I11: $ nominal | J11: $ nominal | K11: $ nominal
C12: Direct revenue (excl. capital contributions)
B13: Section 13 | C13: Firm forward haul transportation service | D13: 0.91129984 | E13: =D13*$E$23 -> 1.436865e+08 | F13: =D13*$F$23 -> 0 | G13: =SUM(E13:F13) -> 1.436865e+08 | H13: 0.90115813 | I13: =H13*$I$23 -> 1.4191494e+08 | J13: =H13*$J$23 -> 0 | K13: =SUM(I13:J13) -> 1.4191494e+08
B14: Section 13 | C14: Backhaul service | D14: 0 | E14: =D14*$E$23 -> 0 | F14: =D14*$F$23 -> 0 | G14: =SUM(E14:F14) -> 0 | H14: 0 | I14: =H14*$I$23 -> 0 | J14: =H14*$J$23 -> 0 | K14: =SUM(I14:J14) -> 0
B15: Section 13 | C15: Interruptible or as available transportation service | D15: 0.0038216291 | E15: =D15*$E$23 -> 602564.04 | F15: =D15*$F$23 -> 0 | G15: =SUM(E15:F15) -> 602564.04 | H15: 0.0034352645 | I15: =H15*$I$23 -> 540987.58 | J15: =H15*$J$23 -> 0 | K15: =SUM(I15:J15) -> 540987.58
B16: Section 13 | C16: Firm stand-alone compression service | D16: 0 | E16: =D16*$E$23 -> 0 | F16: =D16*$F$23 -> 0 | G16: =SUM(E16:F16) -> 0 | H16: 0 | I16: =H16*$I$23 -> 0 | J16: =H16*$J$23 -> 0 | K16: =SUM(I16:J16) -> 0
B17: Section 13 | C17: Interruptible or as available stand-alone compression service | D17: 0 | E17: =D17*$E$23 -> 0 | F17: =D17*$F$23 -> 0 | G17: =SUM(E17:F17) -> 0 | H17: 0 | I17: =H17*$I$23 -> 0 | J17: =H17*$J$23 -> 0 | K17: =SUM(I17:J17) -> 0
B18: Section 13 | C18: Park service | D18: 0.059237155 | E18: =D18*$E$23 -> 9340042.9 | F18: =D18*$F$23 -> 0 | G18: =SUM(E18:F18) -> 9340042.9 | H18: 0.062033666 | I18: =H18*$I$23 -> 9769100.3 | J18: =H18*$J$23 -> 0 | K18: =SUM(I18:J18) -> 9769100.3
B19: Section 13 | C19: Park and loan services | D19: 0.0067243167 | E19: =D19*$E$23 -> 1060236.7 | F19: =D19*$F$23 -> 0 | G19: =SUM(E19:F19) -> 1060236.7 | H19: 0.0094131879 | I19: =H19*$I$23 -> 1482394.7 | J19: =H19*$J$23 -> 0 | K19: =SUM(I19:J19) -> 1482394.7
B20: Section 13 | C20: Capacity trading service | D20: 0.00076315624 | E20: =D20*$E$23 -> 120328.4 | F20: =D20*$F$23 -> 0 | G20: =SUM(E20:F20) -> 120328.4 | H20: 0.00080819652 | I20: =H20*$I$23 -> 127275.29 | J20: =H20*$J$23 -> 0 | K20: =SUM(I20:J20) -> 127275.29
B21: Section 13 | C21: In pipe trading service | D21: 0.0008922785 | E21: =D21*$E$23 -> 140687.37 | F21: =D21*$F$23 -> 0 | G21: =SUM(E21:F21) -> 140687.37 | H21: 0.00089392858 | I21: =H21*$I$23 -> 140776.43 | J21: =H21*$J$23 -> 0 | K21: =SUM(I21:J21) -> 140776.43
B22: Section 13 | C22: Other | D22: 0.017261626 | E22: =D22*$E$23 -> 2721675.8 | F22: =D22*$F$23 -> 0 | G22: =SUM(E22:F22) -> 2721675.8 | H22: 0.022257629 | I22: =H22*$I$23 -> 3505145.3 | J22: =H22*$J$23 -> 0 | K22: =SUM(I22:J22) -> 3505145.3
C23: Total direct revenue (excl. capital contributions) | D23: =SUM(D13:D22) -> 1 | E23: ='2.1 Profit & Loss by component'!D18-'2.1 Profit & Loss by component'!D15-'2.1 Profit & Loss by component'!D14 -> 1.5767204e+08 | F23: ='2.1 Profit & Loss by component'!E18-'2.1 Profit & Loss by component'!E14 -> 0 | G23: =SUM(G13:G22) -> 1.5767204e+08 | H23: =SUM(H13:H22) -> 1 | I23: ='2.1 Profit & Loss by component'!G18-'2.1 Profit & Loss by component'!G14-'2.1 Profit & Loss by component'!G15 -> 1.5748062e+08 | J23: ='2.1 Profit & Loss by component'!H18-'2.1 Profit & Loss by component'!H14-'2.1 Profit & Loss by component'!H15 -> 0 | K23: =SUM(K13:K22) -> 1.5748062e+08
C24: Capital contributions
B25: Section 13 | C25: Firm forward haul transportation service | D25: 0 | E25: =$D25*E$35 -> 0 | F25: =$D25*F$35 -> 0 | G25: =SUM(E25:F25) -> 0 | H25: 0 | I25: =H25*$I$35 -> 0 | J25: =H25*$J$35 -> 0 | K25: =SUM(I25:J25) -> 0
B26: Section 13 | C26: Backhaul service | D26: 0 | E26: =$D26*E$35 -> 0 | F26: =$D26*F$35 -> 0 | G26: =SUM(E26:F26) -> 0 | H26: 0 | I26: =H26*$I$35 -> 0 | J26: =H26*$J$35 -> 0 | K26: =SUM(I26:J26) -> 0
B27: Section 13 | C27: Interruptible or as available transportation service | D27: 0 | E27: =$D27*E$35 -> 0 | F27: =$D27*F$35 -> 0 | G27: =SUM(E27:F27) -> 0 | H27: 0 | I27: =H27*$I$35 -> 0 | J27: =H27*$J$35 -> 0 | K27: =SUM(I27:J27) -> 0
B28: Section 13 | C28: Firm stand-alone compression service | D28: 0 | E28: =$D28*E$35 -> 0 | F28: =$D28*F$35 -> 0 | G28: =SUM(E28:F28) -> 0 | H28: 0 | I28: =H28*$I$35 -> 0 | J28: =H28*$J$35 -> 0 | K28: =SUM(I28:J28) -> 0
B29: Section 13 | C29: Interruptible or as available stand-alone compression service | D29: 0 | E29: =$D29*E$35 -> 0 | F29: =$D29*F$35 -> 0 | G29: =SUM(E29:F29) -> 0 | H29: 0 | I29: =H29*$I$35 -> 0 | J29: =H29*$J$35 -> 0 | K29: =SUM(I29:J29) -> 0
B30: Section 13 | C30: Park service | D30: 0 | E30: =$D30*E$35 -> 0 | F30: =$D30*F$35 -> 0 | G30: =SUM(E30:F30) -> 0 | H30: 0 | I30: =H30*$I$35 -> 0 | J30: =H30*$J$35 -> 0 | K30: =SUM(I30:J30) -> 0
B31: Section 13 | C31: Park and loan services | D31: 0 | E31: =$D31*E$35 -> 0 | F31: =$D31*F$35 -> 0 | G31: =SUM(E31:F31) -> 0 | H31: 0 | I31: =H31*$I$35 -> 0 | J31: =H31*$J$35 -> 0 | K31: =SUM(I31:J31) -> 0
B32: Section 13 | C32: Capacity trading service | D32: 0 | E32: =$D32*E$35 -> 0 | F32: =$D32*F$35 -> 0 | G32: =SUM(E32:F32) -> 0 | H32: 0 | I32: =H32*$I$35 -> 0 | J32: =H32*$J$35 -> 0 | K32: =SUM(I32:J32) -> 0
B33: Section 13 | C33: In pipe trading service | D33: 0 | E33: =$D33*E$35 -> 0 | F33: =$D33*F$35 -> 0 | G33: =SUM(E33:F33) -> 0 | H33: 0 | I33: =H33*$I$35 -> 0 | J33: =H33*$J$35 -> 0 | K33: =SUM(I33:J33) -> 0
B34: Section 13 | C34: Other | D34: 0 | E34: =$D34*E$35 -> 0 | F34: =$D34*F$35 -> 0 | G34: =SUM(E34:F34) -> 0 | H34: 0 | I34: =H34*$I$35 -> 0 | J34: =H34*$J$35 -> 0 | K34: =SUM(I34:J34) -> 0
C35: Total capital contributions | D35: =SUM(D25:D34) -> 0 | E35: ='2.1 Profit & Loss by component'!D14+'2.1 Profit & Loss by component'!D15 -> 0 | F35: ='2.1 Profit & Loss by component'!E14+'2.1 Profit & Loss by component'!E15 -> 0 | G35: =SUM(G25:G34) -> 0 | H35: =SUM(H25:H34) -> 0 | I35: ='2.1 Profit & Loss by component'!G14+'2.1 Profit & Loss by component'!G15 -> 0 | J35: ='2.1 Profit & Loss by component'!H14 -> 0 | K35: =SUM(K25:K34) -> 0
C36: Indirect revenue allocated
B37: Section 13 | C37: Firm forward haul transportation service | D37: 0 | E37: =$D37*'2.4 Indirect revenue'!$G$42 -> 0 | F37: =$D37*'2.4 Indirect revenue'!$H$42 -> 0 | G37: =SUM(E37:F37) -> 0 | H37: 0 | I37: =H37*$I$47 -> 0 | J37: =H37*$J$47 -> 0 | K37: =SUM(I37:J37) -> 0
B38: Section 13 | C38: Backhaul service | D38: 0 | E38: =$D38*'2.4 Indirect revenue'!$G$42 -> 0 | F38: =$D38*'2.4 Indirect revenue'!$H$42 -> 0 | G38: =SUM(E38:F38) -> 0 | H38: 0 | I38: =H38*$I$47 -> 0 | J38: =H38*$J$47 -> 0 | K38: =SUM(I38:J38) -> 0
B39: Section 13 | C39: Interruptible or as available transportation service | D39: 0 | E39: =$D39*'2.4 Indirect revenue'!$G$42 -> 0 | F39: =$D39*'2.4 Indirect revenue'!$H$42 -> 0 | G39: =SUM(E39:F39) -> 0 | H39: 0 | I39: =H39*$I$47 -> 0 | J39: =H39*$J$47 -> 0 | K39: =SUM(I39:J39) -> 0
B40: Section 13 | C40: Firm stand-alone compression service | D40: 0 | E40: =$D40*'2.4 Indirect revenue'!$G$42 -> 0 | F40: =$D40*'2.4 Indirect revenue'!$H$42 -> 0 | G40: =SUM(E40:F40) -> 0 | H40: 0 | I40: =H40*$I$47 -> 0 | J40: =H40*$J$47 -> 0 | K40: =SUM(I40:J40) -> 0
B41: Section 13 | C41: Interruptible or as available stand-alone compression service | D41: 0 | E41: =$D41*'2.4 Indirect revenue'!$G$42 -> 0 | F41: =$D41*'2.4 Indirect revenue'!$H$42 -> 0 | G41: =SUM(E41:F41) -> 0 | H41: 0 | I41: =H41*$I$47 -> 0 | J41: =H41*$J$47 -> 0 | K41: =SUM(I41:J41) -> 0
B42: Section 13 | C42: Park service | D42: 0 | E42: =$D42*'2.4 Indirect revenue'!$G$42 -> 0 | F42: =$D42*'2.4 Indirect revenue'!$H$42 -> 0 | G42: =SUM(E42:F42) -> 0 | H42: 0 | I42: =H42*$I$47 -> 0 | J42: =H42*$J$47 -> 0 | K42: =SUM(I42:J42) -> 0
B43: Section 13 | C43: Park and loan services | D43: 0 | E43: =$D43*'2.4 Indirect revenue'!$G$42 -> 0 | F43: =$D43*'2.4 Indirect revenue'!$H$42 -> 0 | G43: =SUM(E43:F43) -> 0 | H43: 0 | I43: =H43*$I$47 -> 0 | J43: =H43*$J$47 -> 0 | K43: =SUM(I43:J43) -> 0
B44: Section 13 | C44: Capacity trading service | D44: 0 | E44: =$D44*'2.4 Indirect revenue'!$G$42 -> 0 | F44: =$D44*'2.4 Indirect revenue'!$H$42 -> 0 | G44: =SUM(E44:F44) -> 0 | H44: 0 | I44: =H44*$I$47 -> 0 | J44: =H44*$J$47 -> 0 | K44: =SUM(I44:J44) -> 0
B45: Section 13 | C45: In pipe trading service | D45: 0 | E45: =$D45*'2.4 Indirect revenue'!$G$42 -> 0 | F45: =$D45*'2.4 Indirect revenue'!$H$42 -> 0 | G45: =SUM(E45:F45) -> 0 | H45: 0 | I45: =H45*$I$47 -> 0 | J45: =H45*$J$47 -> 0 | K45: =SUM(I45:J45) -> 0
B46: Section 13 | C46: Other | D46: 0 | E46: =$D46*'2.4 Indirect revenue'!$G$42 -> 0 | F46: =$D46*'2.4 Indirect revenue'!$H$42 -> 0 | G46: =SUM(E46:F46) -> 0 | H46: 0 | I46: =H46*$I$47 -> 0 | J46: =H46*$J$47 -> 0 | K46: =SUM(I46:J46) -> 0
C47: Total indirect revenue | D47: =SUM(D37:D46) -> 0 | E47: ='2.1 Profit & Loss by component'!D21 -> 0 | F47: ='2.1 Profit & Loss by component'!E21 -> 0 | G47: =SUM(G37:G46) -> 0 | H47: =SUM(H37:H46) -> 0 | I47: ='2.1 Profit & Loss by component'!G21 -> 0 | J47: ='2.1 Profit & Loss by component'!H21 -> 0 | K47: =SUM(K37:K46) -> 0
C48: Total revenue | E48: =E47+E35+E23 -> 1.5767204e+08 | F48: =F47+F35+F23 -> 0 | G48: =G47+G35+G23 -> 1.5767204e+08 | I48: =I47+I35+I23 -> 1.5748062e+08 | J48: =J47+J35+J23 -> 0 | K48: =K47+K35+K23 -> 1.5748062e+08
B50: Table 2.2.2: Expenses by service
D52: Reporting period | H52: Previous reporting period
B53: Basis of Preparation ID | C53: Description | D53: Allocation to pipeline service | E53: Amounts excluding related party transactions | F53: Related party transactions | G53: Total | H53: Allocation to pipeline service | I53: Amounts excluding related party transactions | J53: Related party transactions | K53: Total
D54: % | E54: $ nominal | F54: $ nominal | G54: $ nominal | H54: % | I54: $ nominal | J54: $ nominal | K54: $ nominal
C55: Direct expenses (excl. depreciation)
B56: Section 13 | C56: Firm forward haul transportation service | D56: 0.91129984 | E56: =D56*$E$66 -> 30986000 | F56: =D56*$F$66 -> 0 | G56: =SUM(E56:F56) -> 30986000 | H56: 0.90115813 | I56: =H56*$I$66 -> 1.8776408e+08 | J56: =H56*$J$66 -> 0 | K56: =SUM(I56:J56) -> 1.8776408e+08
B57: Section 13 | C57: Backhaul service | D57: 0 | E57: =D57*$E$66 -> 0 | F57: =D57*$F$66 -> 0 | G57: =SUM(E57:F57) -> 0 | H57: 0 | I57: =H57*$I$66 -> 0 | J57: =H57*$J$66 -> 0 | K57: =SUM(I57:J57) -> 0
B58: Section 13 | C58: Interruptible or as available transportation service | D58: 0.0038216291 | E58: =D58*$E$66 -> 129942.96 | F58: =D58*$F$66 -> 0 | G58: =SUM(E58:F58) -> 129942.96 | H58: 0.0034352645 | I58: =H58*$I$66 -> 715767.02 | J58: =H58*$J$66 -> 0 | K58: =SUM(I58:J58) -> 715767.02
B59: Section 13 | C59: Firm stand-alone compression service | D59: 0 | E59: =D59*$E$66 -> 0 | F59: =D59*$F$66 -> 0 | G59: =SUM(E59:F59) -> 0 | H59: 0 | I59: =H59*$I$66 -> 0 | J59: =H59*$J$66 -> 0 | K59: =SUM(I59:J59) -> 0
B60: Section 13 | C60: Interruptible or as available stand-alone compression service | D60: 0 | E60: =D60*$E$66 -> 0 | F60: =D60*$F$66 -> 0 | G60: =SUM(E60:F60) -> 0 | H60: 0 | I60: =H60*$I$66 -> 0 | J60: =H60*$J$66 -> 0 | K60: =SUM(I60:J60) -> 0
B61: Section 13 | C61: Park service | D61: 0.059237155 | E61: =D61*$E$66 -> 2014180.7 | F61: =D61*$F$66 -> 0 | G61: =SUM(E61:F61) -> 2014180.7 | H61: 0.062033666 | I61: =H61*$I$66 -> 12925250 | J61: =H61*$J$66 -> 0 | K61: =SUM(I61:J61) -> 12925250
B62: Section 13 | C62: Park and loan services | D62: 0.0067243167 | E62: =D62*$E$66 -> 228640.09 | F62: =D62*$F$66 -> 0 | G62: =SUM(E62:F62) -> 228640.09 | H62: 0.0094131879 | I62: =H62*$I$66 -> 1961319 | J62: =H62*$J$66 -> 0 | K62: =SUM(I62:J62) -> 1961319
B63: Section 13 | C63: Capacity trading service | D63: 0.00076315624 | E63: =D63*$E$66 -> 25948.824 | F63: =D63*$F$66 -> 0 | G63: =SUM(E63:F63) -> 25948.824 | H63: 0.00080819652 | I63: =H63*$I$66 -> 168394.72 | J63: =H63*$J$66 -> 0 | K63: =SUM(I63:J63) -> 168394.72
B64: Section 13 | C64: In pipe trading service | D64: 0.0008922785 | E64: =D64*$E$66 -> 30339.237 | F64: =D64*$F$66 -> 0 | G64: =SUM(E64:F64) -> 30339.237 | H64: 0.00089392858 | I64: =H64*$I$66 -> 186257.74 | J64: =H64*$J$66 -> 0 | K64: =SUM(I64:J64) -> 186257.74
B65: Section 13 | C65: Other | D65: 0.017261626 | E65: =D65*$E$66 -> 586929.51 | F65: =D65*$F$66 -> 0 | G65: =SUM(E65:F65) -> 586929.51 | H65: 0.022257629 | I65: =H65*$I$66 -> 4637569.3 | J65: =H65*$J$66 -> 0 | K65: =SUM(I65:J65) -> 4637569.3
C66: Total direct expenses (excl. depreciation) | D66: =SUM(D56:D65) -> 1 | E66: ='2.1 Profit & Loss by component'!D32-'2.1 Profit & Loss by component'!D26 -> 34001982 | F66: ='2.1 Profit & Loss by component'!E32-'2.1 Profit & Loss by component'!E26 -> 0 | G66: =SUM(G56:G65) -> 34001982 | H66: =SUM(H56:H65) -> 1 | I66: ='2.1 Profit & Loss by component'!G32-'2.1 Profit & Loss by component'!G26 -> 2.0835864e+08 | J66: ='2.1 Profit & Loss by component'!H32-'2.1 Profit & Loss by component'!H26 -> 0 | K66: =SUM(K56:K65) -> 2.0835864e+08
C67: Depreciation
B68: Section 13 | C68: Firm forward haul transportation service | D68: 0.91129984 | E68: =D68*$E$78 -> 37954368 | F68: =D68*$F$78 -> 0 | G68: =SUM(E68:F68) -> 37954368 | H68: 0.90115813 | I68: =H68*$I$78 -> 26730883 | J68: =H68*$J$78 -> 0 | K68: =SUM(I68:J68) -> 26730883
B69: Section 13 | C69: Backhaul service | D69: 0 | E69: =D69*$E$78 -> 0 | F69: =D69*$F$78 -> 0 | G69: =SUM(E69:F69) -> 0 | H69: 0 | I69: =H69*$I$78 -> 0 | J69: =H69*$J$78 -> 0 | K69: =SUM(I69:J69) -> 0
B70: Section 13 | C70: Interruptible or as available transportation service | D70: 0.0038216291 | E70: =D70*$E$78 -> 159165.53 | F70: =D70*$F$78 -> 0 | G70: =SUM(E70:F70) -> 159165.53 | H70: 0.0034352645 | I70: =H70*$I$78 -> 101899.6 | J70: =H70*$J$78 -> 0 | K70: =SUM(I70:J70) -> 101899.6
B71: Section 13 | C71: Firm stand-alone compression service | D71: 0 | E71: =D71*$E$78 -> 0 | F71: =D71*$F$78 -> 0 | G71: =SUM(E71:F71) -> 0 | H71: 0 | I71: =H71*$I$78 -> 0 | J71: =H71*$J$78 -> 0 | K71: =SUM(I71:J71) -> 0
B72: Section 13 | C72: Interruptible or as available stand-alone compression service | D72: 0 | E72: =D72*$E$78 -> 0 | F72: =D72*$F$78 -> 0 | G72: =SUM(E72:F72) -> 0 | H72: 0 | I72: =H72*$I$78 -> 0 | J72: =H72*$J$78 -> 0 | K72: =SUM(I72:J72) -> 0
B73: Section 13 | C73: Park service | D73: 0.059237155 | E73: =D73*$E$78 -> 2467144.9 | F73: =D73*$F$78 -> 0 | G73: =SUM(E73:F73) -> 2467144.9 | H73: 0.062033666 | I73: =H73*$I$78 -> 1840092.9 | J73: =H73*$J$78 -> 0 | K73: =SUM(I73:J73) -> 1840092.9
B74: Section 13 | C74: Park and loan services | D74: 0.0067243167 | E74: =D74*$E$78 -> 280058.42 | F74: =D74*$F$78 -> 0 | G74: =SUM(E74:F74) -> 280058.42 | H74: 0.0094131879 | I74: =H74*$I$78 -> 279221.62 | J74: =H74*$J$78 -> 0 | K74: =SUM(I74:J74) -> 279221.62
B75: Section 13 | C75: Capacity trading service | D75: 0.00076315624 | E75: =D75*$E$78 -> 31784.393 | F75: =D75*$F$78 -> 0 | G75: =SUM(E75:F75) -> 31784.393 | H75: 0.00080819652 | I75: =H75*$I$78 -> 23973.381 | J75: =H75*$J$78 -> 0 | K75: =SUM(I75:J75) -> 23973.381
B76: Section 13 | C76: In pipe trading service | D76: 0.0008922785 | E76: =D76*$E$78 -> 37162.156 | F76: =D76*$F$78 -> 0 | G76: =SUM(E76:F76) -> 37162.156 | H76: 0.00089392858 | I76: =H76*$I$78 -> 26516.435 | J76: =H76*$J$78 -> 0 | K76: =SUM(I76:J76) -> 26516.435
B77: Section 13 | C77: Other | D77: 0.017261626 | E77: =D77*$E$78 -> 718922.68 | F77: =D77*$F$78 -> 0 | G77: =SUM(E77:F77) -> 718922.68 | H77: 0.022257629 | I77: =H77*$I$78 -> 660223.86 | J77: =H77*$J$78 -> 0 | K77: =SUM(I77:J77) -> 660223.86
C78: Total depreciation | D78: =SUM(D68:D77) -> 1 | E78: ='2.1 Profit & Loss by component'!D26+'2.1 Profit & Loss by component'!D37 -> 41648606 | F78: ='2.1 Profit & Loss by component'!E26+'2.1 Profit & Loss by component'!E37 -> 0 | G78: =SUM(G68:G77) -> 41648606 | H78: =SUM(H68:H77) -> 1 | I78: ='2.1 Profit & Loss by component'!G26+'2.1 Profit & Loss by component'!G37 -> 29662811 | J78: ='2.1 Profit & Loss by component'!H26+'2.1 Profit & Loss by component'!H37 -> 0 | K78: =SUM(K68:K77) -> 29662811
C79: Shared expenses allocated (excl. depreciation)
B80: Section 13 | C80: Firm forward haul transportation service | D80: 0.91129984 | E80: =D80*$E$90 -> 15358937 | F80: =D80*$F$90 -> 0 | G80: =SUM(E80:F80) -> 15358937 | H80: 0.90115813 | I80: =H80*$I$90 -> 17436991 | J80: =H80*$J$90 -> 0 | K80: =SUM(I80:J80) -> 17436991
B81: Section 13 | C81: Backhaul service | D81: 0 | E81: =D81*$E$90 -> 0 | F81: =D81*$F$90 -> 0 | G81: =SUM(E81:F81) -> 0 | H81: 0 | I81: =H81*$I$90 -> 0 | J81: =H81*$J$90 -> 0 | K81: =SUM(I81:J81) -> 0
B82: Section 13 | C82: Interruptible or as available transportation service | D82: 0.0038216291 | E82: =D82*$E$90 -> 64409.276 | F82: =D82*$F$90 -> 0 | G82: =SUM(E82:F82) -> 64409.276 | H82: 0.0034352645 | I82: =H82*$I$90 -> 66470.771 | J82: =H82*$J$90 -> 0 | K82: =SUM(I82:J82) -> 66470.771
B83: Section 13 | C83: Firm stand-alone compression service | D83: 0 | E83: =D83*$E$90 -> 0 | F83: =D83*$F$90 -> 0 | G83: =SUM(E83:F83) -> 0 | H83: 0 | I83: =H83*$I$90 -> 0 | J83: =H83*$J$90 -> 0 | K83: =SUM(I83:J83) -> 0
B84: Section 13 | C84: Interruptible or as available stand-alone compression service | D84: 0 | E84: =D84*$E$90 -> 0 | F84: =D84*$F$90 -> 0 | G84: =SUM(E84:F84) -> 0 | H84: 0 | I84: =H84*$I$90 -> 0 | J84: =H84*$J$90 -> 0 | K84: =SUM(I84:J84) -> 0
B85: Section 13 | C85: Park service | D85: 0.059237155 | E85: =D85*$E$90 -> 998375.87 | F85: =D85*$F$90 -> 0 | G85: =SUM(E85:F85) -> 998375.87 | H85: 0.062033666 | I85: =H85*$I$90 -> 1200322.6 | J85: =H85*$J$90 -> 0 | K85: =SUM(I85:J85) -> 1200322.6
B86: Section 13 | C86: Park and loan services | D86: 0.0067243167 | E86: =D86*$E$90 -> 113330.82 | F86: =D86*$F$90 -> 0 | G86: =SUM(E86:F86) -> 113330.82 | H86: 0.0094131879 | I86: =H86*$I$90 -> 182140.81 | J86: =H86*$J$90 -> 0 | K86: =SUM(I86:J86) -> 182140.81
B87: Section 13 | C87: Capacity trading service | D87: 0.00076315624 | E87: =D87*$E$90 -> 12862.143 | F87: =D87*$F$90 -> 0 | G87: =SUM(E87:F87) -> 12862.143 | H87: 0.00080819652 | I87: =H87*$I$90 -> 15638.227 | J87: =H87*$J$90 -> 0 | K87: =SUM(I87:J87) -> 15638.227
B88: Section 13 | C88: In pipe trading service | D88: 0.0008922785 | E88: =D88*$E$90 -> 15038.354 | F88: =D88*$F$90 -> 0 | G88: =SUM(E88:F88) -> 15038.354 | H88: 0.00089392858 | I88: =H88*$I$90 -> 17297.103 | J88: =H88*$J$90 -> 0 | K88: =SUM(I88:J88) -> 17297.103
B89: Section 13 | C89: Other | D89: 0.017261626 | E89: =D89*$E$90 -> 290925.37 | F89: =D89*$F$90 -> 0 | G89: =SUM(E89:F89) -> 290925.37 | H89: 0.022257629 | I89: =H89*$I$90 -> 430674.78 | J89: =H89*$J$90 -> 0 | K89: =SUM(I89:J89) -> 430674.78
C90: Total shared expenses (excl. depreciation) | D90: =SUM(D80:D89) -> 1 | E90: ='2.1 Profit & Loss by component'!D43-'2.1 Profit & Loss by component'!D37 -> 16853879 | F90: ='2.1 Profit & Loss by component'!E43-'2.1 Profit & Loss by component'!E37 -> 0 | G90: =SUM(G80:G89) -> 16853879 | H90: =SUM(H80:H89) -> 1 | I90: ='2.1 Profit & Loss by component'!G43-'2.1 Profit & Loss by component'!G37 -> 19349535 | J90: ='2.1 Profit & Loss by component'!H43-'2.1 Profit & Loss by component'!H37 -> 0 | K90: =SUM(K80:K89) -> 19349535
C91: Total expenses | E91: =E90+E78+E66 -> 92504467 | F91: =F90+F78+F66 -> 0 | G91: =G90+G78+G66 -> 92504467 | I91: =I90+I78+I66 -> 2.5737098e+08 | J91: =J90+J78+J66 -> 0 | K91: =K90+K78+K66 -> 2.5737098e+08

Sheet 2.3 Revenue contributions 
B1: Part 10 Financial Reporting
B2: =IF(Tradingname=0," ",Tradingname) -> EAST AUSTRALIAN PIPELINE PTY LIMITED
B3: Year ending | C3: =IF(Yearending=0, "01/01/2000", Yearending) -> 45838
B4: Revenue contributions
B7: Table 2.3.1: Customer contributions received
B9: Description | C9: Amounts excluding related party transactions | D9: Related party transactions | E9: Total
C10: $ nominal | D10: $ nominal | E10: $ nominal
E11: =SUM(C11:D11) -> 0
E12: =SUM(C12:D12) -> 0
E13: =SUM(C13:D13) -> 0
E14: =SUM(C14:D14) -> 0
E15: =SUM(C15:D15) -> 0
E16: =SUM(C16:D16) -> 0
B17: Total | C17: =SUM(C11:C16) -> 0 | D17: =SUM(D11:D16) -> 0 | E17: =SUM(C17:D17) -> 0
B19: Table 2.3.2: Government contributions received
B21: Source | C21: Description | D21: Total
D22: $ nominal
B29: Total | D29: =SUM(D23:D28) -> 0

Sheet 2.4 Indirect revenue
B1: Part 10 Financial Reporting
B2: =IF(Tradingname=0," ",Tradingname) -> EAST AUSTRALIAN PIPELINE PTY LIMITED
B3: Year ending | C3: =IF(Yearending=0, "01/01/2000", Yearending) -> 45838
B4: Indirect revenue
B6: Please ensure allocation methodologies are explained in sufficient detail in the Basis of Preparation as required under the Guideline.
B11: Table 2.4.1: Indirect revenue allocation
B13: Basis of Preparation ID | C13: Description | D13: Indirect revenue excluding related parties | E13: Indirect revenue from related parties | F13: % allocated to pipeline | G13: Total allocated to pipeline excluding related parties | H13: Total related party amounts allocated to pipeline | I13: Total amounts allocated to pipeline
C14: (list each individual revenue item) | D14: $ nominal | E14: $ nominal | G14: $ nominal | H14: $ nominal | I14: $ nominal
B15: Section 15 | D15: 0 | G15: =D15*F15 -> 0 | H15: =E15*F15 -> 0 | I15: =G15+H15 -> 0
G16: =D16*F16 -> 0 | H16: =E16*F16 -> 0 | I16: =G16+H16 -> 0
G17: =D17*F17 -> 0 | H17: =E17*F17 -> 0 | I17: =G17+H17 -> 0
G18: =D18*F18 -> 0 | H18: =E18*F18 -> 0 | I18: =G18+H18 -> 0
G19: =D19*F19 -> 0 | H19: =E19*F19 -> 0 | I19: =G19+H19 -> 0
G20: =D20*F20 -> 0 | H20: =E20*F20 -> 0 | I20: =G20+H20 -> 0
G21: =D21*F21 -> 0 | H21: =E21*F21 -> 0 | I21: =G21+H21 -> 0
G22: =D22*F22 -> 0 | H22: =E22*F22 -> 0 | I22: =G22+H22 -> 0
G23: =D23*F23 -> 0 | H23: =E23*F23 -> 0 | I23: =G23+H23 -> 0
G24: =D24*F24 -> 0 | H24: =E24*F24 -> 0 | I24: =G24+H24 -> 0
G25: =D25*F25 -> 0 | H25: =E25*F25 -> 0 | I25: =G25+H25 -> 0
G26: =D26*F26 -> 0 | H26: =E26*F26 -> 0 | I26: =G26+H26 -> 0
G27: =D27*F27 -> 0 | H27: =E27*F27 -> 0 | I27: =G27+H27 -> 0
... G41: =D41*F41 -> 0 | H41: =E41*F41 -> 0 | I41: =G41+H41 -> 0
C42: Total | D42: =SUM(D15:D41) -> 0 | E42: =SUM(E15:E41) -> 0 | G42: =SUM(G15:G41) -> 0 | H42: =SUM(H15:H41) -> 0 | I42: =SUM(I15:I41) -> 0

Sheet 2.5 Shared expenses
B1: Part 10 Financial Reporting
B2: =IF(Tradingname=0," ",Tradingname) -> EAST AUSTRALIAN PIPELINE PTY LIMITED
B3: Year ending | C3: =IF(Yearending=0, "01/01/2000", Yearending) -> 45838
B4: Shared expenses
B6: Please ensure allocation methodologies are explained in sufficient detail in the Basis of Preparation as required under the Guideline.
B11: Table 2.5.1: Shared expense allocation
B13: Basis of Preparation ID | C13: Description | D13: Income statement account applied to | E13: Shared expenses excluding related parties | F13: Shared expenses paid to related parties | G13: % allocated to pipeline | H13: Total allocated to pipeline excluding related parties | I13: Total related party amounts allocated to pipeline | J13: Total amounts allocated to pipeline
C14: (list each individual cost) | E14: $ nominal | F14: $ nominal | H14: $ nominal | I14: $ nominal | J14: $ nominal
C15: Employee expenses | H15: =E15*G15 -> 0 | I15: =F15*G15 -> 0 | J15: =H15+I15 -> 0
C16: Information technology and communication costs | H16: =E16*G16 -> 0 | I16: =F16*G16 -> 0 | J16: =H16+I16 -> 0
C17: Indirect operating expenses | H17: =E17*G17 -> 0 | I17: =F17*G17 -> 0 | J17: =H17+I17 -> 0
B18: Section 16 | C18: Shared asset depreciation | E18: 55278031 | G18: 0.082191404 | H18: =E18*G18 -> 4543379 | I18: =F18*G18 -> 0 | J18: =H18+I18 -> 4543379
C19: Rental and leasing costs | H19: =E19*G19 -> 0 | I19: =F19*G19 -> 0 | J19: =H19+I19 -> 0
C20: Borrowing costs | H20: =E20*G20 -> 0 | I20: =F20*G20 -> 0 | J20: =H20+I20 -> 0
C21: Loss from sale of shared fixed assets | H21: =E21*G21 -> 0 | I21: =F21*G21 -> 0 | J21: =H21+I21 -> 0
C22: Impairment losses (nature of the impairment loss) | H22: =E22*G22 -> 0 | I22: =F22*G22 -> 0 | J22: =H22+I22 -> 0
C23: Other shared expenses | E23: =SUM(E24:E35) -> 2.0505647e+08 | F23: =SUM(F24:F35) -> 0 | H23: =SUM(H24:H35) -> 16853879 | I23: =SUM(I24:I35) -> 0 | J23: =H23+I23 -> 16853879
B24: Section 16 | C24: Shared corporate operating expense | E24: 1.9071435e+08 | G24: 0.082191404 | H24: =E24*G24 -> 15675080 | I24: =F24*G24 -> 0 | J24: =H24+I24 -> 15675080
B25: Section 16 | C25: Shared lease asset interest expense | E25: 1942424.7 | G25: 0.082191404 | H25: =E25*G25 -> 159650.61 | I25: =F25*G25 -> 0 | J25: =H25+I25 -> 159650.61
B26: Section 16 | C26: Shared lease asset depreciation | E26: 12399698 | G26: 0.082191404 | H26: =E26*G26 -> 1019148.6 | I26: =F26*G26 -> 0 | J26: =H26+I26 -> 1019148.6
H27: =E27*G27 -> 0 | I27: =F27*G27 -> 0 | J27: =H27+I27 -> 0
H28: =E28*G28 -> 0 | I28: =F28*G28 -> 0 | J28: =H28+I28 -> 0
H29: =E29*G29 -> 0 | I29: =F29*G29 -> 0 | J29: =H29+I29 -> 0
H30: =E30*G30 -> 0 | I30: =F30*G30 -> 0 | J30: =H30+I30 -> 0
H31: =E31*G31 -> 0 | I31: =F31*G31 -> 0 | J31: =H31+I31 -> 0
H32: =E32*G32 -> 0 | I32: =F32*G32 -> 0 | J32: =H32+I32 -> 0
H33: =E33*G33 -> 0 | I33: =F33*G33 -> 0 | J33: =H33+I33 -> 0
H34: =E34*G34 -> 0 | I34: =F34*G34 -> 0 | J34: =H34+I34 -> 0
H35: =E35*G35 -> 0 | I35: =F35*G35 -> 0 | J35: =H35+I35 -> 0
C36: Total | E36: =SUM(E15:E23) -> 2.603345e+08 | F36: =SUM(F15:F23) -> 0 | H36: =SUM(H15:H23) -> 21397258 | I36: =SUM(I15:I23) -> 0 | J36: =SUM(J15:J23) -> 21397258

Sheet 3.1 Depreciated Book Value
B1: Part 10 Financial Reporting
B2: =IF(Tradingname=0," ",Tradingname) -> EAST AUSTRALIAN PIPELINE PTY LIMITED
B3: Year ending | C3: =IF(Yearending=0, "01/01/2000", Yearending) -> 45838
B4: Asset value - Depreciated Book Value Method (DBVM) (For Non-scheme pipeline only)
B6: This template is for a non-indexed asset value based on the Australian Accounting Standards, featuring allowances for acquisition costs and asset impairments, for non-scheme pipelines.
B13: Table 3.1.1: Pipeline assets (DBVM)
B15: Basis of Preparation ID | C15: Description | D15: Reporting period | E15: Previous reporting period
C16: Pipeline assets
C17: Pipelines
B18: Section 17 | C18: Opening Cost Base | D18: =IF(Cover!C23="Scheme pipeline","-",SUMIF('3.5 Depreciation amortisation'!$D$15:$D$58,'3.1 Depreciated Book Value'!C17,'3.5 Depreciation amortisation'!$H$15:$H$58)) -> 1.3863827e+09 | E18: 1.3427442e+09
B19: Section 17 | C19: Additions | D19: =IF(Cover!C23="Scheme pipeline","-",SUMIF('3.5 Depreciation amortisation'!$D$15:$D$58,'3.1 Depreciated Book Value'!C17,'3.5 Depreciation amortisation'!$I$15:$I$58)) -> 23660640 | E19: 43638517
B20: Section 17 | C20: Capitalised maintenance or improvements | D20: =IF(Cover!C23="Scheme pipeline","-",SUMIF('3.5 Depreciation amortisation'!$D$15:$D$58,'3.1 Depreciated Book Value'!C17,'3.5 Depreciation amortisation'!$J$15:$J$58)) -> 2635301.8 | E20: 0
C21: Total capitalised pipeline construction costs | D21: =IF(Cover!C23="Scheme pipeline","-",SUM(D18:D20)) -> 1.4126787e+09 | E21: =SUM(E18:E20) -> 1.3863827e+09
B22: Section 17 | C22: Depreciation (excl. impairment) | D22: =IF(Cover!C23="Scheme pipeline","-",-ABS(SUMIF('3.5 Depreciation amortisation'!$D$15:$D$58,'3.1 Depreciated Book Value'!C17,'3.5 Depreciation amortisation'!$O$15:$O$58)+SUMIF('3.5 Depreciation amortisation'!$D$15:$D$58,'3.1 Depreciated Book Value'!C17,'3.5 Depreciation amortisation'!$P$15:$P$58))-D23) -> -5.7333849e+08 | E22: -5.5801834e+08
B23: Section 17 | C23: Impairment losses | D23: =IF(Cover!C23="Scheme pipeline","-",-ABS(SUMIF('3.4 Asset impairment'!$C$10:$C$24,'3.1 Depreciated Book Value'!C17,'3.4 Asset impairment'!$D$10:$D$24))+SUMIF('3.4 Asset impairment'!$C$30:$C$56,'3.1 Depreciated Book Value'!C17,'3.4 Asset impairment'!$G$30:$G$56)) -> -4.7565394e+08 | E23: -4.7565394e+08
B24: Section 17 | C24: Disposals or early termination (at cost) | D24: =IF(Cover!C23="Scheme pipeline","-",SUMIF('3.5 Depreciation amortisation'!$D$15:$D$58,'3.1 Depreciated Book Value'!C17,'3.5 Depreciation amortisation'!$K$15:$K$58)) -> 0 | E24: 0
C25: Closing pipelines carrying value | D25: =IF(Cover!C23="Scheme pipeline","-",SUM(D21:D24)) -> 3.6368624e+08 | E25: =SUM(E21:E24) -> 3.5271044e+08
C26: Compressors
B27: Section 17 | C27: Opening Cost Base | D27: =IF(Cover!C23="Scheme pipeline","-",SUMIF('3.5 Depreciation amortisation'!$D$15:$D$58,'3.1 Depreciated Book Value'!C26,'3.5 Depreciation amortisation'!$H$15:$H$58)) -> 3.0762542e+08 | E27: 2.0974929e+08
B28: Section 17 | C28: Additions | D28: =IF(Cover!C23="Scheme pipeline","-",SUMIF('3.5 Depreciation amortisation'!$D$15:$D$58,'3.1 Depreciated Book Value'!C26,'3.5 Depreciation amortisation'!$I$15:$I$58)) -> 1619348.7 | E28: 97876124
B29: Section 17 | C29: Capitalised maintenance or improvements | D29: =IF(Cover!C23="Scheme pipeline","-",SUMIF('3.5 Depreciation amortisation'!$D$15:$D$58,'3.1 Depreciated Book Value'!C26,'3.5 Depreciation amortisation'!$J$15:$J$58)) -> 0 | E29: 0
B30: Section 17 | C30: Depreciation (excl. impairment) | D30: =IF(Cover!C23="Scheme pipeline","-",-ABS(SUMIF('3.5 Depreciation amortisation'!$D$15:$D$58,'3.1 Depreciated Book Value'!C26,'3.5 Depreciation amortisation'!$O$15:$O$58)+SUMIF('3.5 Depreciation amortisation'!$D$15:$D$58,'3.1 Depreciated Book Value'!C26,'3.5 Depreciation amortisation'!$P$15:$P$58))-D31) -> -93933725 | E30: -79337259
B31: Section 17 | C31: Impairment losses | D31: =IF(Cover!C23="Scheme pipeline","-",-ABS(SUMIF('3.4 Asset impairment'!$C$10:$C$24,'3.1 Depreciated Book Value'!C26,'3.4 Asset impairment'!$D$10:$D$24))+SUMIF('3.4 Asset impairment'!$C$30:$C$56,C26,'3.4 Asset impairment'!$G$30:$G$56)) -> 0
B32: Section 17 | C32: Disposals or early termination (at cost) | D32: =IF(Cover!C23="Scheme pipeline","-",SUMIF('3.5 Depreciation amortisation'!$D$15:$D$58,'3.1 Depreciated Book Value'!C26,'3.5 Depreciation amortisation'!$K$15:$K$58)) -> 0 | E32: 0
C33: Closing compressors carrying value | D33: =IF(Cover!C23="Scheme pipeline","-",SUM(D27:D32)) -> 2.1531104e+08 | E33: =SUM(E27:E32) -> 2.2828816e+08
C34: City Gates, supply regulators and valve stations
B35: Section 17 | C35: Opening Cost Base | D35: =IF(Cover!C23="Scheme pipeline","-",SUMIF('3.5 Depreciation amortisation'!$D$15:$D$58,'3.1 Depreciated Book Value'!C34,'3.5 Depreciation amortisation'!$H$15:$H$58)) -> 30258550 | E35: 27776597
B36: Section 17 | C36: Additions | D36: =IF(Cover!C23="Scheme pipeline","-",SUMIF('3.5 Depreciation amortisation'!$D$15:$D$58,'3.1 Depreciated Book Value'!C34,'3.5 Depreciation amortisation'!$I$15:$I$58)) -> 10105666 | E36: 2481953.4
B37: Section 17 | C37: Capitalised maintenance or improvements | D37: =IF(Cover!C23="Scheme pipeline","-",SUMIF('3.5 Depreciation amortisation'!$D$15:$D$58,'3.1 Depreciated Book Value'!C34,'3.5 Depreciation amortisation'!$J$15:$J$58)) -> 0 | E37: 0
B38: Section 17 | C38: Depreciation (excl. impairment) | D38: =IF(Cover!C23="Scheme pipeline","-",-ABS(SUMIF('3.5 Depreciation amortisation'!$D$15:$D$58,'3.1 Depreciated Book Value'!C34,'3.5 Depreciation amortisation'!$O$15:$O$58)+SUMIF('3.5 Depreciation amortisation'!$D$15:$D$58,'3.1 Depreciated Book Value'!C34,'3.5 Depreciation amortisation'!$P$15:$P$58))-D39) -> -7609012.2 | E38: -5546633.4
B39: Section 17 | C39: Impairment losses | D39: =IF(Cover!C23="Scheme pipeline","-",-ABS(SUMIF('3.4 Asset impairment'!$C$10:$C$24,'3.1 Depreciated Book Value'!C34,'3.4 Asset impairment'!$D$10:$D$24))+SUMIF('3.4 Asset impairment'!$C$30:$C$56,'3.1 Depreciated Book Value'!C34,'3.4 Asset impairment'!$G$30:$G$56)) -> 0
B40: Section 17 | C40: Disposals or early termination (at cost) | D40: =IF(Cover!C23="Scheme pipeline","-",SUMIF('3.5 Depreciation amortisation'!$D$15:$D$58,'3.1 Depreciated Book Value'!C34,'3.5 Depreciation amortisation'!$K$15:$K$58)) -> 0 | E40: 0
C41: Closing city gates, supply regulators and valve stations carrying value | D41: =SUM(D35:D40) -> 32755204 | E41: =SUM(E35:E40) -> 24711917
C42: Metering
B43: Section 17 | C43: Opening Cost Base | D43: =IF(Cover!C23="Scheme pipeline","-",SUMIF('3.5 Depreciation amortisation'!$D$15:$D$58,'3.1 Depreciated Book Value'!C42,'3.5 Depreciation amortisation'!$H$15:$H$58)) -> 8476747.8 | E43: 7892152.6
B44: Section 17 | C44: Additions | D44: =IF(Cover!C23="Scheme pipeline","-",SUMIF('3.5 Depreciation amortisation'!$D$15:$D$58,'3.1 Depreciated Book Value'!C42,'3.5 Depreciation amortisation'!$I$15:$I$58)) -> 6716244.5 | E44: 584595.2
B45: Section 17 | C45: Capitalised maintenance or improvements | D45: =IF(Cover!C23="Scheme pipeline","-",SUMIF('3.5 Depreciation amortisation'!$D$15:$D$58,'3.1 Depreciated Book Value'!C42,'3.5 Depreciation amortisation'!$J$15:$J$58)) -> 0 | E45: 0
B46: Section 17 | C46: Depreciation (excl. impairment) | D46: =IF(Cover!C23="Scheme pipeline","-",-ABS(SUMIF('3.5 Depreciation amortisation'!$D$15:$D$58,'3.1 Depreciated Book Value'!C42,'3.5 Depreciation amortisation'!$O$15:$O$58)+SUMIF('3.5 Depreciation amortisation'!$D$15:$D$58,'3.1 Depreciated Book Value'!C42,'3.5 Depreciation amortisation'!$P$15:$P$58))-D47) -> -3302669 | E46: -2885006.6
B47: Section 17 | C47: Impairment losses | D47: =IF(Cover!C23="Scheme pipeline","-",-ABS(SUMIF('3.4 Asset impairment'!$C$10:$C$24,'3.1 Depreciated Book Value'!C42,'3.4 Asset impairment'!$D$10:$D$24))+SUMIF('3.4 Asset impairment'!$C$30:$C$56,'3.1 Depreciated Book Value'!C42,'3.4 Asset impairment'!$G$30:$G$56)) -> 0
B48: Section 17 | C48: Disposals or early termination (at cost) | D48: =IF(Cover!C23="Scheme pipeline","-",SUMIF('3.5 Depreciation amortisation'!$D$15:$D$58,'3.1 Depreciated Book Value'!C42,'3.5 Depreciation amortisation'!$K$15:$K$58)) -> 0 | E48: 0
C49: Closing metering carrying value | D49: =SUM(D43:D48) -> 11890323 | E49: =SUM(E43:E48) -> 5591741.3
C50: Odorant plants
B51: Section 17 | C51: Opening Cost Base | D51: =IF(Cover!C23="Scheme pipeline","-",SUMIF('3.5 Depreciation amortisation'!$D$15:$D$58,'3.1 Depreciated Book Value'!C50,'3.5 Depreciation amortisation'!$H$15:$H$58)) -> 906504.53 | E51: 906504.53
B52: Section 17 | C52: Additions | D52: =IF(Cover!C23="Scheme pipeline","-",SUMIF('3.5 Depreciation amortisation'!$D$15:$D$58,'3.1 Depreciated Book Value'!C50,'3.5 Depreciation amortisation'!$I$15:$I$58)) -> 2727179.3 | E52: 0
B53: Section 17 | C53: Capitalised maintenance or improvements | D53: =IF(Cover!C23="Scheme pipeline","-",SUMIF('3.5 Depreciation amortisation'!$D$15:$D$58,'3.1 Depreciated Book Value'!C50,'3.5 Depreciation amortisation'!$J$15:$J$58)) -> 0 | E53: 0
B54: Section 17 | C54: Depreciation (excl. impairment) | D54: =IF(Cover!C23="Scheme pipeline","-",-ABS(SUMIF('3.5 Depreciation amortisation'!$D$15:$D$58,'3.1 Depreciated Book Value'!C50,'3.5 Depreciation amortisation'!$O$15:$O$58)+SUMIF('3.5 Depreciation amortisation'!$D$15:$D$58,'3.1 Depreciated Book Value'!C50,'3.5 Depreciation amortisation'!$P$15:$P$58))-D55) -> -512428.82 | E54: -456301.55
B55: Section 17 | C55: Impairment losses | D55: =IF(Cover!C23="Scheme pipeline","-",-ABS(SUMIF('3.4 Asset impairment'!$C$10:$C$24,'3.1 Depreciated Book Value'!C50,'3.4 Asset impairment'!$D$10:$D$24))+SUMIF('3.4 Asset impairment'!$C$30:$C$56,'3.1 Depreciated Book Value'!C50,'3.4 Asset impairment'!$G$30:$G$56)) -> 0
B56: Section 17 | C56: Disposals or early termination (at cost) | D56: =IF(Cover!C23="Scheme pipeline","-",SUMIF('3.5 Depreciation amortisation'!$D$15:$D$58,'3.1 Depreciated Book Value'!C50,'3.5 Depreciation amortisation'!$K$15:$K$58)) -> 0 | E56: 0
C57: Closing odorant plants carrying value | D57: =SUM(D51:D56) -> 3121255 | E57: =SUM(E51:E56) -> 450202.98
C58: SCADA (Communications)
B59: Section 17 | C59: Opening Cost Base | D59: =IF(Cover!C23="Scheme pipeline","-",SUMIF('3.5 Depreciation amortisation'!$D$15:$D$58,'3.1 Depreciated Book Value'!C58,'3.5 Depreciation amortisation'!$H$15:$H$58)) -> 6113254.8 | E59: 5680354.6
B60: Section 17 | C60: Additions | D60: =IF(Cover!C23="Scheme pipeline","-",SUMIF('3.5 Depreciation amortisation'!$D$15:$D$58,'3.1 Depreciated Book Value'!C58,'3.5 Depreciation amortisation'!$I$15:$I$58)) -> -653147.86 | E60: 432900.15
B61: Section 17 | C61: Capitalised maintenance or improvements | D61: =IF(Cover!C23="Scheme pipeline","-",SUMIF('3.5 Depreciation amortisation'!$D$15:$D$58,'3.1 Depreciated Book Value'!C58,'3.5 Depreciation amortisation'!$J$15:$J$58)) -> 0 | E61: 0
B62: Section 17 | C62: Depreciation (excl. impairment) | D62: =IF(Cover!C23="Scheme pipeline","-",-ABS(SUMIF('3.5 Depreciation amortisation'!$D$15:$D$58,'3.1 Depreciated Book Value'!C58,'3.5 Depreciation amortisation'!$O$15:$O$58)+SUMIF('3.5 Depreciation amortisation'!$D$15:$D$58,'3.1 Depreciated Book Value'!C58,'3.5 Depreciation amortisation'!$P$15:$P$58))-D63) -> -3600004 | E62: -3215848.3
B63: Section 17 | C63: Impairment losses | D63: =IF(Cover!C23="Scheme pipeline","-",-ABS(SUMIF('3.4 Asset impairment'!$C$10:$C$24,'3.1 Depreciated Book Value'!C58,'3.4 Asset impairment'!$D$10:$D$24))+SUMIF('3.4 Asset impairment'!$C$30:$C$56,'3.1 Depreciated Book Value'!C58,'3.4 Asset impairment'!$G$30:$G$56)) -> 0
B64: Section 17 | C64: Disposals or early termination (at cost) | D64: =IF(Cover!C23="Scheme pipeline","-",SUMIF('3.5 Depreciation amortisation'!$D$15:$D$58,'3.1 Depreciated Book Value'!C58,'3.5 Depreciation amortisation'!$K$15:$K$58)) -> 0 | E64: 0
C65: Closing SCADA carrying value | D65: =SUM(D59:D64) -> 1860102.9 | E65: =SUM(E59:E64) -> 2897406.5
C66: Buildings
B67: Section 17 | C67: Opening Cost Base | D67: =IF(Cover!C23="Scheme pipeline","-",SUMIF('3.5 Depreciation amortisation'!$D$15:$D$58,'3.1 Depreciated Book Value'!C66,'3.5 Depreciation amortisation'!$H$15:$H$58)) -> 6508408.8 | E67: 2970347.2
B68: Section 17 | C68: Additions | D68: =IF(Cover!C23="Scheme pipeline","-",SUMIF('3.5 Depreciation amortisation'!$D$15:$D$58,'3.1 Depreciated Book Value'!C66,'3.5 Depreciation amortisation'!$I$15:$I$58)) -> 279519 | E68: 3538061.6
B69: Section 17 | C69: Capitalised maintenance or improvements | D69: =IF(Cover!C23="Scheme pipeline","-",SUMIF('3.5 Depreciation amortisation'!$D$15:$D$58,'3.1 Depreciated Book Value'!C66,'3.5 Depreciation amortisation'!$J$15:$J$58)) -> 0 | E69: 0
B70: Section 17 | C70: Depreciation (excl. impairment) | D70: =IF(Cover!C23="Scheme pipeline","-",-ABS(SUMIF('3.5 Depreciation amortisation'!$D$15:$D$58,'3.1 Depreciated Book Value'!C66,'3.5 Depreciation amortisation'!$O$15:$O$58)+SUMIF('3.5 Depreciation amortisation'!$D$15:$D$58,'3.1 Depreciated Book Value'!C66,'3.5 Depreciation amortisation'!$P$15:$P$58))-D71) -> -1851770.2 | E70: -1644398.5
B71: Section 17 | C71: Impairment losses | D71: =IF(Cover!C23="Scheme pipeline","-",-ABS(SUMIF('3.4 Asset impairment'!$C$10:$C$24,'3.1 Depreciated Book Value'!C66,'3.4 Asset impairment'!$D$10:$D$24))+SUMIF('3.4 Asset impairment'!$C$30:$C$56,'3.1 Depreciated Book Value'!C66,'3.4 Asset impairment'!$G$30:$G$56)) -> 0
B72: Section 17 | C72: Disposals or early termination (at cost) | D72: =IF(Cover!C23="Scheme pipeline","-",SUMIF('3.5 Depreciation amortisation'!$D$15:$D$58,'3.1 Depreciated Book Value'!C66,'3.5 Depreciation amortisation'!$K$15:$K$58)) -> 0 | E72: 0
C73: Closing buildings carrying value | D73: =SUM(D67:D72) -> 4936157.5 | E73: =SUM(E67:E72) -> 4864010.3
C74: Land and easements
B75: Section 17 | C75: Opening Cost Base | D75: =IF(Cover!C23="Scheme pipeline","-",SUMIF('3.5 Depreciation amortisation'!$D$15:$D$58,'3.1 Depreciated Book Value'!C74,'3.5 Depreciation amortisation'!$H$15:$H$58)) -> 1215942.5 | E75: 1215942.5
B76: Section 17 | C76: Additions | D76: =IF(Cover!C23="Scheme pipeline","-",SUMIF('3.5 Depreciation amortisation'!$D$15:$D$58,'3.1 Depreciated Book Value'!C74,'3.5 Depreciation amortisation'!$I$15:$I$58)) -> 6346459 | E76: 0
B77: Section 17 | C77: Capitalised maintenance or improvements | D77: =IF(Cover!C23="Scheme pipeline","-",SUMIF('3.5 Depreciation amortisation'!$D$15:$D$58,'3.1 Depreciated Book Value'!C74,'3.5 Depreciation amortisation'!$J$15:$J$58)) -> 0 | E77: 0
B78: Section 17 | C78: Impairment losses | D78: =IF(Cover!C23="Scheme pipeline","-",-ABS(SUMIF('3.4 Asset impairment'!$C$10:$C$24,'3.1 Depreciated Book Value'!C74,'3.4 Asset impairment'!$D$10:$D$24))+SUMIF('3.4 Asset impairment'!$C$30:$C$56,'3.1 Depreciated Book Value'!C74,'3.4 Asset impairment'!$G$30:$G$56)) -> 0
B79: Section 17 | C79: Disposals or early termination (at cost) | D79: =IF(Cover!C23="Scheme pipeline","-",SUMIF('3.5 Depreciation amortisation'!$D$15:$D$58,'3.1 Depreciated Book Value'!C74,'3.5 Depreciation amortisation'!$K$15:$K$58)) -> 0 | E79: 0
C80: Closing land and easements carrying value | D80: =SUM(D75:D79) -> 7562401.5 | E80: =SUM(E75:E79) -> 1215942.5
C81: Other depreciable pipeline assets
B82: Section 17 | C82: Opening Cost Base | D82: =IF(Cover!C23="Scheme pipeline","-",SUMIF('3.5 Depreciation amortisation'!$D$15:$D$58,'3.1 Depreciated Book Value'!C81,'3.5 Depreciation amortisation'!$H$15:$H$58)) -> 25167198 | E82: 24007173
B83: Section 17 | C83: Additions | D83: =IF(Cover!C23="Scheme pipeline","-",SUMIF('3.5 Depreciation amortisation'!$D$15:$D$58,'3.1 Depreciated Book Value'!C81,'3.5 Depreciation amortisation'!$I$15:$I$58)) -> 18438011 | E83: 1160025.2
B84: Section 17 | C84: Capitalised maintenance or improvements | D84: =IF(Cover!C23="Scheme pipeline","-",SUMIF('3.5 Depreciation amortisation'!$D$15:$D$58,'3.1 Depreciated Book Value'!C81,'3.5 Depreciation amortisation'!$J$15:$J$58)) -> 0 | E84: 0
B85: Section 17 | C85: Depreciation (excl. impairment) | D85: =IF(Cover!C23="Scheme pipeline","-",-ABS(SUMIF('3.5 Depreciation amortisation'!$D$15:$D$58,'3.1 Depreciated Book Value'!C81,'3.5 Depreciation amortisation'!$O$15:$O$58)+SUMIF('3.5 Depreciation amortisation'!$D$15:$D$58,'3.1 Depreciated Book Value'!C81,'3.5 Depreciation amortisation'!$P$15:$P$58))-D86) -> -21558576 | E85: -17904161
B86: Section 17 | C86: Impairment losses | D86: =IF(Cover!C23="Scheme pipeline","-",-ABS(SUMIF('3.4 Asset impairment'!$C$10:$C$24,'3.1 Depreciated Book Value'!C81,'3.4 Asset impairment'!$D$10:$D$24))+SUMIF('3.4 Asset impairment'!$C$30:$C$56,'3.1 Depreciated Book Value'!C81,'3.4 Asset impairment'!$G$30:$G$56)) -> 0
B87: Section 17 | C87: Disposals or early termination (at cost) | D87: =IF(Cover!C23="Scheme pipeline","-",SUMIF('3.5 Depreciation amortisation'!$D$15:$D$58,'3.1 Depreciated Book Value'!C81,'3.5 Depreciation amortisation'!$K$15:$K$58)) -> 0 | E87: 0
C88: Closing other depreciable pipeline assets carrying value | D88: =SUM(D82:D87) -> 22046633 | E88: =SUM(E82:E87) -> 7263036.6
C89: Leased assets
B90: Section 17 | C90: Opening Cost Base | D90: =IF(Cover!C23="Scheme pipeline","-",SUMIF('3.5 Depreciation amortisation'!$D$15:$D$58,'3.1 Depreciated Book Value'!C89,'3.5 Depreciation amortisation'!$H$15:$H$58)) -> 315269.08 | E90: 315269.08
B91: Section 17 | C91: Additions | D91: =IF(Cover!C23="Scheme pipeline","-",SUMIF('3.5 Depreciation amortisation'!$D$15:$D$58,'3.1 Depreciated Book Value'!C89,'3.5 Depreciation amortisation'!$I$15:$I$58)) -> 2226789.6 | E91: 1963171.8
B92: Section 17 | C92: Capitalised maintenance or improvements | D92: =IF(Cover!C23="Scheme pipeline","-",SUMIF('3.5 Depreciation amortisation'!$D$15:$D$58,'3.1 Depreciated Book Value'!C89,'3.5 Depreciation amortisation'!$J$15:$J$58)) -> 0
B93: Section 17 | C93: Depreciation (Amortisation) (excl. impairment) | D93: =IF(Cover!C23="Scheme pipeline","-",-ABS(SUMIF('3.5 Depreciation amortisation'!$D$15:$D$58,'3.1 Depreciated Book Value'!C89,'3.5 Depreciation amortisation'!$O$15:$O$58)+SUMIF('3.5 Depreciation amortisation'!$D$15:$D$58,'3.1 Depreciated Book Value'!C89,'3.5 Depreciation amortisation'!$P$15:$P$58))-D94) -> -1091003.9 | E93: -684497.71
B94: Section 17 | C94: Impairment losses | D94: =IF(Cover!C23="Scheme pipeline","-",-ABS(SUMIF('3.4 Asset impairment'!$C$10:$C$24,'3.1 Depreciated Book Value'!C89,'3.4 Asset impairment'!$D$10:$D$24))+SUMIF('3.4 Asset impairment'!$C$30:$C$56,'3.1 Depreciated Book Value'!C89,'3.4 Asset impairment'!$G$30:$G$56)) -> 0
B95: Section 17 | C95: Disposals or early termination (at cost) | D95: =IF(Cover!C23="Scheme pipeline","-",SUMIF('3.5 Depreciation amortisation'!$D$15:$D$58,'3.1 Depreciated Book Value'!C89,'3.5 Depreciation amortisation'!$K$15:$K$58)) -> -93071.36
C96: Closing leased asset carrying value | D96: =SUM(D90:D95) -> 1357983.4 | E96: =SUM(E90:E95) -> 1593943.2
B97: Section 17 | C97: Other non-depreciable pipeline assets
B98: Section 17 | C98: Opening Cost Base
B99: Section 17 | C99: Additions
B100: Section 17 | C100: Capitalised maintenance or improvements
B101: Section 17 | C101: Disposals or early termination (at cost)
C102: Closing other non-depreciable pipeline assets carrying value | D102: =SUM(D98:D101) -> 0 | E102: =SUM(E98:E101) -> 0
C103: Total pipeline assets | D103: =SUM(D25,D33,D41,D49,D57,D65,D73,D80,D88,D102,D96) -> 6.6452734e+08 | E103: =SUM(E25,E33,E41,E49,E57,E65,E73,E80,E88,E102,E96) -> 6.295868e+08
C104: Shared supporting assets allocated
C105: Shared property, plant and equipment
B106: Section 17 | C106: Opening Cost Base | D106: =IF(Cover!C23="Scheme pipeline","-",SUMIF('3.5 Depreciation amortisation'!$D$66:$D$83,$C$105,'3.5 Depreciation amortisation'!$G$66:$G$83)) -> 52514634 | E106: 52081063
B107: Section 17 | C107: Additions | D107: =IF(Cover!C23="Scheme pipeline","-",SUMIF('3.5 Depreciation amortisation'!$D$66:$D$83,$C$105,'3.5 Depreciation amortisation'!$H$66:$H$83)) -> 7961668.5 | E107: 1796885.5
B108: Section 17 | C108: Capitalised maintenance or improvements | D108: =IF(Cover!C23="Scheme pipeline","-",SUMIF('3.5 Depreciation amortisation'!$D$66:$D$83,$C$105,'3.5 Depreciation amortisation'!$I$66:$I$83)) -> 0
...

Sheet 3.2 Regulatory Asset Base
B1: Part 10 Financial Reporting
B2: =IF(Tradingname=0," ",Tradingname) -> EAST AUSTRALIAN PIPELINE PTY LIMITED
B3: Year ending | C3: =IF(Yearending=0, "01/01/2000", Yearending) -> 45838
B4: Date RAB estabilished | C4: ='1. Pipeline information'!C15 -> 0
B5: Asset value - Regulatory Asset Base (RAB) (For Scheme pipeline only)
B7: This template is for a non-indexed asset value derived from a regulator-determined initial regulatory asset base and capital expenditure with straight-line depreciation, for scheme pipelines.
B12: Table 3.2.1: Pipeline assets (RAB)
D14: Year
B15: Basis of Preparation ID | C15: Description | D15: =YEAR(Yearstart)-4&"-"&RIGHT(YEAR(Yearstart)-3,2) -> 2020-21 | E15: =YEAR(Yearstart)-3&"-"&RIGHT(YEAR(Yearstart)-2,2) -> 2021-22 | F15: =YEAR(Yearstart)-2&"-"&RIGHT(YEAR(Yearstart)-1,2) -> 2022-23 | G15: =YEAR(Yearstart)-1&"-"&RIGHT(YEAR(Yearstart),2) -> 2023-24 | H15: =YEAR(Yearstart)&"-"&RIGHT(YEAR(Yearstart)+1,2) -> 2024-25
C17: Pipelines | D17: $ | E17: $ | F17: $ | G17: $ | H17: $
B18: Section 18 | C18: Nominal Opening Regulatory Asset Base | E18: =D23 -> 0 | F18: =E23 -> 0 | G18: =F23 -> 0 | H18: =G23 -> 0
B19: Section 18 | C19: Nominal Capex
C20: Total capitalised pipeline construction costs | D20: =SUM(D18:D19) -> 0 | E20: =SUM(E18:E19) -> 0 | F20: =SUM(F18:F19) -> 0 | G20: =SUM(G18:G19) -> 0 | H20: =SUM(H18:H19) -> 0
B21: Section 18 | C21: Less Asset disposal (at cost)
B22: Section 18 | C22: Less Nominal Actual Regulatory Depreciation
C23: Closing pipeline carrying value | D23: =SUM(D20:D22) -> 0 | E23: =SUM(E20:E22) -> 0 | F23: =SUM(F20:F22) -> 0 | G23: =SUM(G20:G22) -> 0 | H23: =SUM(H20:H22) -> 0
C24: Compressors
B25: Section 18 | C25: Nominal Opening Regulatory Asset Base | E25: =D29 -> 0 | F25: =E29 -> 0 | G25: =F29 -> 0 | H25: =G29 -> 0
B26: Section 18 | C26: Additions and improvements capitalised
B27: Section 18 | C27: Less Depreciation of compressors
B28: Section 18 | C28: Less Disposal (at cost)
C29: Closing compressors carrying value | D29: =SUM(D25:D28) -> 0 | E29: =SUM(E25:E28) -> 0 | F29: =SUM(F25:F28) -> 0 | G29: =SUM(G25:G28) -> 0 | H29: =SUM(H25:H28) -> 0
C30: City Gates, supply regulators and valve stations
B31: Section 18 | C31: Nominal Opening Regulatory Asset Base | E31: =D35 -> 0 | F31: =E35 -> 0 | G31: =F35 -> 0 | H31: =G35 -> 0
B32: Section 18 | C32: Improvements capitalised
B33: Section 18 | C33: Less Depreciation of city gates, supply regulators and valve stations
B34: Section 18 | C34: Less Disposal (at cost)
C35: Closing city gates, supply regulators and valve stations carrying value | D35: =SUM(D31:D34) -> 0 | E35: =SUM(E31:E34) -> 0 | F35: =SUM(F31:F34) -> 0 | G35: =SUM(G31:G34) -> 0 | H35: =SUM(H31:H34) -> 0
C36: Metering
B37: Section 18 | C37: Nominal Opening Regulatory Asset Base | E37: =D41 -> 0 | F37: =E41 -> 0 | G37: =F41 -> 0 | H37: =G41 -> 0
B38: Section 18 | C38: Additions and improvements capitalised
B39: Section 18 | C39: Less Depreciation of metering
B40: Section 18 | C40: Less Disposal (at cost)
C41: Closing Metering | D41: =SUM(D37:D40) -> 0 | E41: =SUM(E37:E40) -> 0 | F41: =SUM(F37:F40) -> 0 | G41: =SUM(G37:G40) -> 0 | H41: =SUM(H37:H40) -> 0
C42: Odorant plants
B43: Section 18 | C43: Nominal Opening Regulatory Asset Base | E43: =D47 -> 0 | F43: =E47 -> 0 | G43: =F47 -> 0 | H43: =G47 -> 0
B44: Section 18 | C44: Additions and improvements capitalised
B45: Section 18 | C45: Less Depreciation of odourant plants
B46: Section 18 | C46: Less Disposal (at cost)
C47: Closing odourant plants carrying value | D47: =SUM(D43:D46) -> 0 | E47: =SUM(E43:E46) -> 0 | F47: =SUM(F43:F46) -> 0 | G47: =SUM(G43:G46) -> 0 | H47: =SUM(H43:H46) -> 0
C48: SCADA (Communications)
B49: Section 18 | C49: Nominal Opening Regulatory Asset Base | E49: =D53 -> 0 | F49: =E53 -> 0 | G49: =F53 -> 0 | H49: =G53 -> 0
B50: Section 18 | C50: Additions and improvements capitalised
B51: Section 18 | C51: Less Depreciation of SCADA
B52: Section 18 | C52: Less Disposal (at cost)
C53: Closing SCADA carrying value | D53: =SUM(D49:D52) -> 0 | E53: =SUM(E49:E52) -> 0 | F53: =SUM(F49:F52) -> 0 | G53: =SUM(G49:G52) -> 0 | H53: =SUM(H49:H52) -> 0
C54: Buildings
B55: Section 18 | C55: Nominal Opening Regulatory Asset Base | E55: =D59 -> 0 | F55: =E59 -> 0 | G55: =F59 -> 0 | H55: =G59 -> 0
B56: Section 18 | C56: Additions and improvements capitalised
B57: Section 18 | C57: Less Depreciation of buildings
B58: Section 18 | C58: Less Disposal (at cost)
C59: Closing buildings carrying value | D59: =SUM(D55:D58) -> 0 | E59: =SUM(E55:E58) -> 0 | F59: =SUM(F55:F58) -> 0 | G59: =SUM(G55:G58) -> 0 | H59: =SUM(H55:H58) -> 0
C60: Land and easements
B61: Section 18 | C61: Nominal Opening Regulatory Asset Base | E61: =D65 -> 0 | F61: =E65 -> 0 | G61: =F65 -> 0 | H61: =G65 -> 0
B62: Section 18 | C62: Additions and improvements capitalised
B63: Section 18 | C63: Less Depreciation of land and easement
B64: Section 18 | C64: Less Disposal (at cost)
C65: Closing land and easements carrying value | D65: =SUM(D61:D64) -> 0 | E65: =SUM(E61:E64) -> 0 | F65: =SUM(F61:F64) -> 0 | G65: =SUM(G61:G64) -> 0 | H65: =SUM(H61:H64) -> 0
C66: Other depreciable pipeline assets
B67: Section 18 | C67: Nominal Opening Regulatory Asset Base | E67: =D71 -> 0 | F67: =E71 -> 0 | G67: =F71 -> 0 | H67: =G71 -> 0
B68: Section 18 | C68: Additions and improvements capitalised
B69: Section 18 | C69: Less Depreciation/amortisation
B70: Section 18 | C70: Less Disposal (at cost)
C71: Closing other depreciable pipeline assets carrying value | D71: =SUM(D67:D70) -> 0 | E71: =SUM(E67:E70) -> 0 | F71: =SUM(F67:F70) -> 0 | G71: =SUM(G67:G70) -> 0 | H71: =SUM(H67:H70) -> 0
C72: Leased pipeline assets
B73: Section 18 | C73: Nominal Opening Regulatory Asset Base | E73: =D77 -> 0 | F73: =E77 -> 0 | G73: =F77 -> 0 | H73: =G77 -> 0
B74: Section 18 | C74: Additions and improvements capitalised
B75: Section 18 | C75: Less Depreciation/amortisation
B76: Section 18 | C76: Less Disposal (at cost)
C77: Closing leased pipeline assets carrying value | D77: =SUM(D73:D76) -> 0 | E77: =SUM(E73:E76) -> 0 | F77: =SUM(F73:F76) -> 0 | G77: =SUM(G73:G76) -> 0 | H77: =SUM(H73:H76) -> 0
C78: Total pipeline assets | D78: =SUM(D23,D29,D35,D41,D47,D53,D59,D65,D71,D77) -> 0 | E78: =SUM(E23,E29,E35,E41,E47,E53,E59,E65,E71,E77) -> 0 | F78: =SUM(F23,F29,F35,F41,F47,F53,F59,F65,F71,F77) -> 0 | G78: =SUM(G23,G29,G35,G41,G47,G53,G59,G65,G71,G77) -> 0 | H78: =SUM(H23,H29,H35,H41,H47,H53,H59,H65,H71,H77) -> 0
C79: Shared supporting assets (RAB)
B80: Section 18 | C80: Nominal Opening Regulatory Asset Base | E80: =D84 -> 0 | F80: =E84 -> 0 | G80: =F84 -> 0 | H80: =G84 -> 0
B81: Section 18 | C81: Additions and improvements capitalised
B82: Section 18 | C82: Less Shared property, plant and equipment depreciation
B83: Section 18 | C83: Less disposals of shared supporting assets
C84: Closing shared property, plant and equipment | D84: =SUM(D80:D83) -> 0 | E84: =SUM(E80:E83) -> 0 | F84: =SUM(F80:F83) -> 0 | G84: =SUM(G80:G83) -> 0 | H84: =SUM(H80:H83) -> 0
C85: Shared leased assets
B86: Section 18 | C86: Nominal Opening Regulatory Asset Base | E86: =D90 -> 0 | F86: =E90 -> 0 | G86: =F90 -> 0 | H86: =G90 -> 0
B87: Section 18 | C87: Additions and improvements capitalised
B88: Section 18 | C88: Less Depreciation/amortisation
B89: Section 18 | C89: Less Disposal (at cost)
C90: Closing shared leased assets carrying value | D90: =SUM(D86:D89) -> 0 | E90: =SUM(E86:E89) -> 0 | F90: =SUM(F86:F89) -> 0 | G90: =SUM(G86:G89) -> 0 | H90: =SUM(H86:H89) -> 0
B91: Section 18 | C91: Opening other assets | E91: =D93 -> 0 | F91: =E93 -> 0 | G91: =F93 -> 0 | H91: =G93 -> 0
B92: Section 18 | C92: Change in other assets
C93: Closing other assets | D93: =SUM(D91:D92) -> 0 | E93: =SUM(E91:E92) -> 0 | F93: =SUM(F91:F92) -> 0 | G93: =SUM(G91:G92) -> 0 | H93: =SUM(H91:H92) -> 0
C94: Total shared supporting assets allocated | D94: =SUM(D84,D90,D93) -> 0 | E94: =SUM(E84,E90,E93) -> 0 | F94: =SUM(F84,F90,F93) -> 0 | G94: =SUM(G84,G90,G93) -> 0 | H94: =SUM(H84,H90,H93) -> 0
C95: TOTAL ASSETS | D95: =D78+D94 -> 0 | E95: =E78+E94 -> 0 | F95: =F78+F94 -> 0 | G95: =G78+G94 -> 0 | H95: =H78+H94 -> 0

Sheet 3.3 Asset useful life
B1: Part 10 Financial Reporting
B2: =IF(Tradingname=0," ",Tradingname) -> EAST AUSTRALIAN PIPELINE PTY LIMITED
B3: Year ending | C3: =IF(Yearending=0, "01/01/2000", Yearending) -> 45838
B4: Asset useful life
B7: Table 3.3.1: Asset useful life
B9: Basis of Preparation ID | C9: Description (list each individual balance sheet item) | D9: Commission date (provide a range) | E9: Useful life | F9: Reason for choosing this useful life
E10: years
B11: Section 19 | C11: ='3.1 Depreciated Book Value'!C17 -> Pipelines | D11: 1/6/2000 to 30/6/2025 | E11: 41.721315 | F11: Per Weighted Average Statutory Accounting Useful life
B12: Section 19 | C12: ='3.1 Depreciated Book Value'!C26 -> Compressors | D12: 1/6/2000 to 30/6/2025 | E12: 19.58262 | F12: Per Weighted Average Statutory Accounting Useful life
B13: Section 19 | C13: ='3.1 Depreciated Book Value'!C34 -> City Gates, supply regulators and valve stations | D13: 1/1/2019 to 30/6/2025 | E13: 28.132573 | F13: Per Weighted Average Statutory Accounting Useful life
B14: Section 19 | C14: ='3.1 Depreciated Book Value'!C42 -> Metering | D14: 1/10/2001 to 30/6/2025 | E14: 19.651484 | F14: Per Weighted Average Statutory Accounting Useful life
B15: Section 19 | C15: ='3.1 Depreciated Book Value'!C50 -> Odorant plants | D15: 1/7/2010 to 30/6/2025 | E15: 20 | F15: Per Weighted Average Statutory Accounting Useful life
B16: Section 19 | C16: ='3.1 Depreciated Book Value'!C58 -> SCADA (Communications) | D16: 1/3/2003 to 30/6/2025 | E16: 7.327502 | F16: Per Weighted Average Statutory Accounting Useful life
B17: Section 19 | C17: ='3.1 Depreciated Book Value'!C66 -> Buildings | D17: 1/6/2000 to 30/6/2025 | E17: 32.804795 | F17: Per Weighted Average Statutory Accounting Useful life
B18: Section 19 | C18: ='3.1 Depreciated Book Value'!C81 -> Other depreciable pipeline assets | D18: 1/6/2000 to 30/6/2025 | E18: 12.778249 | F18: Per Weighted Average Statutory Accounting Useful life
C19: ='3.1 Depreciated Book Value'!C74 -> Land and easements | D19: 1/6/2000 to 30/6/2025 | E19: N/A | F19: Indefinite
C20: insert asset description
C21: insert asset description
C22: insert asset description
B23: Section 19 | C23: ='3.1 Depreciated Book Value'!C89 -> Leased assets | D23: 1/7/2019 to 30/6/2025 | E23: Various | F23: Per leased asset life
C24: insert asset description
C25: insert asset description
C26: insert asset description
C27: insert asset description
B28: Section 19 | C28: ='3.1 Depreciated Book Value'!C105 -> Shared property, plant and equipment | D28: 1/6/2000 to 30/6/2025 | E28: 3.4323791 | F28: Per Weighted Average Statutory Accounting Useful life
C29: insert asset description
C30: insert asset description
C31: insert asset description
C32: insert asset description
C33: insert asset description
B34: Section 19 | C34: ='3.1 Depreciated Book Value'!C113 -> Shared leased assets | D34: 1/7/2019 to 30/6/2025 | E34: Various | F34: Per leased asset life
C35: insert asset description
C36: insert asset description
C37: insert asset description
C38: insert asset description
C39: insert asset description

Sheet 3.4 Asset impairment
B1: Part 10 Financial Reporting
B2: =IF(Tradingname=0," ",Tradingname) -> EAST AUSTRALIAN PIPELINE PTY LIMITED
B3: Year ending | C3: =IF(Yearending=0, "01/01/2000", Yearending) -> 45838
B4: Asset impairment
B7: Table 3.4.1: Assets impaired
B9: Asset description | C9: Category | D9: Impairment amount $ nominal | E9: Impairment date | F9: Basis for impairment
B10: Moomba Sydney Pipeline | C10: Pipelines | D10: 2.9642829e+08 | E10: 45107 | F10: Part10 book value exceeds the Recoverable value
B11: Moomba Sydney Pipeline | C11: Other assets | D11: 1.4332246e+08 | E11: 45107 | F11: Part10 book value exceeds the Recoverable value
B12: Moomba Sydney Pipeline | C12: Pipelines | D12: 1.7922566e+08 | E12: 45473 | F12: Part10 book value exceeds the Recoverable value
B27: Table 3.4.2: Asset impairment reversals
B29: Asset description | C29: Category | D29: Prior Impairment amount $ nominal | E29: Impairment date | F29: Basis for impairment | G29: Reversal amount $nominal | H29: Reversal date | I29: Basis for Reversal

Sheet 3.5 Depreciation amortisation
B1: Part 10 Financial Reporting
B2: =IF(Tradingname=0," ",Tradingname) -> EAST AUSTRALIAN PIPELINE PTY LIMITED
B3: Year ending | C3: =IF(Yearending=0, "01/01/2000", Yearending) -> 45838
B4: Depreciation amortisation
B6: Modify cost adjustment column if accelerated depreciation is applicable.
B11: Table 3.5.1: Pipeline assets at cost
B13: Basis of Preparation ID | C13: Description | D13: Category | E13: Acquisition date (provide a range) | F13: Useful life | G13: Estimated residual value | H13: Opening Cost Base | I13: Current year additions | J13: Current year capitalised maintenance or improvements | K13: Current year disposals or Early termination | L13: Cost base | M13: % Cost adjustment for accelerated depreciation (if applicable) | N13: Adjusted cost base | O13: Prior years' accumulated depreciation | P13: Current year depreciation | Q13: Written down value
F14: Years | G14: $ nominal | H14: $ nominal | I14: $ nominal | J14: $ nominal | K14: $ nominal | L14: $ nominal | N14: $ nominal | O14: $ nominal | P14: $ nominal | Q14: $ nominal
B15: Section 21 | D15: Pipelines | E15: ='3.3 Asset useful life'!D11 -> 1/6/2000 to 30/6/2025 | F15: ='3.3 Asset useful life'!E11 -> 41.721315 | H15: 1.3863827e+09 | I15: 23660640 | J15: 2635301.8 | K15: 0 | L15: =SUM(H15:K15) -> 1.4126787e+09 | M15: 1 | N15: =L15*M15 -> 1.4126787e+09 | O15: -1.0336723e+09 | P15: -15320144 | Q15: =SUM(N15:P15) -> 3.6368624e+08
B16: Section 21 | D16: Compressors | E16: ='3.3 Asset useful life'!D12 -> 1/6/2000 to 30/6/2025 | F16: ='3.3 Asset useful life'!E12 -> 19.58262 | H16: 3.0762542e+08 | I16: 1619348.7 | J16: 0 | K16: 0 | L16: =SUM(H16:K16) -> 3.0924476e+08 | M16: 1 | N16: =L16*M16 -> 3.0924476e+08 | O16: -79337259 | P16: -14596466 | Q16: =SUM(N16:P16) -> 2.1531104e+08
B17: Section 21 | D17: City Gates, supply regulators and valve stations | E17: ='3.3 Asset useful life'!D13 -> 1/1/2019 to 30/6/2025 | F17: ='3.3 Asset useful life'!E13 -> 28.132573 | H17: 30258550 | I17: 10105666 | J17: 0 | K17: 0 | L17: =SUM(H17:K17) -> 40364217 | M17: 1 | N17: =L17*M17 -> 40364217 | O17: -5546633.4 | P17: -2062378.7 | Q17: =SUM(N17:P17) -> 32755204
B18: Section 21 | D18: Metering | E18: ='3.3 Asset useful life'!D14 -> 1/10/2001 to 30/6/2025 | F18: ='3.3 Asset useful life'!E14 -> 19.651484 | H18: 8476747.8 | I18: 6716244.5 | J18: 0 | K18: 0 | L18: =SUM(H18:K18) -> 15192992 | M18: 1 | N18: =L18*M18 -> 15192992 | O18: -2885006.6 | P18: -417662.42 | Q18: =SUM(N18:P18) -> 11890323
B19: Section 21 | D19: Odorant plants | E19: ='3.3 Asset useful life'!D15 -> 1/7/2010 to 30/6/2025 | F19: ='3.3 Asset useful life'!E15 -> 20 | H19: 906504.53 | I19: 2727179.3 | J19: 0 | K19: 0 | L19: =SUM(H19:K19) -> 3633683.8 | M19: 1 | N19: =L19*M19 -> 3633683.8 | O19: -456301.55 | P19: -56127.266 | Q19: =SUM(N19:P19) -> 3121255
B20: Section 21 | D20: SCADA (Communications) | E20: ='3.3 Asset useful life'!D16 -> 1/3/2003 to 30/6/2025 | F20: ='3.3 Asset useful life'!E16 -> 7.327502 | H20: 6113254.8 | I20: -653147.86 | J20: 0 | K20: 0 | L20: =SUM(H20:K20) -> 5460106.9 | M20: 1 | N20: =L20*M20 -> 5460106.9 | O20: -3215848.3 | P20: -384155.72 | Q20: =SUM(N20:P20) -> 1860102.9
B21: Section 21 | D21: Buildings | E21: ='3.3 Asset useful life'!D17 -> 1/6/2000 to 30/6/2025 | F21: ='3.3 Asset useful life'!E17 -> 32.804795 | H21: 6508408.8 | I21: 279519 | J21: 0 | K21: 0 | L21: =SUM(H21:K21) -> 6787927.8 | M21: 1 | N21: =L21*M21 -> 6787927.8 | O21: -1644398.5 | P21: -207371.77 | Q21: =SUM(N21:P21) -> 4936157.5
B22: Section 21 | D22: Land and easements | E22: ='3.3 Asset useful life'!D19 -> 1/6/2000 to 30/6/2025 | F22: ='3.3 Asset useful life'!E19 -> N/A | H22: 1215942.5 | I22: 6346459 | J22: 0 | K22: 0 | L22: =SUM(H22:K22) -> 7562401.5 | M22: 1 | N22: =L22*M22 -> 7562401.5 | O22: 0 | P22: 0 | Q22: =SUM(N22:P22) -> 7562401.5
B23: Section 21 | D23: Other depreciable pipeline assets | E23: ='3.3 Asset useful life'!D18 -> 1/6/2000 to 30/6/2025 | F23: ='3.3 Asset useful life'!E18 -> 12.778249 | H23: 25167198 | I23: 18438011 | J23: 0 | K23: 0 | L23: =SUM(H23:K23) -> 43605209 | M23: 1 | N23: =L23*M23 -> 43605209 | O23: -17904161 | P23: -3654414.7 | Q23: =SUM(N23:P23) -> 22046633
B24: Section 21 | D24: Leased assets | E24: ='3.3 Asset useful life'!D23 -> 1/7/2019 to 30/6/2025 | F24: ='3.3 Asset useful life'!E23 -> Various | H24: 315269.08 | I24: 2226789.6 | K24: -93071.36 | L24: =SUM(H24:K24) -> 2448987.3 | M24: 1 | N24: =L24*M24 -> 2448987.3 | O24: -684497.71 | P24: -406506.19 | Q24: =SUM(N24:P24) -> 1357983.4
L25: =SUM(H25:K25) -> 0 | M25: 1 | N25: =L25*M25 -> 0 | Q25: =SUM(N25:P25) -> 0
L26: =SUM(H26:K26) -> 0 | M26: 1 | N26: =L26*M26 -> 0 | Q26: =SUM(N26:P26) -> 0
L27: =SUM(H27:K27) -> 0 | M27: 1 | N27: =L27*M27 -> 0 | Q27: =SUM(N27:P27) -> 0
L28: =SUM(H28:K28) -> 0 | M28: 1 | N28: =L28*M28 -> 0 | Q28: =SUM(N28:P28) -> 0
L29: =SUM(H29:K29) -> 0 | M29: 1 | N29: =L29*M29 -> 0 | Q29: =SUM(N29:P29) -> 0
L30: =SUM(H30:K30) -> 0 | M30: 1 | N30: =L30*M30 -> 0 | Q30: =SUM(N30:P30) -> 0
L31: =SUM(H31:K31) -> 0 | M31: 1 | N31: =L31*M31 -> 0 | Q31: =SUM(N31:P31) -> 0
L32: =SUM(H32:K32) -> 0 | M32: 1 | N32: =L32*M32 -> 0 | Q32: =SUM(N32:P32) -> 0
L33: =SUM(H33:K33) -> 0 | M33: 1 | N33: =L33*M33 -> 0 | Q33: =SUM(N33:P33) -> 0
L34: =SUM(H34:K34) -> 0 | M34: 1 | N34: =L34*M34 -> 0 | Q34: =SUM(N34:P34) -> 0
L35: =SUM(H35:K35) -> 0 | M35: 1 | N35: =L35*M35 -> 0 | Q35: =SUM(N35:P35) -> 0
L36: =SUM(H36:K36) -> 0 | M36: 1 | N36: =L36*M36 -> 0 | Q36: =SUM(N36:P36) -> 0
... L58: =SUM(H58:K58) -> 0 | M58: 1 | N58: =L58*M58 -> 0 | Q58: =SUM(N58:P58) -> 0
C59: Total pipeline assets | G59: =SUM(G15:G58) -> 0 | H59: =SUM(H15:H58) -> 1.77297e+09 | I59: =SUM(I15:I58) -> 71466710 | J59: =SUM(J15:J58) -> 2635301.8 | K59: =SUM(K15:K58) -> -93071.36 | L59: =SUM(L15:L58) -> 1.846979e+09 | N59: =SUM(N15:N58) -> 1.846979e+09 | O59: =SUM(O15:O58) -> -1.1453464e+09 | P59: =SUM(P15:P58) -> -37105227 | Q59: =SUM(Q15:Q58) -> 6.6452734e+08
B62: Table 3.5.2: Shared assets at cost
B64: Basis of Preparation ID | C64: Description | D64: Category | E64: Acquisition date | F64: Useful life | G64: Opening Cost Base | H64: Current year additions | I64: Current year capitalised maintenance or improvements | J64: Current year disposals or Early termination | K64: Cost base | L64: % Cost adjustment for accelerated depreciation (if applicable) | M64: Adjusted cost base | N64: Prior years' accumulated depreciation | O64: Current year depreciation | P64: Written down value
F65: Years | G65: $ nominal | H65: $ nominal | I65: $ nominal | J65: $ nominal | K65: $ nominal | M65: $ nominal | N65: $ nominal | O65: $ nominal | P65: $ nominal
B66: Section 21 & Section 22 | C66: Information Technology | D66: Shared property, plant and equipment | E66: ='3.3 Asset useful life'!D28 -> 1/6/2000 to 30/6/2025 | F66: ='3.3 Asset useful life'!E28 -> 3.4323791 | G66: 52514634 | H66: 7961668.5 | J66: -87471.76 | K66: =SUM(G66:J66) -> 60388831 | L66: 1 | M66: =K66*L66 -> 60388831 | N66: -37570726 | O66: -4543379 | P66: =SUM(M66:O66) -> 18274726
B67: Section 21 & Section 22 | C67: Shared leased assets | D67: Shared leased assets | E67: ='3.3 Asset useful life'!D34 -> 1/7/2019 to 30/6/2025 | F67: ='3.3 Asset useful life'!E34 -> Various | G67: 7332029.5 | H67: 1068695.8 | I67: 0 | J67: -24146.958 | K67: =SUM(G67:J67) -> 8376578.3 | L67: 1 | M67: =K67*L67 -> 8376578.3 | N67: -3655600.2 | O67: -1019148.6 | P67: =SUM(M67:O67) -> 3701829.4
K68: =SUM(G68:J68) -> 0 | L68: 1 | M68: =K68*L68 -> 0 | P68: =SUM(M68:O68) -> 0
K69: =SUM(G69:J69) -> 0 | L69: 1 | M69: =K69*L69 -> 0 | P69: =SUM(M69:O69) -> 0
K70: =SUM(G70:J70) -> 0 | L70: 1 | M70: =K70*L70 -> 0 | P70: =SUM(M70:O70) -> 0
K71: =SUM(G71:J71) -> 0 | L71: 1 | M71: =K71*L71 -> 0 | P71: =SUM(M71:O71) -> 0
K72: =SUM(G72:J72) -> 0 | L72: 1 | M72: =K72*L72 -> 0 | P72: =SUM(M72:O72) -> 0
K73: =SUM(G73:J73) -> 0 | L73: 1 | M73: =K73*L73 -> 0 | P73: =SUM(M73:O73) -> 0
K74: =SUM(G74:J74) -> 0 | L74: 1 | M74: =K74*L74 -> 0 | P74: =SUM(M74:O74) -> 0
K75: =SUM(G75:J75) -> 0 | L75: 1 | M75: =K75*L75 -> 0 | P75: =SUM(M75:O75) -> 0
K76: =SUM(G76:J76) -> 0 | L76: 1 | M76: =K76*L76 -> 0 | P76: =SUM(M76:O76) -> 0
K77: =SUM(G77:J77) -> 0 | L77: 1 | M77: =K77*L77 -> 0 | P77: =SUM(M77:O77) -> 0
K78: =SUM(G78:J78) -> 0 | L78: 1 | M78: =K78*L78 -> 0 | P78: =SUM(M78:O78) -> 0
K79: =SUM(G79:J79) -> 0 | L79: 1 | M79: =K79*L79 -> 0 | P79: =SUM(M79:O79) -> 0
... K83: =SUM(G83:J83) -> 0 | L83: 1 | M83: =K83*L83 -> 0 | P83: =SUM(M83:O83) -> 0
C84: Total fixed assets | G84: =SUM(G66:G83) -> 59846664 | H84: =SUM(H66:H83) -> 9030364.3 | I84: =SUM(I66:I83) -> 0 | J84: =SUM(J66:J83) -> -111618.72 | K84: =SUM(K66:K83) -> 68765409 | M84: =SUM(M66:M83) -> 68765409 | N84: =SUM(N66:N83) -> -41226326 | O84: =SUM(O66:O83) -> -5562527.6 | P84: =SUM(P66:P83) -> 21976555

Sheet 3.6 Shared supporting assets
B1: Part 10 Financial Reporting
B2: =IF(Tradingname=0," ",Tradingname) -> EAST AUSTRALIAN PIPELINE PTY LIMITED
B3: Year ending | C3: =IF(Yearending=0, "01/01/2000", Yearending) -> 45838
B4: Shared supporting assets
B6: Please ensure allocation methodologies are explained in sufficient detail within the Basis of Preparation as required under the Guideline.
B11: Table 3.6.1: Shared supporting asset allocation
B13: Basis of Preparation ID | C13: Description (list each individual shared asset category greater than 5%) | D13: Category of shared assets | E13: Total amount | F13: % allocated to pipeline | G13: Total allocated to pipeline
E14: $ nominal | G14: $ nominal
B15: Section 22 | C15: Information Technology | D15: Shared property, plant and equipment | E15: 5.0174697e+08 | F15: 0.12035714 | G15: =E15*F15 -> 60388831
B16: Section 22 | C16: Shared leased assets | D16: Shared leased assets | E16: 86146035 | F16: 0.097236957 | G16: =E16*F16 -> 8376578.3
G17: =E17*F17 -> 0
G18: =E18*F18 -> 0
G19: =E19*F19 -> 0
G20: =E20*F20 -> 0
G21: =E21*F21 -> 0
G22: =E22*F22 -> 0
G23: =E23*F23 -> 0
G24: =E24*F24 -> 0
G25: =E25*F25 -> 0
G26: =E26*F26 -> 0
G27: =E27*F27 -> 0
G28: =E28*F28 -> 0
... G46: =E46*F46 -> 0
B47: Total | E47: =SUM(E15:E46) -> 5.8789301e+08 | G47: =SUM(G15:G46) -> 68765409

Sheet Auditor's Report Statement

Sheet 4. Recovered Capital
B1: Part 10 Financial Reporting
B2: =IF(Tradingname=0," ",Tradingname) -> EAST AUSTRALIAN PIPELINE PTY LIMITED
B3: Year ending | C3: =IF(Yearending=0, "01/01/2000", Yearending) -> 45838
B4: Asset value - Recovered Capital Method (RCM)
B6: This template is for a non-indexed asset value based on original construction costs and “depreciation” based on a notional cash-flow based “return of capital” approach, for non-scheme pipelines.
B9: Table 4.1: Pipeline assets (RCM)
B11: Basis of Preparation ID | C11: Asset description | E11: Total | F11: Year | BI11: Drag and drop columns if required
F12: =RIGHT(TEXT(C43,"dd/mm/yyyy"),4) -> 1976 | G12: =F12+1 -> 1977 | H12: =G12+1 -> 1978 | I12: =H12+1 -> 1979 | J12: =I12+1 -> 1980 | K12: =J12+1 -> 1981 | L12: =K12+1 -> 1982 | M12: =L12+1 -> 1983 | N12: =M12+1 -> 1984 | ... BH12: =BG12+1 -> 2030
B13: Section 23 | C13: Pipeline assets
D14: Construction cost | E14: =SUM(F14:BH14) -> 0
D15: Residual Value | E15: =SUM(F15:BH15) -> 0
D16: Additions | E16: =SUM(F16:BH16) -> 0
D17: Maintenance capitalised | E17: =SUM(F17:BH17) -> 0
D18: Disposal (at cost) | E18: =SUM(F18:BH18) -> 0
D19: Leased Asset | E19: =SUM(F19:BH19) -> 0
D20: Pipeline assets cost base | E20: =SUM(F20:BH20) -> 0 | F20: =SUM(F13:F19) -> 0 | G20: =SUM(G13:G19) -> 0 | H20: =SUM(H13:H19) -> 0 | I20: =SUM(I13:I19) -> 0 | J20: =SUM(J13:J19) -> 0 | K20: =SUM(K13:K19) -> 0 | L20: =SUM(L13:L19) -> 0 | M20: =SUM(M13:M19) -> 0 | ... BH20: =SUM(BH13:BH19) -> 0
C21: Shared assets
D22: Construction cost or acquisition cost (where allowed) apportioned | E22: =SUM(F22:BH22) -> 0
D23: Residual Value | E23: =SUM(F23:BH23) -> 0
D24: Additions | E24: =SUM(F24:BH24) -> 0
D25: Maintenance capitalised | E25: =SUM(F25:BH25) -> 0
D26: Disposal (at cost) | E26: =SUM(F26:BH26) -> 0
D27: Leased Asset | E27: =SUM(F27:BH27) -> 0
D28: Shared assets cost base | E28: =SUM(F28:BH28) -> 0 | F28: =SUM(F22:F27) -> 0 | G28: =SUM(G22:G27) -> 0 | H28: =SUM(H22:H27) -> 0 | I28: =SUM(I22:I27) -> 0 | J28: =SUM(J22:J27) -> 0 | K28: =SUM(K22:K27) -> 0 | L28: =SUM(L22:L27) -> 0 | M28: =SUM(M22:M27) -> 0 | ... BH28: =SUM(BH22:BH27) -> 0
D29: Total assets | E29: =E20+E28 -> 0 | F29: =F20+F28 -> 0 | G29: =G20+G28 -> 0 | H29: =H20+H28 -> 0 | I29: =I20+I28 -> 0 | J29: =J20+J28 -> 0 | K29: =K20+K28 -> 0 | L29: =L20+L28 -> 0 | ... BH29: =BH20+BH28 -> 0
C30: Return of capital
D31: Revenue | E31: =SUM(F31:BH31) -> 0
D32: Operating expenses | E32: =SUM(F32:BH32) -> 0
D33: Net tax liabilities | E33: =SUM(F33:BH33) -> 0
D34: Leased Asset Interest/Financing Charge | E34: =SUM(F34:BH34) -> 0
D35: Return on capital | E35: =SUM(F35:BH35) -> 0
D36: Total Return of Capital | E36: =SUM(F36:BH36) -> 0 | F36: =SUM(F31:F35) -> 0 | G36: =SUM(G31:G35) -> 0 | H36: =SUM(H31:H35) -> 0 | I36: =SUM(I31:I35) -> 0 | J36: =SUM(J31:J35) -> 0 | K36: =SUM(K31:K35) -> 0 | L36: =SUM(L31:L35) -> 0 | M36: =SUM(M31:M35) -> 0 | ... BH36: =SUM(BH31:BH35) -> 0
D37: Recovered capital method total asset value | E37: =SUM(F37:BH37) -> 0 | F37: =F20+F28-F36 -> 0 | G37: =G20+G28-G36 -> 0 | H37: =H20+H28-H36 -> 0 | I37: =I20+I28-I36 -> 0 | J37: =J20+J28-J36 -> 0 | K37: =K20+K28-K36 -> 0 | L37: =L20+L28-L36 -> 0 | M37: =M20+M28-M36 -> 0 | ... BH37: =BH20+BH28-BH36 -> 0
C38: For information | D38: Opening asset value | G38: =F29+F38-F36 -> 0 | H38: =G29+G38-G36 -> 0 | I38: =H29+H38-H36 -> 0 | J38: =I29+I38-I36 -> 0 | K38: =J29+J38-J36 -> 0 | L38: =K29+K38-K36 -> 0 | M38: =L29+L38-L36 -> 0 | N38: =M29+M38-M36 -> 0 | ... BH38: =BG29+BG38-BG36 -> 0
C39: For information | D39: Rate of return (WACC)
B41: Table 4.2: Pipeline details
B43: Construction date | C43: =IF( '1. Pipeline information'!C14=0, "0/01/1960", '1. Pipeline information'!C14) -> 28112

Sheet 4.1 Pipelines capex
B1: Part 10 Financial Reporting
B2: =IF(Tradingname=0," ",Tradingname) -> EAST AUSTRALIAN PIPELINE PTY LIMITED
B3: Year ending | C3: =IF(Yearending=0, "01/01/2000", Yearending) -> 45838
B4: Pipeline capital expenditure
B6: Please report all historical expansions/extensions in table 4.1.2, regardless of value. Please ensure all extensions/expansions in the next 12 months that have advanced to the "Final Investment Decision" stage are comprehensively reported in table 4.1.3.
B12: Table 4.1.1: Capital expenditure greater than 5% of construction cost
B14: Basis of Preparation ID | C14: Description of works | D14: Date recognised | E14: Expenditure ($ nominal)
B15: Section 24 | C15: Buyout Contract - Pipeline Maintenance Agreement with Agility and Stay in Business Capital Expenditure | D15: FY08 | E15: 1.0607086e+08
B16: Section 24 | C16: Young Looping and Stay in Business Capital Expenditure | D16: FY11 | E16: 51903209
B17: Section 24 | C17: Capacity Expansion project and Stay in Business Capital Expenditure | D17: FY13 | E17: 45361146
B18: Section 24 | C18: Victorian Northern Interconnect Expansion project and Stay in Business Capital Expenditure | D18: FY17 | E18: 92855933
B19: Section 24 | C19: Moomba Marsden Pipeline CP Installation, Pigging, Corrosion Mitigation and Easement Site Evaluation | D19: FY20 | E19: 52673476
B20: Section 24 | C20: Young Wagga Compressor overhaul, Young Interchange Upgrade, SCC & CP Programs and Pigging | D20: FY22 | E20: 72272353
B21: Section 24 | C21: Milne Compressor Station installation as part of the East Coast Expansion and other Stay in Business caoital expenditure | D21: FY23 | E21: 1.4228633e+08
B22: Section 24 | C22: Milne and Roundhill Compressor Stations installation as part of the East Coast Expansion, Stress Corrosion Control and other Stay in Business capital expenditure | D22: FY24 | E22: 1.3506279e+08
B41: Total expenditure | E41: =SUM(E15:E40) -> 6.9848609e+08
B44: Table 4.1.2: Historical expansions and extensions
B46: Basis of Preparation ID | C46: Description of works | D46: Date recognised | E46: Expenditure ($ nominal)
B47: Section 24 | C47: Centrifugal Compressor Installation at Young | D47: FY07 | E47: 4000000
B48: Section 24 | C48: Culcairn Compressor Station | D48: FY09 | E48: 14907992
B49: Section 24 | C49: Young Looping | D49: FY11 | E49: 34571052
B50: Section 24 | C50: Capacity Expansion Project | D50: FY13 | E50: 15035641
B51: Section 24 | C51: Victorian Northern Interconnect Expansion project | D51: FY15 | E51: 9541679.3
B52: Section 24 | C52: Victorian Northern Interconnect Expansion Project | D52: FY17 | E52: 86074675
B53: Section 24 | C53: Victorian Northern Interconnect Expansion Project | D53: FY18 | E53: 10293892
B54: Section 24 | C54: Victorian Northern Interconnect Expansion Project | D54: FY19 | E54: 2813553.1
B55: Section 24 | C55: Milne Compressor Station Installation as part of the East Coast Expansion | D55: FY23 | E55: 66966236
B56: Section 24 | C56: Milne and Roundhill Compressor Stations Installation as part of the East Coast Expansion | D56: FY24 | E56: 90575669
B57: Section 24 | C57: Roundhill Compressor Stations Installation as part of the East Coast Expansion | D57: FY25 | E57: 9547705.9
B73: Total expenditure | E73: =SUM(E47:E72) -> 3.443281e+08
B76: Table 4.1.3: Planned expansions and extensions of capacity
B78: Basis of Preparation ID | C78: Description of the matter | D78: Proposed commissioning date, or a range of dates | E78: Expected end date, or a range of dates | F78: Facility's proposed nameplate rating, or the estimated likely range during affected period | G78: Proposed expenditure (if available, required for publicly announced expansions)
F79: GJ/day | G79: $ nominal
B80: Section 24 | C80: See section 24 of the Basis of Preparation document.
B98: Total proposed expenditure | G98: =SUM(G80:G97) -> 0

Sheet Auditor's Review Report Capex

Sheet 5. Historical demand
B1: Part 10 Financial Reporting
B2: =IF(Tradingname=0," ",Tradingname) -> EAST AUSTRALIAN PIPELINE PTY LIMITED
B3: Year ending | C3: =IF(Yearending=0, "01/01/2000", Yearending) -> 45838
B4: Historical demand
B6: For information required to be published on the Gas Bulletin Board, please provide a publicly available link on their website to the relevant part of the Gas Bulletin Board.
B12: Table 5.1: Historical demand information
B14: Basis of Preparation ID | C14: Description of the information | D14: Publicly available link on Gas Bulletin Board
B15: Section 25 | C15: Utilised capacity | D15: https://aemo.com.au/energy-systems/gas/gas-bulletin-board-gbb/data-gbb/gas-flows
B16: Section 25 | C16: Nameplate capacity | D16: https://aemo.com.au/energy-systems/gas/gas-bulletin-board-gbb/data-gbb/gas-flows
B22: Table 5.2: Demand by pipeline service
C24: Contracted MDQ
C25: TJ/day
B26: Firm forward haul transportation service | C26: =C42/365 -> 340.62237
B27: Backhaul service
B28: Interruptible or as available transportation service
B29: Firm stand-alone compression service
B30: Interruptible or as available stand-alone compression service
B31: Park service
B32: Park and loan services
B33: Capacity trading service
B34: In pipe trading service
B35: Other
B38: Table 5.3: Daily demand
C40: Contracted firm capacity-transportation | D40: Contracted firm capacity-storage | E40: Utilised capacity | F40: Pipeline nameplate capacity | G40: Available capacity-total | H40: Available capacity-firm | I40: Available contracted capacity
C41: TJ/day | D41: TJ/day | E41: TJ/day | F41: TJ/day
B42: Total | C42: =SUM(C43:C408) -> 124327.17 | D42: =SUM(D43:D408) -> 0 | E42: =SUM(E43:E408) -> 44994.631 | F42: - | G42: =SUM(G43:G408) -> 161230.37 | H42: =SUM(H43:H408) -> 81897.835 | I42: =SUM(I43:I408) -> 79332.534
B43: =IF(Yearstart=0, "1/01/1999", Yearstart) -> 45474 | C43: 536.485 | E43: 399.17 | F43: 565 | G43: =F43-E43 -> 165.83 | H43: ='5. Historical demand'!F43-'5. Historical demand'!C43-'5. Historical demand'!D43 -> 28.515 | I43: =C43+D43-E43 -> 137.315
B44: =IFERROR(IF(Yearending>B43, B43+1, ""),"") -> 45475 | C44: 536.485 | E44: 389.244 | F44: 565 | G44: =IFERROR(IF(Yearending>B43,F44-E44,""),"") -> 175.756 | H44: =IFERROR(IF(Yearending>B43,'5. Historical demand'!F44-'5. Historical demand'!C44-'5. Historical demand'!D44,""),"") -> 28.515 | I44: =IFERROR(IF(Yearending>B43,C44+D44-E44,""),"") -> 147.241
B45: =IFERROR(IF(Yearending>B44, B44+1, ""),"") -> 45476 | C45: 536.485 | E45: 384.574 | F45: 565 | G45: =IFERROR(IF(Yearending>B44,F45-E45,""),"") -> 180.426 | H45: =IFERROR(IF(Yearending>B44,'5. Historical demand'!F45-'5. Historical demand'!C45-'5. Historical demand'!D45,""),"") -> 28.515 | I45: =IFERROR(IF(Yearending>B44,C45+D45-E45,""),"") -> 151.911
B46: =IFERROR(IF(Yearending>B45, B45+1, ""),"") -> 45477 | C46: 536.485 | E46: 401.408 | F46: 565 | G46: =IFERROR(IF(Yearending>B45,F46-E46,""),"") -> 163.592 | H46: =IFERROR(IF(Yearending>B45,'5. Historical demand'!F46-'5. Historical demand'!C46-'5. Historical demand'!D46,""),"") -> 28.515 | I46: =IFERROR(IF(Yearending>B45,C46+D46-E46,""),"") -> 135.077
B47: =IFERROR(IF(Yearending>B46, B46+1, ""),"") -> 45478 | C47: 536.485 | E47: 399.996 | F47: 565 | G47: =IFERROR(IF(Yearending>B46,F47-E47,""),"") -> 165.004 | H47: =IFERROR(IF(Yearending>B46,'5. Historical demand'!F47-'5. Historical demand'!C47-'5. Historical demand'!D47,""),"") -> 28.515 | I47: =IFERROR(IF(Yearending>B46,C47+D47-E47,""),"") -> 136.489
B48: =IFERROR(IF(Yearending>B47, B47+1, ""),"") -> 45479 | C48: 536.485 | E48: 415.596 | F48: 565 | G48: =IFERROR(IF(Yearending>B47,F48-E48,""),"") -> 149.404 | H48: =IFERROR(IF(Yearending>B47,'5. Historical demand'!F48-'5. Historical demand'!C48-'5. Historical demand'!D48,""),"") -> 28.515 | I48: =IFERROR(IF(Yearending>B47,C48+D48-E48,""),"") -> 120.889
B49: =IFERROR(IF(Yearending>B48, B48+1, ""),"") -> 45480 | C49: 536.485 | E49: 396.494 | F49: 565 | G49: =IFERROR(IF(Yearending>B48,F49-E49,""),"") -> 168.506 | H49: =IFERROR(IF(Yearending>B48,'5. Historical demand'!F49-'5. Historical demand'!C49-'5. Historical demand'!D49,""),"") -> 28.515 | I49: =IFERROR(IF(Yearending>B48,C49+D49-E49,""),"") -> 139.991
B50: =IFERROR(IF(Yearending>B49, B49+1, ""),"") -> 45481 | C50: 536.485 | E50: 429.542 | F50: 565 | G50: =IFERROR(IF(Yearending>B49,F50-E50,""),"") -> 135.458 | H50: =IFERROR(IF(Yearending>B49,'5. Historical demand'!F50-'5. Historical demand'!C50-'5. Historical demand'!D50,""),"") -> 28.515 | I50: =IFERROR(IF(Yearending>B49,C50+D50-E50,""),"") -> 106.943
B51: =IFERROR(IF(Yearending>B50, B50+1, ""),"") -> 45482 | C51: 536.485 | E51: 317.885 | F51: 565 | G51: =IFERROR(IF(Yearending>B50,F51-E51,""),"") -> 247.115 | H51: =IFERROR(IF(Yearending>B50,'5. Historical demand'!F51-'5. Historical demand'!C51-'5. Historical demand'!D51,""),"") -> 28.515 | I51: =IFERROR(IF(Yearending>B50,C51+D51-E51,""),"") -> 218.6
B52: =IFERROR(IF(Yearending>B51, B51+1, ""),"") -> 45483 | C52: 536.485 | E52: 282.505 | F52: 565 | G52: =IFERROR(IF(Yearending>B51,F52-E52,""),"") -> 282.495 | H52: =IFERROR(IF(Yearending>B51,'5. Historical demand'!F52-'5. Historical demand'!C52-'5. Historical demand'!D52,""),"") -> 28.515 | I52: =IFERROR(IF(Yearending>B51,C52+D52-E52,""),"") -> 253.98
B53: =IFERROR(IF(Yearending>B52, B52+1, ""),"") -> 45484 | C53: 536.485 | E53: 371.502 | F53: 565 | G53: =IFERROR(IF(Yearending>B52,F53-E53,""),"") -> 193.498 | H53: =IFERROR(IF(Yearending>B52,'5. Historical demand'!F53-'5. Historical demand'!C53-'5. Historical demand'!D53,""),"") -> 28.515 | I53: =IFERROR(IF(Yearending>B52,C53+D53-E53,""),"") -> 164.983
B54: =IFERROR(IF(Yearending>B53, B53+1, ""),"") -> 45485 | C54: 536.485 | E54: 250.002 | F54: 565 | G54: =IFERROR(IF(Yearending>B53,F54-E54,""),"") -> 314.998 | H54: =IFERROR(IF(Yearending>B53,'5. Historical demand'!F54-'5. Historical demand'!C54-'5. Historical demand'!D54,""),"") -> 28.515 | I54: =IFERROR(IF(Yearending>B53,C54+D54-E54,""),"") -> 286.483
B55: =IFERROR(IF(Yearending>B54, B54+1, ""),"") -> 45486 | C55: 536.485 | E55: 318.504 | F55: 565 | G55: =IFERROR(IF(Yearending>B54,F55-E55,""),"") -> 246.496 | H55: =IFERROR(IF(Yearending>B54,'5. Historical demand'!F55-'5. Historical demand'!C55-'5. Historical demand'!D55,""),"") -> 28.515 | I55: =IFERROR(IF(Yearending>B54,C55+D55-E55,""),"") -> 217.981
... B407: =IFERROR(IF(Yearending>B406, B406+1, ""),"") -> 45838 | C407: 480.34 | E407: 308.503 | F407: 565 | G407: =IFERROR(IF(Yearending>B406,F407-E407,""),"") -> 256.497 | H407: =IFERROR(IF(Yearending>B406,'5. Historical demand'!F407-'5. Historical demand'!C407-'5. Historical demand'!D407,""),"") -> 84.66 | I407: =IFERROR(IF(Yearending>B406,C407+D407-E407,""),"") -> 171.837
B408: =IFERROR(IF(Yearending>B407, B407+1, ""),"") | G408: =IFERROR(IF(Yearending>B407,F408-E408,""),"") | H408: =IFERROR(IF(Yearending>B407,'5. Historical demand'!F408-'5. Historical demand'!C408-'5. Historical demand'!D408,""),"") | I408: =IFERROR(IF(Yearending>B407,C408+D408-E408,""),"")

Sheet Auditor's Review Report Demand

Sheet 6. Pricing template
B1: Part 10 Financial Reporting
B2: =IF(Tradingname=0," ",Tradingname) -> EAST AUSTRALIAN PIPELINE PTY LIMITED
B3: Year ending | C3: =IF(Yearending=0, "0/01/2000", Yearending) -> 45838
B4: Pricing template
B5: All numbers are expressed in $nominal
B7: Please input the percentages of asset value allocated to each services, and the indexes provided by AER. Please ensure to include any necessary explanation in the Basis of Preparation of the allocation methodologies, or if alternative index is used. The cost-based pricing benchmarks is calculated based on three elements. The basic logics of the methodology would be explained in the handbook.
B16: 6.1 Inputs
B18: Service provider inputs | D18: AER inputs
B19: Description | C19: Asset allocation to pipeline service | D19: Description | E19: %
C20: %
B21: Firm forward haul transportation service | C21: 0.91129984 | D21: Average regulatory return on debt | E21: 0.0446
B22: Backhaul service | C22: 0 | D22: Gearing | E22: 0.6
B23: Interruptible or as available transportation service | C23: 0.0038216291 | D23: Statutory tax rate | E23: 0.3
B24: Firm stand-alone compression service | C24: 0 | D24: Gamma | E24: 0.57
B25: Interruptible or as available stand-alone compression service | C25: 0 | D25: Average regulatory rate of return | E25: 0.0499
B26: Park service | C26: 0.059237155
B27: Park and loan services | C27: 0.0067243167
B28: Capacity trading service | C28: 0.00076315624
B29: In pipe trading service | C29: 0.0008922785
B30: Other | C30: 0.017261626
B31: Total | C31: =SUM(C21:C30) -> 1
B34: 6.2 Pricing benchmarks
D36: Fixed operating costs per unit | E36: Return of capital per unit | F36: Return on capital & Tax per unit | G36: Total cost per unit | H36: Measurement unit
B37: Firm forward haul transportation service | C37: Low | D37: =MIN(C64:D64) -> 0.24991422 | E37: =MIN(E64:G64) -> 0 | F37: =MIN(H64,J64)+MIN(I64,K64) -> 0.26046423 | G37: =SUM(D37:F37) -> 0.51037845 | H37: $/GJ/day of Pipeline MDQ
C38: High | D38: =MAX(C64:D64) -> 0.37379006 | E38: =MAX(E64:G64) -> 0.30611683 | F38: =MAX(H64,J64)+MAX(I64,K64) -> 0.26046423 | G38: =SUM(D38:F38) -> 0.94037112
B39: Backhaul service | C39: Low | D39: =MIN(C65:D65) -> 0 | E39: =MIN(E65:G65) -> 0 | F39: =MIN(H65,J65)+MIN(I65,K65) -> 0 | G39: =SUM(D39:F39) -> 0 | H39: $/GJ/day of Pipeline MDQ
C40: High | D40: =MAX(C65:D65) -> 0 | E40: =MAX(E65:G65) -> 0 | F40: =MAX(H65,J65)+MAX(I65,K65) -> 0 | G40: =SUM(D40:F40) -> 0
B41: Interruptible or as available transportation service | C41: Low | D41: =MIN(C66:D66) -> 0 | E41: =MIN(E66:G66) -> 0 | F41: =MIN(H66,J66)+MIN(I66,K66) -> 0 | G41: =SUM(D41:F41) -> 0 | H41: $/GJ/day of Pipeline MDQ
C42: High | D42: =MAX(C66:D66) -> 0 | E42: =MAX(E66:G66) -> 0 | F42: =MAX(H66,J66)+MAX(I66,K66) -> 0 | G42: =SUM(D42:F42) -> 0
B43: Firm stand-alone compression service | C43: Low | D43: =MIN(C67:D67) -> 0 | E43: =MIN(E67:G67) -> 0 | F43: =MIN(H67,J67)+MIN(I67,K67) -> 0 | G43: =SUM(D43:F43) -> 0 | H43: $/GJ/day of Pipeline MDQ
C44: High | D44: =MAX(C67:D67) -> 0 | E44: =MAX(E67:G67) -> 0 | F44: =MAX(H67,J67)+MAX(I67,K67) -> 0 | G44: =SUM(D44:F44) -> 0
B45: Interruptible or as available stand-alone compression service | C45: Low | D45: =MIN(C68:D68) -> 0 | E45: =MIN(E68:G68) -> 0 | F45: =MIN(H68,J68)+MIN(I68,K68) -> 0 | G45: =SUM(D45:F45) -> 0 | H45: $/GJ/day of Pipeline MDQ
C46: High | D46: =MAX(C68:D68) -> 0 | E46: =MAX(E68:G68) -> 0 | F46: =MAX(H68,J68)+MAX(I68,K68) -> 0 | G46: =SUM(D46:F46) -> 0
B47: Park service | C47: Low | D47: =MIN(C69:D69) -> 0 | E47: =MIN(E69:G69) -> 0 | F47: =MIN(H69,J69)+MIN(I69,K69) -> 0 | G47: =SUM(D47:F47) -> 0 | H47: $/GJ/day of Pipeline MDQ
C48: High | D48: =MAX(C69:D69) -> 0 | E48: =MAX(E69:G69) -> 0 | F48: =MAX(H69,J69)+MAX(I69,K69) -> 0 | G48: =SUM(D48:F48) -> 0
B49: Park and loan services | C49: Low | D49: =MIN(C70:D70) -> 0 | E49: =MIN(E70:G70) -> 0 | F49: =MIN(H70,J70)+MIN(I70,K70) -> 0 | G49: =SUM(D49:F49) -> 0 | H49: $/GJ/day of Pipeline MDQ
C50: High | D50: =MAX(C70:D70) -> 0 | E50: =MAX(E70:G70) -> 0 | F50: =MAX(H70,J70)+MAX(I70,K70) -> 0 | G50: =SUM(D50:F50) -> 0
B51: Capacity trading service | C51: Low | D51: =MIN(C71:D71) -> 0 | E51: =MIN(E71:G71) -> 0 | F51: =MIN(H71,J71)+MIN(I71,K71) -> 0 | G51: =SUM(D51:F51) -> 0 | H51: $/GJ of MDQ traded
C52: High | D52: =MAX(C71:D71) -> 0 | E52: =MAX(E71:G71) -> 0 | F52: =MAX(H71,J71)+MAX(I71,K71) -> 0 | G52: =SUM(D52:F52) -> 0
B53: In pipe trading service | C53: Low | D53: =MIN(C72:D72) -> 0 | E53: =MIN(E72:G72) -> 0 | F53: =MIN(H72,J72)+MIN(I72,K72) -> 0 | G53: =SUM(D53:F53) -> 0 | H53: $/GJ traded
C54: High | D54: =MAX(C72:D72) -> 0 | E54: =MAX(E72:G72) -> 0 | F54: =MAX(H72,J72)+MAX(I72,K72) -> 0 | G54: =SUM(D54:F54) -> 0
B55: Other | C55: Low | D55: =MIN(C73:D73) -> 0 | E55: =MIN(E73:G73) -> 0 | F55: =MIN(H73,J73)+MIN(I73,K73) -> 0 | G55: =SUM(D55:F55) -> 0
C56: High | D56: =MAX(C73:D73) -> 0 | E56: =MAX(E73:G73) -> 0 | F56: =MAX(H73,J73)+MAX(I73,K73) -> 0 | G56: =SUM(D56:F56) -> 0
B59: 6.3 Elements calculated
B60: Summary
C61: 2 Fixed operating costs | E61: 3 Return of capital | H61: 3 Return on capital & Tax
C62: Total costs less depreciation in Table 2.1.1 per capacity denominator | D62: Direct costs less depreciation in Table 2.1.1 per capacity denominator | E62: Total asset depreciation per capacity denominator | F62: Direct asset depreciation per capacity denominator | G62: Depreciation of RCM asset value per capacity denominator | H62: Based on the inferred rates of return under Depreciated book value method | J62: Based on the average regulatory rate of return
H63: Return on capital per capacity denominator | I63: Tax estimate per capacity denominator | J63: Return on capital per capacity denominator | K63: Tax estimate per capacity denominator
B64: Firm forward haul transportation service | C64: =INDEX($F$79:$G$88,MATCH($B64,$B$79:$B$88,0),MATCH(C$62,$F$78:$G$78,0)) -> 0.37379006 | D64: =INDEX($F$79:$G$88,MATCH($B64,$B$79:$B$88,0),MATCH(D$62,$F$78:$G$78,0)) -> 0.24991422 | E64: =F104 -> 0.30611683 | F64: =G104 -> 0.27272304 | G64: =G116 -> 0 | H64: =I137 -> - | I64: =J137 -> - | J64: =I149 -> 0.24372503 | K64: =J149 -> 0.016739193
B65: Backhaul service | C65: =INDEX($F$79:$G$88,MATCH($B65,$B$79:$B$88,0),MATCH(C$62,$F$78:$G$78,0)) -> - | D65: =INDEX($F$79:$G$88,MATCH($B65,$B$79:$B$88,0),MATCH(D$62,$F$78:$G$78,0)) -> - | E65: =F105 -> - | F65: =G105 -> - | G65: =G117 -> - | H65: =I138 -> - | I65: =J138 -> - | J65: =I150 -> - | K65: =J150 -> -
B66: Interruptible or as available transportation service | C66: =INDEX($F$79:$G$88,MATCH($B66,$B$79:$B$88,0),MATCH(C$62,$F$78:$G$78,0)) -> - | D66: =INDEX($F$79:$G$88,MATCH($B66,$B$79:$B$88,0),MATCH(D$62,$F$78:$G$78,0)) -> - | E66: =F106 -> - | F66: =G106 -> - | G66: =G118 -> - | H66: =I139 -> - | I66: =J139 -> - | J66: =I151 -> - | K66: =J151 -> -
B67: Firm stand-alone compression service | C67: =INDEX($F$79:$G$88,MATCH($B67,$B$79:$B$88,0),MATCH(C$62,$F$78:$G$78,0)) -> - | D67: =INDEX($F$79:$G$88,MATCH($B67,$B$79:$B$88,0),MATCH(D$62,$F$78:$G$78,0)) -> - | E67: =F107 -> - | F67: =G107 -> - | G67: =G119 -> - | H67: =I140 -> - | I67: =J140 -> - | J67: =I152 -> - | K67: =J152 -> -
B68: Interruptible or as available stand-alone compression service | C68: =INDEX($F$79:$G$88,MATCH($B68,$B$79:$B$88,0),MATCH(C$62,$F$78:$G$78,0)) -> - | D68: =INDEX($F$79:$G$88,MATCH($B68,$B$79:$B$88,0),MATCH(D$62,$F$78:$G$78,0)) -> - | E68: =F108 -> - | F68: =G108 -> - | G68: =G120 -> - | H68: =I141 -> - | I68: =J141 -> - | J68: =I153 -> - | K68: =J153 -> -
B69: Park service | C69: =INDEX($F$79:$G$88,MATCH($B69,$B$79:$B$88,0),MATCH(C$62,$F$78:$G$78,0)) -> - | D69: =INDEX($F$79:$G$88,MATCH($B69,$B$79:$B$88,0),MATCH(D$62,$F$78:$G$78,0)) -> - | E69: =F109 -> - | F69: =G109 -> - | G69: =G121 -> - | H69: =I142 -> - | I69: =J142 -> - | J69: =I154 -> - | K69: =J154 -> -
B70: Park and loan services | C70: =INDEX($F$79:$G$88,MATCH($B70,$B$79:$B$88,0),MATCH(C$62,$F$78:$G$78,0)) -> - | D70: =INDEX($F$79:$G$88,MATCH($B70,$B$79:$B$88,0),MATCH(D$62,$F$78:$G$78,0)) -> - | E70: =F110 -> - | F70: =G110 -> - | G70: =G122 -> - | H70: =I143 -> - | I70: =J143 -> - | J70: =I155 -> - | K70: =J155 -> -
B71: Capacity trading service | C71: =INDEX($F$79:$G$88,MATCH($B71,$B$79:$B$88,0),MATCH(C$62,$F$78:$G$78,0)) -> - | D71: =INDEX($F$79:$G$88,MATCH($B71,$B$79:$B$88,0),MATCH(D$62,$F$78:$G$78,0)) -> - | E71: =F111 -> - | F71: =G111 -> - | G71: =G123 -> - | H71: =I144 -> - | I71: =J144 -> - | J71: =I156 -> - | K71: =J156 -> -
B72: In pipe trading service | C72: =INDEX($F$79:$G$88,MATCH($B72,$B$79:$B$88,0),MATCH(C$62,$F$78:$G$78,0)) -> - | D72: =INDEX($F$79:$G$88,MATCH($B72,$B$79:$B$88,0),MATCH(D$62,$F$78:$G$78,0)) -> - | E72: =F112 -> - | F72: =G112 -> - | G72: =G124 -> - | H72: =I145 -> - | I72: =J145 -> - | J72: =I157 -> - | K72: =J157 -> -
B73: Other | C73: =INDEX($F$79:$G$88,MATCH($B73,$B$79:$B$88,0),MATCH(C$62,$F$78:$G$78,0)) -> - | D73: =INDEX($F$79:$G$88,MATCH($B73,$B$79:$B$88,0),MATCH(D$62,$F$78:$G$78,0)) -> - | E73: =F113 -> - | F73: =G113 -> - | G73: =G125 -> - | H73: =I146 -> - | I73: =J146 -> - | J73: =I158 -> - | K73: =J158 -> -
B76: 6.4 Calculation process
B77: Fixed operating costs
B78: 29. Three estimates of opex per unit of capacity | C78: Total costs less depreciation in Table 2.1.1 | D78: Direct costs less depreciation in Table 2.1.1 | E78: Capacity denominator (report period) TJ | F78: Total costs less depreciation in Table 2.1.1 per capacity denominator | G78: Direct costs less depreciation in Table 2.1.1 per capacity denominator
B79: Firm forward haul transportation service | C79: =ABS('2.1 Profit & Loss by component'!$F$32*INDEX('2.2 Allocation to services'!$D$56:$D$65,MATCH('6. Pricing template'!B79,'2.2 Allocation to services'!$C$56:$C$65,0),1))+ABS('2.1 Profit & Loss by component'!$F$43*INDEX('2.2 Allocation to services'!$D$80:$D$89,MATCH('6. Pricing template'!B79,'2.2 Allocation to services'!$C$80:$C$89,0),1))-ABS('2.1 Profit & Loss by component'!$F$37+'2.1 Profit & Loss by component'!$F$26)*INDEX('2.2 Allocation to services'!$D$68:$D$77,MATCH('6. Pricing template'!B79,'2.2 Allocation to services'!$C$68:$C$77,0),1) -> 46344938 | D79: =ABS('2.1 Profit & Loss by component'!$F$32*INDEX('2.2 Allocation to services'!$D$56:$D$65,MATCH('6. Pricing template'!B79,'2.2 Allocation to services'!$C$56:$C$65,0),1))-ABS('2.1 Profit & Loss by component'!$F$26)*INDEX('2.2 Allocation to services'!$D$68:$D$77,MATCH('6. Pricing template'!B79,'2.2 Allocation to services'!$C$68:$C$77,0),1) -> 30986000 | E79: =INDEX('5. Historical demand'!$C$26:$C$35,MATCH('6. Pricing template'!B79,'5. Historical demand'!$B$26:$B$35,0),1)*(Yearending-Yearstart) -> 123986.54 | F79: =IFERROR(C79/(E79*1000)," -") -> 0.37379006 | G79: =IFERROR(D79/(E79*1000)," -") -> 0.24991422
B80: Backhaul service | C80: =ABS('2.1 Profit & Loss by component'!$F$32*INDEX('2.2 Allocation to services'!$D$56:$D$65,MATCH('6. Pricing template'!B80,'2.2 Allocation to services'!$C$56:$C$65,0),1))+ABS('2.1 Profit & Loss by component'!$F$43*INDEX('2.2 Allocation to services'!$D$80:$D$89,MATCH('6. Pricing template'!B80,'2.2 Allocation to services'!$C$80:$C$89,0),1))-ABS('2.1 Profit & Loss by component'!$F$37+'2.1 Profit & Loss by component'!$F$26)*INDEX('2.2 Allocation to services'!$D$68:$D$77,MATCH('6. Pricing template'!B80,'2.2 Allocation to services'!$C$68:$C$77,0),1) -> 0 | D80: =ABS('2.1 Profit & Loss by component'!$F$32*INDEX('2.2 Allocation to services'!$D$56:$D$65,MATCH('6. Pricing template'!B80,'2.2 Allocation to services'!$C$56:$C$65,0),1))-ABS('2.1 Profit & Loss by component'!$F$26)*INDEX('2.2 Allocation to services'!$D$68:$D$77,MATCH('6. Pricing template'!B80,'2.2 Allocation to services'!$C$68:$C$77,0),1) -> 0 | E80: =INDEX('5. Historical demand'!$C$26:$C$35,MATCH('6. Pricing template'!B80,'5. Historical demand'!$B$26:$B$35,0),1)*(Yearending-Yearstart) -> 0 | F80: =IFERROR(C80/(E80*1000)," -") -> - | G80: =IFERROR(D80/(E80*1000)," -") -> -
B81: Interruptible or as available transportation service | C81: =ABS('2.1 Profit & Loss by component'!$F$32*INDEX('2.2 Allocation to services'!$D$56:$D$65,MATCH('6. Pricing template'!B81,'2.2 Allocation to services'!$C$56:$C$65,0),1))+ABS('2.1 Profit & Loss by component'!$F$43*INDEX('2.2 Allocation to services'!$D$80:$D$89,MATCH('6. Pricing template'!B81,'2.2 Allocation to services'!$C$80:$C$89,0),1))-ABS('2.1 Profit & Loss by component'!$F$37+'2.1 Profit & Loss by component'!$F$26)*INDEX('2.2 Allocation to services'!$D$68:$D$77,MATCH('6. Pricing template'!B81,'2.2 Allocation to services'!$C$68:$C$77,0),1) -> 194352.24 | D81: =ABS('2.1 Profit & Loss by component'!$F$32*INDEX('2.2 Allocation to services'!$D$56:$D$65,MATCH('6. Pricing template'!B81,'2.2 Allocation to services'!$C$56:$C$65,0),1))-ABS('2.1 Profit & Loss by component'!$F$26)*INDEX('2.2 Allocation to services'!$D$68:$D$77,MATCH('6. Pricing template'!B81,'2.2 Allocation to services'!$C$68:$C$77,0),1) -> 129942.96 | E81: =INDEX('5. Historical demand'!$C$26:$C$35,MATCH('6. Pricing template'!B81,'5. Historical demand'!$B$26:$B$35,0),1)*(Yearending-Yearstart) -> 0 | F81: =IFERROR(C81/(E81*1000)," -") -> - | G81: =IFERROR(D81/(E81*1000)," -") -> -
B82: Firm stand-alone compression service | C82: =ABS('2.1 Profit & Loss by component'!$F$32*INDEX('2.2 Allocation to services'!$D$56:$D$65,MATCH('6. Pricing template'!B82,'2.2 Allocation to services'!$C$56:$C$65,0),1))+ABS('2.1 Profit & Loss by component'!$F$43*INDEX('2.2 Allocation to services'!$D$80:$D$89,MATCH('6. Pricing template'!B82,'2.2 Allocation to services'!$C$80:$C$89,0),1))-ABS('2.1 Profit & Loss by component'!$F$37+'2.1 Profit & Loss by component'!$F$26)*INDEX('2.2 Allocation to services'!$D$68:$D$77,MATCH('6. Pricing template'!B82,'2.2 Allocation to services'!$C$68:$C$77,0),1) -> 0 | D82: =ABS('2.1 Profit & Loss by component'!$F$32*INDEX('2.2 Allocation to services'!$D$56:$D$65,MATCH('6. Pricing template'!B82,'2.2 Allocation to services'!$C$56:$C$65,0),1))-ABS('2.1 Profit & Loss by component'!$F$26)*INDEX('2.2 Allocation to services'!$D$68:$D$77,MATCH('6. Pricing template'!B82,'2.2 Allocation to services'!$C$68:$C$77,0),1) -> 0 | E82: =INDEX('5. Historical demand'!$C$26:$C$35,MATCH('6. Pricing template'!B82,'5. Historical demand'!$B$26:$B$35,0),1)*(Yearending-Yearstart) -> 0 | F82: =IFERROR(C82/(E82*1000)," -") -> - | G82: =IFERROR(D82/(E82*1000)," -") -> -
B83: Interruptible or as available stand-alone compression service | C83: =ABS('2.1 Profit & Loss by component'!$F$32*INDEX('2.2 Allocation to services'!$D$56:$D$65,MATCH('6. Pricing template'!B83,'2.2 Allocation to services'!$C$56:$C$65,0),1))+ABS('2.1 Profit & Loss by component'!$F$43*INDEX('2.2 Allocation to services'!$D$80:$D$89,MATCH('6. Pricing template'!B83,'2.2 Allocation to services'!$C$80:$C$89,0),1))-ABS('2.1 Profit & Loss by component'!$F$37+'2.1 Profit & Loss by component'!$F$26)*INDEX('2.2 Allocation to services'!$D$68:$D$77,MATCH('6. Pricing template'!B83,'2.2 Allocation to services'!$C$68:$C$77,0),1) -> 0 | D83: =ABS('2.1 Profit & Loss by component'!$F$32*INDEX('2.2 Allocation to services'!$D$56:$D$65,MATCH('6. Pricing template'!B83,'2.2 Allocation to services'!$C$56:$C$65,0),1))-ABS('2.1 Profit & Loss by component'!$F$26)*INDEX('2.2 Allocation to services'!$D$68:$D$77,MATCH('6. Pricing template'!B83,'2.2 Allocation to services'!$C$68:$C$77,0),1) -> 0 | E83: =INDEX('5. Historical demand'!$C$26:$C$35,MATCH('6. Pricing template'!B83,'5. Historical demand'!$B$26:$B$35,0),1)*(Yearending-Yearstart) -> 0 | F83: =IFERROR(C83/(E83*1000)," -") -> - | G83: =IFERROR(D83/(E83*1000)," -") -> -
B84: Park service | C84: =ABS('2.1 Profit & Loss by component'!$F$32*INDEX('2.2 Allocation to services'!$D$56:$D$65,MATCH('6. Pricing template'!B84,'2.2 Allocation to services'!$C$56:$C$65,0),1))+ABS('2.1 Profit & Loss by component'!$F$43*INDEX('2.2 Allocation to services'!$D$80:$D$89,MATCH('6. Pricing template'!B84,'2.2 Allocation to services'!$C$80:$C$89,0),1))-ABS('2.1 Profit & Loss by component'!$F$37+'2.1 Profit & Loss by component'!$F$26)*INDEX('2.2 Allocation to services'!$D$68:$D$77,MATCH('6. Pricing template'!B84,'2.2 Allocation to services'!$C$68:$C$77,0),1) -> 3012556.5 | D84: =ABS('2.1 Profit & Loss by component'!$F$32*INDEX('2.2 Allocation to services'!$D$56:$D$65,MATCH('6. Pricing template'!B84,'2.2 Allocation to services'!$C$56:$C$65,0),1))-ABS('2.1 Profit & Loss by component'!$F$26)*INDEX('2.2 Allocation to services'!$D$68:$D$77,MATCH('6. Pricing template'!B84,'2.2 Allocation to services'!$C$68:$C$77,0),1) -> 2014180.7 | E84: =INDEX('5. Historical demand'!$C$26:$C$35,MATCH('6. Pricing template'!B84,'5. Historical demand'!$B$26:$B$35,0),1)*(Yearending-Yearstart) -> 0 | F84: =IFERROR(C84/(E84*1000)," -") -> - | G84: =IFERROR(D84/(E84*1000)," -") -> -
B85: Park and loan services | C85: =ABS('2.1 Profit & Loss by component'!$F$32*INDEX('2.2 Allocation to services'!$D$56:$D$65,MATCH('6. Pricing template'!B85,'2.2 Allocation to services'!$C$56:$C$65,0),1))+ABS('2.1 Profit & Loss by component'!$F$43*INDEX('2.2 Allocation to services'!$D$80:$D$89,MATCH('6. Pricing template'!B85,'2.2 Allocation to services'!$C$80:$C$89,0),1))-ABS('2.1 Profit & Loss by component'!$F$37+'2.1 Profit & Loss by component'!$F$26)*INDEX('2.2 Allocation to services'!$D$68:$D$77,MATCH('6. Pricing template'!B85,'2.2 Allocation to services'!$C$68:$C$77,0),1) -> 341970.92 | D85: =ABS('2.1 Profit & Loss by component'!$F$32*INDEX('2.2 Allocation to services'!$D$56:$D$65,MATCH('6. Pricing template'!B85,'2.2 Allocation to services'!$C$56:$C$65,0),1))-ABS('2.1 Profit & Loss by component'!$F$26)*INDEX('2.2 Allocation to services'!$D$68:$D$77,MATCH('6. Pricing template'!B85,'2.2 Allocation to services'!$C$68:$C$77,0),1) -> 228640.09 | E85: =INDEX('5. Historical demand'!$C$26:$C$35,MATCH('6. Pricing template'!B85,'5. Historical demand'!$B$26:$B$35,0),1)*(Yearending-Yearstart) -> 0 | F85: =IFERROR(C85/(E85*1000)," -") -> - | G85: =IFERROR(D85/(E85*1000)," -") -> -
B86: Capacity trading service | C86: =ABS('2.1 Profit & Loss by component'!$F$32*INDEX('2.2 Allocation to services'!$D$56:$D$65,MATCH('6. Pricing template'!B86,'2.2 Allocation to services'!$C$56:$C$65,0),1))+ABS('2.1 Profit & Loss by component'!$F$43*INDEX('2.2 Allocation to services'!$D$80:$D$89,MATCH('6. Pricing template'!B86,'2.2 Allocation to services'!$C$80:$C$89,0),1))-ABS('2.1 Profit & Loss by component'!$F$37+'2.1 Profit & Loss by component'!$F$26)*INDEX('2.2 Allocation to services'!$D$68:$D$77,MATCH('6. Pricing template'!B86,'2.2 Allocation to services'!$C$68:$C$77,0),1) -> 38810.967 | D86: =ABS('2.1 Profit & Loss by component'!$F$32*INDEX('2.2 Allocation to services'!$D$56:$D$65,MATCH('6. Pricing template'!B86,'2.2 Allocation to services'!$C$56:$C$65,0),1))-ABS('2.1 Profit & Loss by component'!$F$26)*INDEX('2.2 Allocation to services'!$D$68:$D$77,MATCH('6. Pricing template'!B86,'2.2 Allocation to services'!$C$68:$C$77,0),1) -> 25948.824 | E86: =INDEX('5. Historical demand'!$C$26:$C$35,MATCH('6. Pricing template'!B86,'5. Historical demand'!$B$26:$B$35,0),1)*(Yearending-Yearstart) -> 0 | F86: =IFERROR(C86/(E86*1000)," -") -> - | G86: =IFERROR(D86/(E86*1000)," -") -> -
B87: In pipe trading service | C87: =ABS('2.1 Profit & Loss by component'!$F$32*INDEX('2.2 Allocation to services'!$D$56:$D$65,MATCH('6. Pricing template'!B87,'2.2 Allocation to services'!$C$56:$C$65,0),1))+ABS('2.1 Profit & Loss by component'!$F$43*INDEX('2.2 Allocation to services'!$D$80:$D$89,MATCH('6. Pricing template'!B87,'2.2 Allocation to services'!$C$80:$C$89,0),1))-ABS('2.1 Profit & Loss by component'!$F$37+'2.1 Profit & Loss by component'!$F$26)*INDEX('2.2 Allocation to services'!$D$68:$D$77,MATCH('6. Pricing template'!B87,'2.2 Allocation to services'!$C$68:$C$77,0),1) -> 45377.591 | D87: =ABS('2.1 Profit & Loss by component'!$F$32*INDEX('2.2 Allocation to services'!$D$56:$D$65,MATCH('6. Pricing template'!B87,'2.2 Allocation to services'!$C$56:$C$65,0),1))-ABS('2.1 Profit & Loss by component'!$F$26)*INDEX('2.2 Allocation to services'!$D$68:$D$77,MATCH('6. Pricing template'!B87,'2.2 Allocation to services'!$C$68:$C$77,0),1) -> 30339.237 | E87: =INDEX('5. Historical demand'!$C$26:$C$35,MATCH('6. Pricing template'!B87,'5. Historical demand'!$B$26:$B$35,0),1)*(Yearending-Yearstart) -> 0 | F87: =IFERROR(C87/(E87*1000)," -") -> - | G87: =IFERROR(D87/(E87*1000)," -") -> -
B88: Other | C88: =ABS('2.1 Profit & Loss by component'!$F$32*INDEX('2.2 Allocation to services'!$D$56:$D$65,MATCH('6. Pricing template'!B88,'2.2 Allocation to services'!$C$56:$C$65,0),1))+ABS('2.1 Profit & Loss by component'!$F$43*INDEX('2.2 Allocation to services'!$D$80:$D$89,MATCH('6. Pricing template'!B88,'2.2 Allocation to services'!$C$80:$C$89,0),1))-ABS('2.1 Profit & Loss by component'!$F$37+'2.1 Profit & Loss by component'!$F$26)*INDEX('2.2 Allocation to services'!$D$68:$D$77,MATCH('6. Pricing template'!B88,'2.2 Allocation to services'!$C$68:$C$77,0),1) -> 877854.87 | D88: =ABS('2.1 Profit & Loss by component'!$F$32*INDEX('2.2 Allocation to services'!$D$56:$D$65,MATCH('6. Pricing template'!B88,'2.2 Allocation to services'!$C$56:$C$65,0),1))-ABS('2.1 Profit & Loss by component'!$F$26)*INDEX('2.2 Allocation to services'!$D$68:$D$77,MATCH('6. Pricing template'!B88,'2.2 Allocation to services'!$C$68:$C$77,0),1) -> 586929.51 | E88: =INDEX('5. Historical demand'!$C$26:$C$35,MATCH('6. Pricing template'!B88,'5. Historical demand'!$B$26:$B$35,0),1)*(Yearending-Yearstart) -> 0 | F88: =IFERROR(C88/(E88*1000)," -") -> - | G88: =IFERROR(D88/(E88*1000)," -") -> -
B90: Return of capital
B91: 28. Estimated remaining direct asset lives | C91: Depreciable direct assets in Table 3.1.1 or 3.2.1 | D91: Estimated one-year direct asset depreciation | E91: Estimated remaining asset life
B92: Firm forward haul transportation service | C92: =IF(Cover!$C$23="Scheme pipeline",( '3.2 Regulatory Asset Base'!$H$95-'3.2 Regulatory Asset Base'!$H$94)*C21,('3.1 Depreciated Book Value'!$D$25+'3.1 Depreciated Book Value'!$D$33+'3.1 Depreciated Book Value'!$D$41+'3.1 Depreciated Book Value'!$D$49+'3.1 Depreciated Book Value'!$D$57+'3.1 Depreciated Book Value'!$D$65+'3.1 Depreciated Book Value'!$D$73+'3.1 Depreciated Book Value'!$D$88+'3.1 Depreciated Book Value'!$D$96)*C21) -> 5.9869204e+08 | D92: =ABS('2.1 Profit & Loss by component'!$F$26)*INDEX('2.2 Allocation to services'!$D$68:$D$77,MATCH('6. Pricing template'!B79,'2.2 Allocation to services'!$C$68:$C$77,0),1)/(Yearending-Yearstart)*365 -> 33906883 | E92: =IFERROR(C92/D92," - ") -> 17.656947
B93: Backhaul service | C93: =IF(Cover!$C$23="Scheme pipeline",( '3.2 Regulatory Asset Base'!$H$95-'3.2 Regulatory Asset Base'!$H$94)*C22,('3.1 Depreciated Book Value'!$D$25+'3.1 Depreciated Book Value'!$D$33+'3.1 Depreciated Book Value'!$D$41+'3.1 Depreciated Book Value'!$D$49+'3.1 Depreciated Book Value'!$D$57+'3.1 Depreciated Book Value'!$D$65+'3.1 Depreciated Book Value'!$D$73+'3.1 Depreciated Book Value'!$D$88+'3.1 Depreciated Book Value'!$D$96)*C22) -> 0 | D93: =ABS('2.1 Profit & Loss by component'!$F$26)*INDEX('2.2 Allocation to services'!$D$68:$D$77,MATCH('6. Pricing template'!B80,'2.2 Allocation to services'!$C$68:$C$77,0),1)/(Yearending-Yearstart)*365 -> 0 | E93: =IFERROR(C93/D93," - ") -> -
B94: Interruptible or as available transportation service | C94: =IF(Cover!$C$23="Scheme pipeline",( '3.2 Regulatory Asset Base'!$H$95-'3.2 Regulatory Asset Base'!$H$94)*C23,('3.1 Depreciated Book Value'!$D$25+'3.1 Depreciated Book Value'!$D$33+'3.1 Depreciated Book Value'!$D$41+'3.1 Depreciated Book Value'!$D$49+'3.1 Depreciated Book Value'!$D$57+'3.1 Depreciated Book Value'!$D$65+'3.1 Depreciated Book Value'!$D$73+'3.1 Depreciated Book Value'!$D$88+'3.1 Depreciated Book Value'!$D$96)*C23) -> 2510676.3 | D94: =ABS('2.1 Profit & Loss by component'!$F$26)*INDEX('2.2 Allocation to services'!$D$68:$D$77,MATCH('6. Pricing template'!B81,'2.2 Allocation to services'!$C$68:$C$77,0),1)/(Yearending-Yearstart)*365 -> 142191.98 | E94: =IFERROR(C94/D94," - ") -> 17.656947
B95: Firm stand-alone compression service | C95: =IF(Cover!$C$23="Scheme pipeline",( '3.2 Regulatory Asset Base'!$H$95-'3.2 Regulatory Asset Base'!$H$94)*C24,('3.1 Depreciated Book Value'!$D$25+'3.1 Depreciated Book Value'!$D$33+'3.1 Depreciated Book Value'!$D$41+'3.1 Depreciated Book Value'!$D$49+'3.1 Depreciated Book Value'!$D$57+'3.1 Depreciated Book Value'!$D$65+'3.1 Depreciated Book Value'!$D$73+'3.1 Depreciated Book Value'!$D$88+'3.1 Depreciated Book Value'!$D$96)*C24) -> 0 | D95: =ABS('2.1 Profit & Loss by component'!$F$26)*INDEX('2.2 Allocation to services'!$D$68:$D$77,MATCH('6. Pricing template'!B82,'2.2 Allocation to services'!$C$68:$C$77,0),1)/(Yearending-Yearstart)*365 -> 0 | E95: =IFERROR(C95/D95," - ") -> -
B96: Interruptible or as available stand-alone compression service | C96: =IF(Cover!$C$23="Scheme pipeline",( '3.2 Regulatory Asset Base'!$H$95-'3.2 Regulatory Asset Base'!$H$94)*C25,('3.1 Depreciated Book Value'!$D$25+'3.1 Depreciated Book Value'!$D$33+'3.1 Depreciated Book Value'!$D$41+'3.1 Depreciated Book Value'!$D$49+'3.1 Depreciated Book Value'!$D$57+'3.1 Depreciated Book Value'!$D$65+'3.1 Depreciated Book Value'!$D$73+'3.1 Depreciated Book Value'!$D$88+'3.1 Depreciated Book Value'!$D$96)*C25) -> 0 | D96: =ABS('2.1 Profit & Loss by component'!$F$26)*INDEX('2.2 Allocation to services'!$D$68:$D$77,MATCH('6. Pricing template'!B83,'2.2 Allocation to services'!$C$68:$C$77,0),1)/(Yearending-Yearstart)*365 -> 0 | E96: =IFERROR(C96/D96," - ") -> -
B97: Park service | C97: =IF(Cover!$C$23="Scheme pipeline",( '3.2 Regulatory Asset Base'!$H$95-'3.2 Regulatory Asset Base'!$H$94)*C26,('3.1 Depreciated Book Value'!$D$25+'3.1 Depreciated Book Value'!$D$33+'3.1 Depreciated Book Value'!$D$41+'3.1 Depreciated Book Value'!$D$49+'3.1 Depreciated Book Value'!$D$57+'3.1 Depreciated Book Value'!$D$65+'3.1 Depreciated Book Value'!$D$73+'3.1 Depreciated Book Value'!$D$88+'3.1 Depreciated Book Value'!$D$96)*C26) -> 38916734 | D97: =ABS('2.1 Profit & Loss by component'!$F$26)*INDEX('2.2 Allocation to services'!$D$68:$D$77,MATCH('6. Pricing template'!B84,'2.2 Allocation to services'!$C$68:$C$77,0),1)/(Yearending-Yearstart)*365 -> 2204046.6 | E97: =IFERROR(C97/D97," - ") -> 17.656947
B98: Park and loan services | C98: =IF(Cover!$C$23="Scheme pipeline",( '3.2 Regulatory Asset Base'!$H$95-'3.2 Regulatory Asset Base'!$H$94)*C27,('3.1 Depreciated Book Value'!$D$25+'3.1 Depreciated Book Value'!$D$33+'3.1 Depreciated Book Value'!$D$41+'3.1 Depreciated Book Value'!$D$49+'3.1 Depreciated Book Value'!$D$57+'3.1 Depreciated Book Value'!$D$65+'3.1 Depreciated Book Value'!$D$73+'3.1 Depreciated Book Value'!$D$88+'3.1 Depreciated Book Value'!$D$96)*C27) -> 4417640.3 | D98: =ABS('2.1 Profit & Loss by component'!$F$26)*INDEX('2.2 Allocation to services'!$D$68:$D$77,MATCH('6. Pricing template'!B85,'2.2 Allocation to services'!$C$68:$C$77,0),1)/(Yearending-Yearstart)*365 -> 250192.76 | E98: =IFERROR(C98/D98," - ") -> 17.656947
B99: Capacity trading service | C99: =IF(Cover!$C$23="Scheme pipeline",( '3.2 Regulatory Asset Base'!$H$95-'3.2 Regulatory Asset Base'!$H$94)*C28,('3.1 Depreciated Book Value'!$D$25+'3.1 Depreciated Book Value'!$D$33+'3.1 Depreciated Book Value'!$D$41+'3.1 Depreciated Book Value'!$D$49+'3.1 Depreciated Book Value'!$D$57+'3.1 Depreciated Book Value'!$D$65+'3.1 Depreciated Book Value'!$D$73+'3.1 Depreciated Book Value'!$D$88+'3.1 Depreciated Book Value'!$D$96)*C28) -> 501366.89 | D99: =ABS('2.1 Profit & Loss by component'!$F$26)*INDEX('2.2 Allocation to services'!$D$68:$D$77,MATCH('6. Pricing template'!B86,'2.2 Allocation to services'!$C$68:$C$77,0),1)/(Yearending-Yearstart)*365 -> 28394.879 | E99: =IFERROR(C99/D99," - ") -> 17.656947
B100: In pipe trading service | C100: =IF(Cover!$C$23="Scheme pipeline",( '3.2 Regulatory Asset Base'!$H$95-'3.2 Regulatory Asset Base'!$H$94)*C29,('3.1 Depreciated Book Value'!$D$25+'3.1 Depreciated Book Value'!$D$33+'3.1 Depreciated Book Value'!$D$41+'3.1 Depreciated Book Value'!$D$49+'3.1 Depreciated Book Value'!$D$57+'3.1 Depreciated Book Value'!$D$65+'3.1 Depreciated Book Value'!$D$73+'3.1 Depreciated Book Value'!$D$88+'3.1 Depreciated Book Value'!$D$96)*C29) -> 586195.69 | D100: =ABS('2.1 Profit & Loss by component'!$F$26)*INDEX('2.2 Allocation to services'!$D$68:$D$77,MATCH('6. Pricing template'!B87,'2.2 Allocation to services'!$C$68:$C$77,0),1)/(Yearending-Yearstart)*365 -> 33199.153 | E100: =IFERROR(C100/D100," - ") -> 17.656947
B101: Other | C101: =IF(Cover!$C$23="Scheme pipeline",( '3.2 Regulatory Asset Base'!$H$95-'3.2 Regulatory Asset Base'!$H$94)*C30,('3.1 Depreciated Book Value'!$D$25+'3.1 Depreciated Book Value'!$D$33+'3.1 Depreciated Book Value'!$D$41+'3.1 Depreciated Book Value'!$D$49+'3.1 Depreciated Book Value'!$D$57+'3.1 Depreciated Book Value'!$D$65+'3.1 Depreciated Book Value'!$D$73+'3.1 Depreciated Book Value'!$D$88+'3.1 Depreciated Book Value'!$D$96)*C30) -> 11340283 | D101: =ABS('2.1 Profit & Loss by component'!$F$26)*INDEX('2.2 Allocation to services'!$D$68:$D$77,MATCH('6. Pricing template'!B88,'2.2 Allocation to services'!$C$68:$C$77,0),1)/(Yearending-Yearstart)*365 -> 642256.17 | E101: =IFERROR(C101/D101," - ") -> 17.656947
B103: 30-31. Depreciation on (total: direct and shared/direct) assets per unit of capacity | C103: Total asset depreciation in Table 2.1.1 | D103: Direct asset depreciation in Table 2.1.1 | E103: Capacity denominator (report period) TJ | F103: Total asset depreciation per capacity denominator | G103: Direct asset depreciation per capacity denominator
B104: Firm forward haul transportation service | C104: =ABS('2.1 Profit & Loss by component'!$F$26+'2.1 Profit & Loss by component'!$F$37)*INDEX('2.2 Allocation to services'!$D$68:$D$77,MATCH(B104,'2.2 Allocation to services'!$C$68:$C$77,0),1) -> 37954368 | D104: =ABS('2.1 Profit & Loss by component'!$F$26*INDEX('2.2 Allocation to services'!$D$68:$D$77,MATCH(B104,'2.2 Allocation to services'!$C$68:$C$77,0),1)) -> 33813987 | E104: =INDEX('5. Historical demand'!$C$26:$C$35,MATCH(B104,'5. Historical demand'!$B$26:$B$35,0),1)*(Yearending-Yearstart) -> 123986.54 | F104: =IFERROR(C104/(E104*1000)," - ") -> 0.30611683 | G104: =IFERROR(D104/(E104*1000)," - ") -> 0.27272304
B105: Backhaul service | C105: =ABS('2.1 Profit & Loss by component'!$F$26+'2.1 Profit & Loss by component'!$F$37)*INDEX('2.2 Allocation to services'!$D$68:$D$77,MATCH(B105,'2.2 Allocation to services'!$C$68:$C$77,0),1) -> 0 | D105: =ABS('2.1 Profit & Loss by component'!$F$26*INDEX('2.2 Allocation to services'!$D$68:$D$77,MATCH(B105,'2.2 Allocation to services'!$C$68:$C$77,0),1)) -> 0 | E105: =INDEX('5. Historical demand'!$C$26:$C$35,MATCH(B105,'5. Historical demand'!$B$26:$B$35,0),1)*(Yearending-Yearstart) -> 0 | F105: =IFERROR(C105/(E105*1000)," - ") -> - | G105: =IFERROR(D105/(E105*1000)," - ") -> -
B106: Interruptible or as available transportation service | C106: =ABS('2.1 Profit & Loss by component'!$F$26+'2.1 Profit & Loss by component'!$F$37)*INDEX('2.2 Allocation to services'!$D$68:$D$77,MATCH(B106,'2.2 Allocation to services'!$C$68:$C$77,0),1) -> 159165.53 | D106: =ABS('2.1 Profit & Loss by component'!$F$26*INDEX('2.2 Allocation to services'!$D$68:$D$77,MATCH(B106,'2.2 Allocation to services'!$C$68:$C$77,0),1)) -> 141802.42 | E106: =INDEX('5. Historical demand'!$C$26:$C$35,MATCH(B106,'5. Historical demand'!$B$26:$B$35,0),1)*(Yearending-Yearstart) -> 0 | F106: =IFERROR(C106/(E106*1000)," - ") -> - | G106: =IFERROR(D106/(E106*1000)," - ") -> -
B107: Firm stand-alone compression service | C107: =ABS('2.1 Profit & Loss by component'!$F$26+'2.1 Profit & Loss by component'!$F$37)*INDEX('2.2 Allocation to services'!$D$68:$D$77,MATCH(B107,'2.2 Allocation to services'!$C$68:$C$77,0),1) -> 0 | D107: =ABS('2.1 Profit & Loss by component'!$F$26*INDEX('2.2 Allocation to services'!$D$68:$D$77,MATCH(B107,'2.2 Allocation to services'!$C$68:$C$77,0),1)) -> 0 | E107: =INDEX('5. Historical demand'!$C$26:$C$35,MATCH(B107,'5. Historical demand'!$B$26:$B$35,0),1)*(Yearending-Yearstart) -> 0 | F107: =IFERROR(C107/(E107*1000)," - ") -> - | G107: =IFERROR(D107/(E107*1000)," - ") -> -
B108: Interruptible or as available stand-alone compression service | C108: =ABS('2.1 Profit & Loss by component'!$F$26+'2.1 Profit & Loss by component'!$F$37)*INDEX('2.2 Allocation to services'!$D$68:$D$77,MATCH(B108,'2.2 Allocation to services'!$C$68:$C$77,0),1) -> 0 | D108: =ABS('2.1 Profit & Loss by component'!$F$26*INDEX('2.2 Allocation to services'!$D$68:$D$77,MATCH(B108,'2.2 Allocation to services'!$C$68:$C$77,0),1)) -> 0 | E108: =INDEX('5. Historical demand'!$C$26:$C$35,MATCH(B108,'5. Historical demand'!$B$26:$B$35,0),1)*(Yearending-Yearstart) -> 0 | F108: =IFERROR(C108/(E108*1000)," - ") -> - | G108: =IFERROR(D108/(E108*1000)," - ") -> -
B109: Park service | C109: =ABS('2.1 Profit & Loss by component'!$F$26+'2.1 Profit & Loss by component'!$F$37)*INDEX('2.2 Allocation to services'!$D$68:$D$77,MATCH(B109,'2.2 Allocation to services'!$C$68:$C$77,0),1) -> 2467144.9 | D109: =ABS('2.1 Profit & Loss by component'!$F$26*INDEX('2.2 Allocation to services'!$D$68:$D$77,MATCH(B109,'2.2 Allocation to services'!$C$68:$C$77,0),1)) -> 2198008.1 | E109: =INDEX('5. Historical demand'!$C$26:$C$35,MATCH(B109,'5. Historical demand'!$B$26:$B$35,0),1)*(Yearending-Yearstart) -> 0 | F109: =IFERROR(C109/(E109*1000)," - ") -> - | G109: =IFERROR(D109/(E109*1000)," - ") -> -
B110: Park and loan services | C110: =ABS('2.1 Profit & Loss by component'!$F$26+'2.1 Profit & Loss by component'!$F$37)*INDEX('2.2 Allocation to services'!$D$68:$D$77,MATCH(B110,'2.2 Allocation to services'!$C$68:$C$77,0),1) -> 280058.42 | D110: =ABS('2.1 Profit & Loss by component'!$F$26*INDEX('2.2 Allocation to services'!$D$68:$D$77,MATCH(B110,'2.2 Allocation to services'!$C$68:$C$77,0),1)) -> 249507.3 | E110: =INDEX('5. Historical demand'!$C$26:$C$35,MATCH(B110,'5. Historical demand'!$B$26:$B$35,0),1)*(Yearending-Yearstart) -> 0 | F110: =IFERROR(C110/(E110*1000)," - ") -> - | G110: =IFERROR(D110/(E110*1000)," - ") -> -
B111: Capacity trading service | C111: =ABS('2.1 Profit & Loss by component'!$F$26+'2.1 Profit & Loss by component'!$F$37)*INDEX('2.2 Allocation to services'!$D$68:$D$77,MATCH(B111,'2.2 Allocation to services'!$C$68:$C$77,0),1) -> 31784.393 | D111: =ABS('2.1 Profit & Loss by component'!$F$26*INDEX('2.2 Allocation to services'!$D$68:$D$77,MATCH(B111,'2.2 Allocation to services'!$C$68:$C$77,0),1)) -> 28317.085 | E111: =INDEX('5. Historical demand'!$C$26:$C$35,MATCH(B111,'5. Historical demand'!$B$26:$B$35,0),1)*(Yearending-Yearstart) -> 0 | F111: =IFERROR(C111/(E111*1000)," - ") -> - | G111: =IFERROR(D111/(E111*1000)," - ") -> -
B112: In pipe trading service | C112: =ABS('2.1 Profit & Loss by component'!$F$26+'2.1 Profit & Loss by component'!$F$37)*INDEX('2.2 Allocation to services'!$D$68:$D$77,MATCH(B112,'2.2 Allocation to services'!$C$68:$C$77,0),1) -> 37162.156 | D112: =ABS('2.1 Profit & Loss by component'!$F$26*INDEX('2.2 Allocation to services'!$D$68:$D$77,MATCH(B112,'2.2 Allocation to services'!$C$68:$C$77,0),1)) -> 33108.196 | E112: =INDEX('5. Historical demand'!$C$26:$C$35,MATCH(B112,'5. Historical demand'!$B$26:$B$35,0),1)*(Yearending-Yearstart) -> 0 | F112: =IFERROR(C112/(E112*1000)," - ") -> - | G112: =IFERROR(D112/(E112*1000)," - ") -> -
B113: Other | C113: =ABS('2.1 Profit & Loss by component'!$F$26+'2.1 Profit & Loss by component'!$F$37)*INDEX('2.2 Allocation to services'!$D$68:$D$77,MATCH(B113,'2.2 Allocation to services'!$C$68:$C$77,0),1) -> 718922.68 | D113: =ABS('2.1 Profit & Loss by component'!$F$26*INDEX('2.2 Allocation to services'!$D$68:$D$77,MATCH(B113,'2.2 Allocation to services'!$C$68:$C$77,0),1)) -> 640496.56 | E113: =INDEX('5. Historical demand'!$C$26:$C$35,MATCH(B113,'5. Historical demand'!$B$26:$B$35,0),1)*(Yearending-Yearstart) -> 0 | F113: =IFERROR(C113/(E113*1000)," - ") -> - | G113: =IFERROR(D113/(E113*1000)," - ") -> -
B115: 32. Estimated RCM depreciation per unit of capacity | C115: Closing asset value based on Table 4.1 | D115: Estimated remaining asset life | E115: Estimated yearly depreciation | F115: Capacity denominator (report period) TJ | G115: Depreciation of RCM asset value per capacity denominator
B116: Firm forward haul transportation service | C116: ='4. Recovered Capital'!$E$37*C21 -> 0 | D116: =E92 -> 17.656947 | E116: =IFERROR(C116/D116, " - ") -> 0 | F116: =INDEX('5. Historical demand'!$C$26:$C$35,MATCH(B116,'5. Historical demand'!$B$26:$B$35,0),1)*(Yearending-Yearstart) -> 123986.54 | G116: =IFERROR(E116/(E104*1000), " - ") -> 0
B117: Backhaul service | C117: ='4. Recovered Capital'!$E$37*C22 -> 0 | D117: =E93 -> - | E117: =IFERROR(C117/D117, " - ") -> - | F117: =INDEX('5. Historical demand'!$C$26:$C$35,MATCH(B117,'5. Historical demand'!$B$26:$B$35,0),1)*(Yearending-Yearstart) -> 0 | G117: =IFERROR(E117/(E105*1000), " - ") -> -
B118: Interruptible or as available transportation service | C118: ='4. Recovered Capital'!$E$37*C23 -> 0 | D118: =E94 -> 17.656947 | E118: =IFERROR(C118/D118, " - ") -> 0 | F118: =INDEX('5. Historical demand'!$C$26:$C$35,MATCH(B118,'5. Historical demand'!$B$26:$B$35,0),1)*(Yearending-Yearstart) -> 0 | G118: =IFERROR(E118/(E106*1000), " - ") -> -
B119: Firm stand-alone compression service | C119: ='4. Recovered Capital'!$E$37*C24 -> 0 | D119: =E95 -> - | E119: =IFERROR(C119/D119, " - ") -> - | F119: =INDEX('5. Historical demand'!$C$26:$C$35,MATCH(B119,'5. Historical demand'!$B$26:$B$35,0),1)*(Yearending-Yearstart) -> 0 | G119: =IFERROR(E119/(E107*1000), " - ") -> -
B120: Interruptible or as available stand-alone compression service | C120: ='4. Recovered Capital'!$E$37*C25 -> 0 | D120: =E96 -> - | E120: =IFERROR(C120/D120, " - ") -> - | F120: =INDEX('5. Historical demand'!$C$26:$C$35,MATCH(B120,'5. Historical demand'!$B$26:$B$35,0),1)*(Yearending-Yearstart) -> 0 | G120: =IFERROR(E120/(E108*1000), " - ") -> -
...

Sheet 7. Amendment record
A1: Date | B1: AER amendment# | C1: Worksheet | D1: Table | E1: Cell | F1: Change | G1: Reason
A2: 45775 | B2: 1 | C2: Cover | E2: Column C, D, E, F, I, J, K | F2: adjust column width to allow more characters | G2: the restricted cell space precludes the complete display of service provider name
A3: 45775 | B3: 2 | C3: 1. Pipeline information | D3: Table 1.1: Pipeline details | E3: C16 | F3: change the format of cell C16 from “date” to “number” | G3: this cell currently displays # symbols instead of a number
A4: 45775 | B4: 3 | C4: 2. Revenue and expenses | D4: Table 2.1: Statement of pipeline revenue and expenses by service | E4: D12-D21, F12-F21 | F4: update the formula | G4: #N/A in the cells cause the sum formula in cells D22/F22 to return an error

Sheet E1. Revenue Data (NIU)
A1: Report | B1: APA FIN - WORKDAY WORKSHEET FOR JOURNAL SUMMARY - CCM AND ASSET VIEW
A2: Multi Company Filter | B2: C096 APA REEDY CREEK WALLUMBILLA PTY LIMITED
A3: Company | B3: APA INFRA CONSOLIDATION HIERARCHY
A4: Ledger | B4: ACTUALS
A5: Year | B5: 2025
A6: Book | B6: COMMON
A7: Period | B7: 2025 - P12 JUN
A8: Ledger accounts | B8: 4000: OPERATING REVENUE
A9: Report last ran on | B9: 45955
A10: Source: | B10: RCWP AER Part 10 Workings.xlsx
A12: Journal Accounting Month | B12: Company ID | C12: Company | D12: Journal Source | E12: APA Asset ID | F12: APA Asset | G12: Cost Center ID | H12: Cost Center | I12: Ledger Account ID | J12: Ledger Account | K12: Spend Category ID | L12: Spend Category | M12: Revenue Category ID | N12: Revenue Category | O12: Supplier | P12: Column1 | Q12: Customer | R12: Ledger/Budget Debit minus Credit
A13: 2025-05 | B13: C016 | C13: C016 EAST AUSTRALIAN PIPELINE PTY LIMITED | D13: Ad Hoc Bank Transaction | E13: A206 | F13: A206 Moomba-Sydney Pipeline | G13: 800384 | H13: 800384 MSP_GENERAL (C016) | I13: 4002 | J13: 4002:OTHER REVENUE | M13: RC0109 | N13: RC0109 INSURANCE PROCEEDS | P13: =VLOOKUP(N13,#REF!,2,FALSE) -> #REF! | R13: -1241.69
A14: 2025-02 | B14: C016 | C14: C016 EAST AUSTRALIAN PIPELINE PTY LIMITED | D14: Customer Invoice | E14: A206 | F14: A206 Moomba-Sydney Pipeline | G14: 800384 | H14: 800384 MSP_GENERAL (C016) | I14: 4000 | J14: 4000:OPERATING REVENUE | M14: RC0018 | N14: RC0018 PIPELINE - MINIMUM BILL | P14: =VLOOKUP(N14,#REF!,2,FALSE) -> #REF! | Q14: C-0057045 Tarac - Firm & Interruptible Services | R14: -994.83
A15: 2024-07 | B15: C016 | C15: C016 EAST AUSTRALIAN PIPELINE PTY LIMITED | D15: Customer Invoice | E15: A206 | F15: A206 Moomba-Sydney Pipeline | G15: 800384 | H15: 800384 MSP_GENERAL (C016) | I15: 4000 | J15: 4000:OPERATING REVENUE | M15: RC0019 | N15: RC0019 PIPELINE - FIRM CAPACITY LONG TERM | P15: =VLOOKUP(N15,#REF!,2,FALSE) -> #REF! | Q15: C-0001588 MSP Visy Pulp & Paper Pty Limited 1589 | R15: -48318.9
A16: 2024-08 | B16: C016 | C16: C016 EAST AUSTRALIAN PIPELINE PTY LIMITED | D16: Customer Invoice | E16: A206 | F16: A206 Moomba-Sydney Pipeline | G16: 800384 | H16: 800384 MSP_GENERAL (C016) | I16: 4000 | J16: 4000:OPERATING REVENUE | M16: RC0019 | N16: RC0019 PIPELINE - FIRM CAPACITY LONG TERM | P16: =VLOOKUP(N16,#REF!,2,FALSE) -> #REF! | Q16: C-0001588 MSP Visy Pulp & Paper Pty Limited 1589 | R16: -50438.34
A17: 2024-09 | B17: C016 | C17: C016 EAST AUSTRALIAN PIPELINE PTY LIMITED | D17: Customer Invoice | E17: A206 | F17: A206 Moomba-Sydney Pipeline | G17: 800384 | H17: 800384 MSP_GENERAL (C016) | I17: 4000 | J17: 4000:OPERATING REVENUE | M17: RC0019 | N17: RC0019 PIPELINE - FIRM CAPACITY LONG TERM | P17: =VLOOKUP(N17,#REF!,2,FALSE) -> #REF! | Q17: C-0001588 MSP Visy Pulp & Paper Pty Limited 1589 | R17: -50438.34
A18: 2024-10 | B18: C016 | C18: C016 EAST AUSTRALIAN PIPELINE PTY LIMITED | D18: Customer Invoice | E18: A206 | F18: A206 Moomba-Sydney Pipeline | G18: 800384 | H18: 800384 MSP_GENERAL (C016) | I18: 4000 | J18: 4000:OPERATING REVENUE | M18: RC0019 | N18: RC0019 PIPELINE - FIRM CAPACITY LONG TERM | P18: =VLOOKUP(N18,#REF!,2,FALSE) -> #REF! | Q18: C-0001588 MSP Visy Pulp & Paper Pty Limited 1589 | R18: -48811.29
A19: 2024-11 | B19: C016 | C19: C016 EAST AUSTRALIAN PIPELINE PTY LIMITED | D19: Customer Invoice | E19: A206 | F19: A206 Moomba-Sydney Pipeline | G19: 800384 | H19: 800384 MSP_GENERAL (C016) | I19: 4000 | J19: 4000:OPERATING REVENUE | M19: RC0019 | N19: RC0019 PIPELINE - FIRM CAPACITY LONG TERM | P19: =VLOOKUP(N19,#REF!,2,FALSE) -> #REF! | Q19: C-0001588 MSP Visy Pulp & Paper Pty Limited 1589 | R19: -50547.33
A20: 2024-12 | B20: C016 | C20: C016 EAST AUSTRALIAN PIPELINE PTY LIMITED | D20: Customer Invoice | E20: A206 | F20: A206 Moomba-Sydney Pipeline | G20: 800384 | H20: 800384 MSP_GENERAL (C016) | I20: 4000 | J20: 4000:OPERATING REVENUE | M20: RC0019 | N20: RC0019 PIPELINE - FIRM CAPACITY LONG TERM | P20: =VLOOKUP(N20,#REF!,2,FALSE) -> #REF! | Q20: C-0001588 MSP Visy Pulp & Paper Pty Limited 1589 | R20: -48916.77
A21: 2025-01 | B21: C016 | C21: C016 EAST AUSTRALIAN PIPELINE PTY LIMITED | D21: Customer Invoice | E21: A206 | F21: A206 Moomba-Sydney Pipeline | G21: 800384 | H21: 800384 MSP_GENERAL (C016) | I21: 4000 | J21: 4000:OPERATING REVENUE | M21: RC0019 | N21: RC0019 PIPELINE - FIRM CAPACITY LONG TERM | P21: =VLOOKUP(N21,#REF!,2,FALSE) -> #REF! | Q21: C-0001588 MSP Visy Pulp & Paper Pty Limited 1589 | R21: -50547.33
A22: 2025-02 | B22: C016 | C22: C016 EAST AUSTRALIAN PIPELINE PTY LIMITED | D22: Customer Invoice | E22: A206 | F22: A206 Moomba-Sydney Pipeline | G22: 800384 | H22: 800384 MSP_GENERAL (C016) | I22: 4000 | J22: 4000:OPERATING REVENUE | M22: RC0019 | N22: RC0019 PIPELINE - FIRM CAPACITY LONG TERM | P22: =VLOOKUP(N22,#REF!,2,FALSE) -> #REF! | Q22: C-0001588 MSP Visy Pulp & Paper Pty Limited 1589 | R22: -50656.33
A23: 2025-03 | B23: C016 | C23: C016 EAST AUSTRALIAN PIPELINE PTY LIMITED | D23: Customer Invoice | E23: A206 | F23: A206 Moomba-Sydney Pipeline | G23: 800384 | H23: 800384 MSP_GENERAL (C016) | I23: 4000 | J23: 4000:OPERATING REVENUE | M23: RC0019 | N23: RC0019 PIPELINE - FIRM CAPACITY LONG TERM | P23: =VLOOKUP(N23,#REF!,2,FALSE) -> #REF! | Q23: C-0001588 MSP Visy Pulp & Paper Pty Limited 1589 | R23: -45754.1
A24: 2025-04 | B24: C016 | C24: C016 EAST AUSTRALIAN PIPELINE PTY LIMITED | D24: Customer Invoice | E24: A206 | F24: A206 Moomba-Sydney Pipeline | G24: 800384 | H24: 800384 MSP_GENERAL (C016) | I24: 4000 | J24: 4000:OPERATING REVENUE | M24: RC0019 | N24: RC0019 PIPELINE - FIRM CAPACITY LONG TERM | P24: =VLOOKUP(N24,#REF!,2,FALSE) -> #REF! | Q24: C-0001588 MSP Visy Pulp & Paper Pty Limited 1589 | R24: -50656.33
A25: 2025-05 | B25: C016 | C25: C016 EAST AUSTRALIAN PIPELINE PTY LIMITED | D25: Customer Invoice | E25: A206 | F25: A206 Moomba-Sydney Pipeline | G25: 800384 | H25: 800384 MSP_GENERAL (C016) | I25: 4000 | J25: 4000:OPERATING REVENUE | M25: RC0019 | N25: RC0019 PIPELINE - FIRM CAPACITY LONG TERM | P25: =VLOOKUP(N25,#REF!,2,FALSE) -> #REF! | Q25: C-0001588 MSP Visy Pulp & Paper Pty Limited 1589 | R25: -49479.45
... A73: 2025-06 | B73: C016 | C73: C016 EAST AUSTRALIAN PIPELINE PTY LIMITED | D73: Customer Invoice | E73: A206 | F73: A206 Moomba-Sydney Pipeline | G73: 800384 | H73: 800384 MSP_GENERAL (C016) | I73: 4000 | J73: 4000:OPERATING REVENUE | M73: RC0095 | N73: RC0095 PIPELINE - REDIRECTION - INTERRUPTIBLE | P73: =VLOOKUP(N73,#REF!,2,FALSE) -> #REF! | Q73: C-0001588 MSP Visy Pulp & Paper Pty Limited 1589 | R73: -6693.31
A74: 2024-07 | B74: C016 | C74: C016 EAST AUSTRALIAN PIPELINE PTY LIMITED | D74: Customer Invoice | E74: A206 | F74: A206 Moomba-Sydney Pipeline | G74: 800384 | H74: 800384 MSP_GENERAL (C016) | I74: 4000 | J74: 4000:OPERATING REVENUE | M74: RC0100 | N74: RC0100 CUSTOMER CONTRIBUTIONS | P74: Other direct revenue | Q74: C-0007717 MSP Aemo Charges | R74: -99109
A75: 2024-07 | B75: C016 | C75: C016 EAST AUSTRALIAN PIPELINE PTY LIMITED | D75: Customer Invoice | E75: A206 | F75: A206 Moomba-Sydney Pipeline | G75: 800384 | H75: 800384 MSP_GENERAL (C016) | I75: 4002 | J75: 4002:OTHER REVENUE | M75: RC0111 | N75: RC0111 PROPERTY ENQUIRY INCOME | P75: =VLOOKUP(N75,#REF!,2,FALSE) -> #REF! | Q75: C-0003033 Property Search Fee | R75: -12918.76
A76: 2024-08 | B76: C016 | C76: C016 EAST AUSTRALIAN PIPELINE PTY LIMITED | D76: Customer Invoice | E76: A206 | F76: A206 Moomba-Sydney Pipeline | G76: 800384 | H76: 800384 MSP_GENERAL (C016) | I76: 4002 | J76: 4002:OTHER REVENUE | M76: RC0111 | N76: RC0111 PROPERTY ENQUIRY INCOME | P76: =VLOOKUP(N76,#REF!,2,FALSE) -> #REF! | Q76: C-0003033 Property Search Fee | R76: -14759.1
A77: 2024-09 | B77: C016 | C77: C016 EAST AUSTRALIAN PIPELINE PTY LIMITED | D77: Customer Invoice | E77: A206 | F77: A206 Moomba-Sydney Pipeline | G77: 800384 | H77: 800384 MSP_GENERAL (C016) | I77: 4002 | J77: 4002:OTHER REVENUE | M77: RC0111 | N77: RC0111 PROPERTY ENQUIRY INCOME | P77: =VLOOKUP(N77,#REF!,2,FALSE) -> #REF! | Q77: C-0003033 Property Search Fee | R77: -17774.4
A78: 2024-10 | B78: C016 | C78: C016 EAST AUSTRALIAN PIPELINE PTY LIMITED | D78: Customer Invoice | E78: A206 | F78: A206 Moomba-Sydney Pipeline | G78: 800384 | H78: 800384 MSP_GENERAL (C016) | I78: 4002 | J78: 4002:OTHER REVENUE | M78: RC0111 | N78: RC0111 PROPERTY ENQUIRY INCOME | P78: =VLOOKUP(N78,#REF!,2,FALSE) -> #REF! | Q78: C-0003033 Property Search Fee | R78: -16875.1
A79: 2024-11 | B79: C016 | C79: C016 EAST AUSTRALIAN PIPELINE PTY LIMITED | D79: Customer Invoice | E79: A206 | F79: A206 Moomba-Sydney Pipeline | G79: 800384 | H79: 800384 MSP_GENERAL (C016) | I79: 4002 | J79: 4002:OTHER REVENUE | M79: RC0111 | N79: RC0111 PROPERTY ENQUIRY INCOME | P79: =VLOOKUP(N79,#REF!,2,FALSE) -> #REF! | Q79: C-0003033 Property Search Fee | R79: -14124.3
A80: 2024-12 | B80: C016 | C80: C016 EAST AUSTRALIAN PIPELINE PTY LIMITED | D80: Customer Invoice | E80: A206 | F80: A206 Moomba-Sydney Pipeline | G80: 800384 | H80: 800384 MSP_GENERAL (C016) | I80: 4002 | J80: 4002:OTHER REVENUE | M80: RC0111 | N80: RC0111 PROPERTY ENQUIRY INCOME | P80: =VLOOKUP(N80,#REF!,2,FALSE) -> #REF! | Q80: C-0003033 Property Search Fee | R80: -15975.8
A81: 2025-01 | B81: C016 | C81: C016 EAST AUSTRALIAN PIPELINE PTY LIMITED | D81: Customer Invoice | E81: A206 | F81: A206 Moomba-Sydney Pipeline | G81: 800384 | H81: 800384 MSP_GENERAL (C016) | I81: 4002 | J81: 4002:OTHER REVENUE | M81: RC0111 | N81: RC0111 PROPERTY ENQUIRY INCOME | P81: =VLOOKUP(N81,#REF!,2,FALSE) -> #REF! | Q81: C-0003033 Property Search Fee | R81: -10897.4
A82: 2025-02 | B82: C016 | C82: C016 EAST AUSTRALIAN PIPELINE PTY LIMITED | D82: Customer Invoice | E82: A206 | F82: A206 Moomba-Sydney Pipeline | G82: 800384 | H82: 800384 MSP_GENERAL (C016) | I82: 4002 | J82: 4002:OTHER REVENUE | M82: RC0111 | N82: RC0111 PROPERTY ENQUIRY INCOME | P82: =VLOOKUP(N82,#REF!,2,FALSE) -> #REF! | Q82: C-0003033 Property Search Fee | R82: -10897.4
A83: 2025-03 | B83: C016 | C83: C016 EAST AUSTRALIAN PIPELINE PTY LIMITED | D83: Customer Invoice | E83: A206 | F83: A206 Moomba-Sydney Pipeline | G83: 800384 | H83: 800384 MSP_GENERAL (C016) | I83: 4002 | J83: 4002:OTHER REVENUE | M83: RC0111 | N83: RC0111 PROPERTY ENQUIRY INCOME | P83: =VLOOKUP(N83,#REF!,2,FALSE) -> #REF! | Q83: C-0003033 Property Search Fee | R83: -13172.1
A84: 2025-04 | B84: C016 | C84: C016 EAST AUSTRALIAN PIPELINE PTY LIMITED | D84: Customer Invoice | E84: A206 | F84: A206 Moomba-Sydney Pipeline | G84: 800384 | H84: 800384 MSP_GENERAL (C016) | I84: 4002 | J84: 4002:OTHER REVENUE | M84: RC0111 | N84: RC0111 PROPERTY ENQUIRY INCOME | P84: =VLOOKUP(N84,#REF!,2,FALSE) -> #REF! | Q84: C-0003033 Property Search Fee | R84: -15182.3
A85: 2025-05 | B85: C016 | C85: C016 EAST AUSTRALIAN PIPELINE PTY LIMITED | D85: Customer Invoice | E85: A206 | F85: A206 Moomba-Sydney Pipeline | G85: 800384 | H85: 800384 MSP_GENERAL (C016) | I85: 4002 | J85: 4002:OTHER REVENUE | M85: RC0111 | N85: RC0111 PROPERTY ENQUIRY INCOME | P85: =VLOOKUP(N85,#REF!,2,FALSE) -> #REF! | Q85: C-0003033 Property Search Fee | R85: -14759.1
A86: 2025-06 | B86: C016 | C86: C016 EAST AUSTRALIAN PIPELINE PTY LIMITED | D86: Customer Invoice | E86: A206 | F86: A206 Moomba-Sydney Pipeline | G86: 800384 | H86: 800384 MSP_GENERAL (C016) | I86: 4002 | J86: 4002:OTHER REVENUE | M86: RC0111 | N86: RC0111 PROPERTY ENQUIRY INCOME | P86: =VLOOKUP(N86,#REF!,2,FALSE) -> #REF! | Q86: C-0003033 Property Search Fee | R86: -14071.4
... A1289: 2024-12 | B1289: C016 | C1289: C016 EAST AUSTRALIAN PIPELINE PTY LIMITED | D1289: Manual Journal | E1289: A206 | F1289: A206 Moomba-Sydney Pipeline | G1289: 800384 | H1289: 800384 MSP_GENERAL (C016) | I1289: 4000 | J1289: 4000:OPERATING REVENUE | M1289: RC0095 | N1289: RC0095 PIPELINE - REDIRECTION - INTERRUPTIBLE | P1289: =VLOOKUP(N1289,#REF!,2,FALSE) -> #REF! | Q1289: C-3000729 MSP QENOS 55465 GTA | R1289: 8.61

Sheet E1.1 Revenue Data FY24 (NIU)
A1: Report | B1: APA FIN - TRIAL BALANCE BY ASSET
A2: Company | B2: APA Infra Consolidation Hierarchy
A3: Ledger | B3: ACTUALS
A4: Book | B4: COMMON
A5: Amount Type | B5: ENDING BALANCE
A6: Time Period | B6: CURRENT PERIOD YTD
A7: Period | B7: 2024- 12 JUN
A8: Multi Company Filter | B8: C016 EAST AUSTRALIAN PIPELINE PTY LIMITED C304 (J) EAST AUSTRALIAN PIPELINE CONS
A9: Report last ran on | B9: 45964
A10: Source:
G12: C016 EAST AUSTRALIAN PIPELINE PTY LIMITED
A13: Part 10 Mapping | B13: Mapping for check purposes | C13: Ledger Account | D13: Ledger Account Number | E13: Ledger Account Description | F13: Spend/Revenue Category | G13: A206 Moomba-Sydney Pipeline | H13: Ending Balance
A14: Other | C14: 4000:OPERATING REVENUE | D14: 4000 | E14: OPERATING REVENUE | F14: RC0018 PIPELINE - MINIMUM BILL | G14: -351840.53 | H14: -351840.53
A15: Firm forward haul transportation service | C15: 4000:OPERATING REVENUE | D15: 4000 | E15: OPERATING REVENUE | F15: RC0019 PIPELINE - FIRM CAPACITY LONG TERM | G15: -1.1942962e+08 | H15: -1.1942962e+08
A16: Firm forward haul transportation service | C16: 4000:OPERATING REVENUE | D16: 4000 | E16: OPERATING REVENUE | F16: RC0020 PIPELINE - FIRM CAPACITY SHORT TERM | G16: -14298042 | H16: -14298042
A17: Other | C17: 4000:OPERATING REVENUE | D17: 4000 | E17: OPERATING REVENUE | F17: RC0024 PIPELINE - REDIRECTION - FIRM | G17: -2110.7 | H17: -2110.7
A18: Park and loan services | C18: 4000:OPERATING REVENUE | D18: 4000 | E18: OPERATING REVENUE | F18: RC0027 PIPELINE - PARKING CHARGE - FIRM | G18: -9493378.2 | H18: -9493378.2
A19: Park and loan services | C19: 4000:OPERATING REVENUE | D19: 4000 | E19: OPERATING REVENUE | F19: RC0028 PIPELINE - LOAN CHARGE - FIRM | G19: -13543.74 | H19: -13543.74
A20: Capacity trading service | C20: 4000:OPERATING REVENUE | D20: 4000 | E20: OPERATING REVENUE | F20: RC0056 CAPACITY TRADING - MINIMUM BILL PARTICIPANT FEE | G20: -121891.36 | H20: -121891.36
A21: Capacity trading service | C21: 4000:OPERATING REVENUE | D21: 4000 | E21: OPERATING REVENUE | F21: RC0060 CAPACITY TRADING & AUCTION - AUCTION PROCEEDS | G21: -654669.55 | H21: -654669.55
A22: Other | C22: 4000:OPERATING REVENUE | D22: 4000 | E22: OPERATING REVENUE | F22: RC0062 PIPELINE - OVER RUNS, AUTHORISED | G22: -14126.55 | H22: -14126.55
A23: Other | C23: 4000:OPERATING REVENUE | D23: 4000 | E23: OPERATING REVENUE | F23: RC0063 PIPELINE - OVER RUNS, UNAUTHORISED | G23: -1318576.1 | H23: -1318576.1
A24: Other | C24: 4000:OPERATING REVENUE | D24: 4000 | E24: OPERATING REVENUE | F24: RC0066 PIPELINE - IMBALANCE | G24: -456419.53 | H24: -456419.53
A25: In pipe trading service | C25: 4000:OPERATING REVENUE | D25: 4000 | E25: OPERATING REVENUE | F25: RC0069 PIPELINE - IN-PIPE TRADE CHARGE | G25: -134821.38 | H25: -134821.38
... A36: Other | C36: 4002:OTHER REVENUE | D36: 4002 | E36: OTHER REVENUE | F36: RC0111 PROPERTY ENQUIRY INCOME | G36: -170900.08 | H36: -170900.08
C37: Total | G37: -1.55382e+08 | H37: -1.55382e+08

Sheet F.2 PPE FY24
A1: Moomba Syndey Pipeline (MSP) - 30 June 2025
A2: Property, Plant and Equipment
B3: This has been extracted from the file as detailed below, which contains all workings for the determination of the Property, Plant and Equipment calculated on the basis of Appendix A lives per the Pipeline Information Disclosure Guideline.
B6: Summary of Capex and Accumulated depreciation which has been calculated on the basis of the statutory accounting lives, adopted by the APA Group.
B8: This information is for the tab called "3.1 Depreciated Book Value" for the purposes of including the FY24 comparatives.
B9: Please note that for the implementation of Part 10, the pipeline asset lives adopted for RCWP PPE and associated assets were aligned with those used by the APA Group for statutory accounting purposes.
B10: In contrast, the lives adopted for Part 23 purposes were determined in accordance with the Appendix A of the Part 23 Guideline.
B11: Therefore, the information below is required for the comparative information.
A13: Moomba Syndey Pipeline (MSP) - 30 June 2025
A14: Property, Plant and Equipment
G15: =$A$49 -> Other depreciable pipeline assets
A16: Part 10 Classification | B16: ColumnCC | C16: ColumnL | D16: Opening Cost | E16: Additions | F16: Acquisition adj | G16: Intercompany Transfer in | H16: Disposals | I16: Closing Cost | J16: Opening Accumulated Depreciation | K16: Depreciation Expense | L16: Depreciation Expense - Disposal | M16: Closing Accumulated Depreciation | N16: Closing WDV
B17: Asset classification | C17: Company ID
A18: =B18 -> Buildings | B18: Buildings | C18: C016 | D18: 6508408.8 | E18: 82760 | F18: 0 | G18: 0 | H18: 0 | I18: 6591168.8 | J18: 1644398.4 | K18: 200995.95 | L18: 0 | M18: 1845394.4 | N18: 4745774.4
A19: =B19 -> Capitalised maintenance | B19: Capitalised maintenance | C19: C016 | D19: 0 | E19: 2631798.2 | F19: 3503.66 | G19: 0 | H19: 0 | I19: 2635301.8 | J19: 0 | K19: 54902.12 | L19: 0 | M19: 54902.12 | N19: 2580399.7
A20: =B20 -> City Gates, supply regulators and valve stations | B20: City Gates, supply regulators and valve stations | C20: C016 | D20: 27483569 | E20: 0 | F20: 0 | G20: 2420303.5 | H20: 0 | I20: 29903873 | J20: 5546633.4 | K20: 1426284.9 | L20: 0 | M20: 6972918.4 | N20: 22930954
A21: =B21 -> Compressors | B21: Compressors | C21: C016 | D21: 2.0999165e+08 | E21: 12606886 | F21: 0.01 | G21: 86536035 | H21: 0 | I21: 3.0913457e+08 | J21: 79337259 | K21: 14590839 | L21: 0 | M21: 93928098 | N21: 2.1520647e+08
A22: =B22 -> Land and easements | B22: Land and easements | C22: C016 | D22: 1702290 | E22: 6346459 | F22: 0 | G22: 0 | H22: 0 | I22: 8048749 | J22: 77293.49 | K22: 6401.72 | L22: 0 | M22: 83695.21 | N22: 7965053.8
A23: =B23 -> Metering | B23: Metering | C23: C016 | D23: 7892152.6 | E23: 0 | F23: 0 | G23: 584595.2 | H23: 0 | I23: 8476747.8 | J23: 2885006.6 | K23: 399871.77 | L23: 0 | M23: 3284878.3 | N23: 5191869.5
A24: =B24 -> Odourant plants | B24: Odourant plants | C24: C016 | D24: 906504.53 | E24: 0 | F24: 0 | G24: 0 | H24: 0 | I24: 906504.53 | J24: 456301.55 | K24: 44919.68 | L24: 0 | M24: 501221.23 | N24: 405283.3
A25: =B25 -> Other depreciable pipeline assets | B25: Other depreciable pipeline assets | C25: C016 | D25: 24190516 | E25: 17465195 | F25: 0 | G25: 976682.4 | H25: 0 | I25: 42632393 | J25: 17904161 | K25: 3632803.3 | L25: 0 | M25: 21536965 | N25: 21095428
A26: =B26 -> Pipelines | B26: Pipelines | C26: C016 | D26: 1.0484491e+09 | E26: 1132830.8 | F26: 24443314 | G26: 0 | H26: 0 | I26: 1.0740253e+09 | J26: 4.3183839e+08 | K26: 27157451 | L26: 0 | M26: 4.5899584e+08 | N26: 6.1502944e+08
A27: =B27 -> Pipelines | B27: Pipelines | C27: C304 | D27: 313423723 | E27: 0 | F27: 0 | G27: 0 | H27: 0 | I27: 313423723 | J27: 1.4736651e+08 | K27: 7548055.2 | L27: 0 | M27: 1.5491456e+08 | N27: 1.5850916e+08
A28: =B28 -> SCADA (Communications) | B28: SCADA (Communications) | C28: C016 | D28: 5133276 | E28: 268778.25 | F28: 0 | G28: 58052.67 | H28: 0 | I28: 5460106.9 | J28: 3215848.3 | K28: 384155.72 | L28: 0 | M28: 3600004 | N28: 1860102.9
A29: Total | B29: (blank) | C29: (blank) | D29: 1.6456812e+09 | E29: 40534707 | F29: 24446818 | G29: 90575669 | H29: 0 | I29: 1.8012384e+09 | J29: 6.902718e+08 | K29: 55446680 | L29: 0 | M29: 7.4571848e+08 | N29: 1.0555199e+09
A31: Pipelines | B31: 1701:PROPERTY, PLANT AND EQUIPMENT - COST (CONTRA) | C31: C016 | D31: 0 | E31: 0 | F31: 0 | G31: 0 | H31: 0 | I31: 0 | M31: =SUM(J31:L31) -> 0 | N31: =SUM(I31,M31) -> 0
A32: Pipelines | B32: 1704:PROPERTY, PLANT AND EQUIPMENT - ACCUM DEPRECIATION AND IMPAIRMENT (CONTRA) | C32: C016 | J32: #VALUE! | K32: -494143.46 | M32: =SUM(J32:L32) -> #VALUE! | N32: =SUM(I32,M32) -> #VALUE!
A33: Refer to [Summary - Interco Transfer] tab | B33: Intercompany transfer in captured only in TB but not in FAR | C33: C016 | G33: 2519647.6 | I33: =SUM(D33:H33) -> 2519647.6 | M33: =SUM(J33:L33) -> 0 | N33: =SUM(I33,M33) -> 2519647.6
B35: Closing Balance | D35: =SUM(D29,D31,D32,D33) -> 1.6456812e+09 | E35: =SUM(E29,E31,E32,E33) -> 40534707 | F35: =SUM(F29,F31,F32,F33) -> 24446818 | G35: =SUM(G29,G31,G32,G33) -> 93095317 | H35: =SUM(H29,H31,H32,H33) -> 0 | I35: =SUM(I29,I31,I32,I33) -> 1.8037581e+09 | J35: =SUM(J29,J31,J32,J33) -> #VALUE! | K35: =SUM(K29,K31,K32,K33) -> 54952536 | ... N35: =SUM(N29,N31,N32,N33) -> #VALUE!
B36: Check to TB | D36: =#REF!+#REF!-D35 -> #REF! | I36: =#REF!+#REF!+#REF!-I35 -> #REF! | J36: =(#REF!+#REF!+#REF!)+J35 -> #REF! | M36: =SUM(#REF!+#REF!+#REF!)+M35 -> #REF! | N36: =(SUM(#REF!)+SUM(#REF!)-#REF!)-N35 -> #REF!
A38: For Comparative purposes
A39: Property, Plant and Equipment - 30 June 2024
A41: Part 10 Classification | B41: ColumnCC | C41: ColumnL | D41: Opening cost | E41: Additions | F41: Additions - adj | G41: Intercompany Transfer In | H41: Disposals | I41: Closing cost | J41: Opening Accumulated Depreciation | K41: Depreciation expense | L41: Depreciation exp - disposal | M41: Closing Accumulated Depreciation | N41: Closing WDV
A42: =B42 -> Buildings | B42: Buildings | C42: C016 | D42: 2970347.2 | E42: 3538061.6 | F42: 0 | G42: 0 | H42: 0 | I42: 6508408.8 | J42: 1447703.2 | K42: 196695.28 | L42: 0 | M42: 1644398.4 | N42: 4864010.3
A43: =B43 -> Capitalised maintenance | B43: Capitalised maintenance | C43: C016 | D43: 0 | E43: 0 | F43: 0 | G43: 0 | H43: 0 | I43: 0 | J43: 0 | K43: 0 | L43: 0 | M43: 0 | N43: 0
A44: =B44 -> City Gates, supply regulators and valve stations | B44: City Gates, supply regulators and valve stations | C44: C016 | D44: 27483569 | E44: 0 | F44: 0 | G44: 0 | H44: 0 | I44: 27483569 | J44: 4438405.8 | K44: 1108227.7 | L44: 0 | M44: 5546633.4 | N44: 21936936
A45: =B45 -> Compressors | B45: Compressors | C45: C016 | D45: 2.0984955e+08 | E45: 156016.73 | F45: -13920.55 | G45: 0 | H45: 0 | I45: 2.0999165e+08 | J45: 70400840 | K45: 8936419.1 | L45: 0 | M45: 79337259 | N45: 1.3065439e+08
A46: =B46 -> Land and easements | B46: Land and easements | C46: C016 | D46: 1215942.5 | E46: 0 | F46: 0 | G46: 0 | H46: 0 | I46: 1215942.5 | J46: 0 | K46: 0 | L46: 0 | M46: 0 | N46: 1215942.5
A47: =B47 -> Metering | B47: Metering | C47: C016 | D47: 7892152.6 | E47: 0 | F47: 0 | G47: 0 | H47: 0 | I47: 7892152.6 | J47: 2432748.9 | K47: 452257.7 | L47: 0 | M47: 2885006.6 | N47: 5007146.1
A48: =B48 -> Odourant plants | B48: Odourant plants | C48: C016 | D48: 906504.53 | E48: 0 | F48: 0 | G48: 0 | H48: 0 | I48: 906504.53 | J48: 411077.82 | K48: 45223.73 | L48: 0 | M48: 456301.55 | N48: 450202.98
A49: =B49 -> Other depreciable pipeline assets | B49: Other depreciable pipeline assets | C49: C016 | D49: 24007173 | E49: 183332.18 | F49: 10.59 | G49: 0 | H49: 0 | I49: 24190516 | J49: 16108755 | K49: 1795406.7 | L49: 0 | M49: 17904161 | N49: 6286354.2
A50: =B50 -> Pipelines | B50: Pipelines | C50: C016 | D50: 1.0313309e+09 | E50: 33606648 | F50: -16002060 | G50: 0 | H50: 0 | I50: 1.0489355e+09 | J50: 4.0529507e+08 | K50: 26620615 | L50: 0 | M50: 4.3191569e+08 | N50: 6.170198e+08
A51: =B51 -> Pipelines | B51: Pipelines | C51: C304 | D51: 313423723 | E51: 0 | F51: 0 | G51: 0 | H51: 0 | I51: 313423723 | J51: 1.3981836e+08 | K51: 7548151.5 | L51: 0 | M51: 1.4736651e+08 | N51: 1.6605721e+08
A52: =B52 -> SCADA (Communications) | B52: SCADA (Communications) | C52: C016 | D52: 5133276 | E52: 0 | F52: 0 | G52: 0 | H52: 0 | I52: 5133276 | J52: 2855108.2 | K52: 360740.1 | L52: 0 | M52: 3215848.3 | N52: 1917427.7
A53: Total | B53: (blank) | C53: (blank) | D53: 1.6242131e+09 | E53: 37484059 | F53: -16015970 | G53: 0 | H53: 0 | I53: 1.6456812e+09 | J53: 6.4320807e+08 | K53: 47063736 | L53: 0 | M53: 6.902718e+08 | N53: 9.5540942e+08
A55: Pipelines | B55: 1701:PROPERTY, PLANT AND EQUIPMENT - COST (CONTRA) | C55: C016 | D55: 0 | E55: 0 | I55: =SUM(D55:G55) -> 0 | M55: =SUM(J55:L55) -> 0 | N55: =SUM(I55,M55) -> 0 | O55: =N55-N56 -> -583239.56
A56: Pipelines | B56: 1704:PROPERTY, PLANT AND EQUIPMENT - ACCUM DEPRECIATION AND IMPAIRMENT (CONTRA) | C56: C016 | K56: 583239.56 | M56: =SUM(J56:L56) -> 583239.56 | N56: =SUM(I56,M56) -> 583239.56
B58: Closing balance | D58: =SUM(D53,D55,D56) -> 1.6242131e+09 | E58: =SUM(E53,E55,E56) -> 37484059 | F58: =SUM(F53,F55,F56) -> -16015970 | G58: =SUM(G53,G55,G56) -> 0 | H58: =SUM(H53,H55,H56) -> 0 | I58: =SUM(I53,I55,I56) -> 1.6456812e+09 | J58: =SUM(J53,J55,J56) -> 6.4320807e+08 | K58: =SUM(K53,K55,K56) -> 47646976 | ... M58: =SUM(M53,M55,M56) -> 6.9085504e+08 | N58: =SUM(N53,N55,-N56) -> 9.5482618e+08
I59: =#REF!+#REF!-I58 -> #REF! | M59: =#REF!+#REF!+#REF!+M58 -> #REF! | N59: =SUM(#REF!)+#REF!+#REF!-N58 -> #REF!
A61: Note 1
A62: This intercompany transfer in of $90,575,669 reflects the transfers manually added in for FY24. Hence, should not be tested as part of FY25 additions. Refer to Appendix A MSP FY24 provided last year to reconcile the amount.

Sheet Sheet1
A1: Data validation lists | G1: Data validation lists_1 | H1: Data validation lists_1
A3: Pipelines | G3: Initial acquisition costs | H3: Acquisition year
A4: Compressors | G4: Initial construction costs | H4: Construction year
A5: City Gates, supply regulators and valve stations | G5: Closing Regulatory Asset Base value | H5: Year of closing RAB set
A6: Metering
A7: Odorant plants
A8: SCADA (Communications)
A9: Buildings
A10: Land and easements
A11: Other depreciable pipeline assets
A12: Leased assets
A13: Shared property, plant and equipment
A14: Shared leased assets
A15: Inventories
A16: Deferred tax assets
A17: Other assets

Sheet Amendment record
A1: Date | B1: AER amendment# | C1: Worksheet | D1: Table | E1: Cell | F1: Change | G1: Reason
A2: 43314 | B2: 1 | C2: Amendment record | F2: New worksheet inserted | G2: AER advised of errors in the published file - the amendment record allows for errors to be corrected in a transparent manner
A3: 43318 | B3: 2 | C3: 2. Revenue and expenses | D3: 2.1 | E3: F13 | F3: Formula corrected | G3: Formula amended to sum both elements of 'Direct revenue' to get 'Total direct revenue'.
A4: 43314 | B4: 3 | C4: 3 Statement of pipeline assets | D4: 3.1 | E4: D33:E33 | F4: Formula inserted | G4: Formula to aggregate relevant rows (Metering) to determine Closing value for metering assets
A5: 43314 | B5: 4 | C5: 3.3 Depreciation | D5: 3.3.1 | E5: D9:D52 | F5: List amended | G5: The term 'other depreciable assets' has been replaced with ' other depreciable pipeline assets' to match the terms used on worksheet 3.
A6: 43318 | B6: 5 | C6: 3.3 Depreciation | D6: 3.3.1 | E6: M7 and N7 | F6: Heading amended | G6: The heading has been amended to make it clear that accumulated depreciation is to be reported for both the current reporting period and the prior period.
A7: 43318 | B7: 6 | C7: 3.3 Depreciation | D7: 3.3.1 | E7: I5:K5 | F7: Guidance note added | G7: A guidance note has been added to the worksheet, clarifying that additions, capitalised maintenance and disposals must all be reported on a cumulative basis in this worksheet. Closing asset values are derived in each year with reference to the initial construction cost. Therefore all amendments to this value must be reported on a cumulative basis, to ensure the closing value is adjusted for all additions, disposals or capitalised maintenance.
A8: 43318 | B8: 7 | C8: 3.3 Depreciation | D8: 3.3.1 | E8: Column O | F8: Formula updated | G8: Formula updated to avoid double counting of prior years' data.
A9: 43991 | B9: 8 | C9: 3 Statement of pipeline assets | D9: 3.1 | E9: Rows 63-67 and 74-78 | F9: rows inserted | G9: New items inserted to record Leased Assets as per AASB16.
A10: 43991 | B10: 9 | C10: 3 Statement of pipeline assets | D10: 3.1 | E10: D68:E68 and D82:E82 | F10: Formula updated | G10: Formulae updated to include leased assets
A11: 43991 | B11: 10 | C11: 3 Statement of pipeline assets | D11: 3.1 | E11: D14, D19, D25, D31, D37, D43, D49, D59 | F11: Formulae corrected | G11: Formulae ammended to include prior year accumulated depreciation plus current year depreciation. It was only picking up current year depreciation.
A12: 43991 | B12: 11 | C12: 3.1 Pipeline asset useful life | D12: 3.1.1 | E12: B21:F25 and B32:F37 | F12: rows inserted | G12: Allow for lease asset information
A13: 44028 | B13: 12 | C13: Cover | D13: Reporting template | E13: D31:F32 | F13: Formatting - font changed from white to black colour | G13: To be visible.
A14: 43999 | B14: 13 | C14: 1.1 Financial performance | D14: 1.1.1 | E14: C10 | F14: Formatting - changed from Accounting Comma to Percentage Percent | G14: To disclose percentage with appropriate signage
A15: 43991 | B15: 14 | C15: 3.3 Depreciation | G15: tab renamed 3.3 Depreciation amortisation
A16: 44038 | B16: 15 | C16: 3.3 Depreciation amortisation | D16: 3.3.2 | E16: L58:L78 | F16: Insert column | G16: To explicitly allow for prior period depreciation
A17: 44038 | B17: 16 | C17: 3 Statement of pipeline assets | D17: 3.1 | E17: Row 59 | F17: rows inserted | G17: to record additions and improvements capitalised
A18: 44038 | B18: 17 | C18: 3 Statement of pipeline assets | D18: 3.1 | E18: D58 | F18: Formula updated | G18: to only pick up initial acquisition costs
A19: 44038 | B19: 18 | C19: 3.3 Depreciation amortisation | D19: 3.3.1 | E19: D9:D52 | F19: List updated | G19: added Leased assets to drop list
A20: 44038 | B20: 19 | C20: 3.3 Depreciation amortisation | D20: 3.3.2 | E20: D60:D67 | F20: List updated | G20: added Shared leased assets to drop list
A21: 44038 | B21: 20 | C21: 4 Recovered Capital | D21: 4.1 | E21: Rows 15, 22, 29 | F21: rows inserted | G21: New items inserted to record Leased Assets
A22: 44038 | B22: 21 | C22: 4 Recovered Capital | D22: 4.1 | E22: E15, E22 and E29 | F22: Formula added | G22: to sum columns F to BH for respective items
A23: 44038 | B23: 22 | C23: 4 Recovered Capital | D23: 4.1 | E23: F16:BH16 and F23:BH23 | F23: Formula updated | G23: to include Leased Assets in total
A24: 44038 | B24: 23 | C24: 3.3 Depreciation amortisation | D24: 3.3.1 and 3.3.2 | E24: B5, B56, K7, G58, J58 and M58 | F24: Heading amended | G24: Headings updated for clarity
A25: 44326 | B25: 24 | C25: Cover | E25: A7 | F25: Heading amended | G25: Spelling correction - "insructions" changed to "instructions"
A26: 44326 | B26: 25 | C26: Cover | E26: A25:E25 | F26: Row inserted | G26: To record the publication date of the reporting template
A27: 44326 | B27: 26 | C27: Cover | E27: A27:E27 | F27: Row inserted | G27: To record the date to which the reported information is current
A28: 44326 | B28: 27 | C28: Cover | E28: A29:K29 | F28: Row inserted | G28: To record whether there has been any change in the template and disclose the basis of preparation reference, if relevant
A29: 44326 | B29: 28 | C29: Contents | E29: C10 | F29: Hyperlink added | G29: Hyperlink to 'Summary' worksheet inserted.
A30: 44326 | B30: 29 | C30: Summary | F30: Worksheet inserted | G30: To enhance accessibility and transparency of the reported information by providing 'a quick glance' view of the key information reported in the template.
A31: 44326 | B31: 30 | C31: 1. Pipeline information | D31: 1.2 | E31: B16, B20, B21 | F31: Heading amended | G31: To make the labelling of pipeline service categories consistent with those listed in Table 2.1.1.
A32: 44326 | B32: 31 | C32: 2. Revenues and expenses | D32: 2.1 | E32: Row 12 to Row 14 / C12: C14 | F32: Rows inserted | G32: To improve the clarity of revenue categories, ‘Customer contribution revenue’ and ‘profit from sale of fixed assets’ are removed from the ‘Total service revenue’ category under Table 2.1.1. They are now reflected in Table 2.1 instead, where ‘Direct revenue’ category is reported. ‘Government contribution revenue’ is added as a category, consistent with the treatment for ‘Customer contribution revenue’ under the ‘Direct revenue’ category.
A33: 44326 | B33: 32 | C33: 2. Revenues and expenses | D33: 2.1 | E33: F11 and I11 | F33: Formula updated | G33: To amend the formula to sum up D11 and E11 ; and G11 and H11 respectively.
A34: 44326 | B34: 33 | C34: 2. Revenues and expenses | D34: 2.1 | E34: D32:D40 and E32:E40 | F34: Formula updated | G34: To amend the formula to sum up the relevant rows in Table 2.4.1 (rows 9-35 instead of rows 9-36).
A35: 44326 | B35: 34 | C35: 2. Revenues and expenses | D35: 2.1 | E35: J24 | F35: Comment removed | G35: To remove a comment made inadvertantly.
A36: 44326 | B36: 35 | C36: 2. Revenues and expenses | D36: 2.1 | E36: C34 and C39 | F36: Heading amended | G36: To remove uppercase in some words.
A37: 44326 | B37: 36 | C37: 2. Revenues and expenses | D37: 2.1 | E37: I16 | F37: Formula updated | G37: To correctly sum up revenue categories to derive 'total direct revenue'.
A38: 44326 | B38: 37 | C38: 2.1 Revenue by service | D38: 2.1.1 | E38: C10, C21 | F38: Heading amended | G38: To clarify that Table 2.1.1 only captures service revenue, rather than all direct revenue.
A39: 44326 | B39: 38 | C39: 2.1 Revenue by service | D39: 2.1.1 | F39: Rows removed | G39: The removed categories have been moved to Table 2.1, as discussed at amendment record number 31.
A40: 44326 | B40: 39 | C40: 2.1 Revenue by service | D40: 2.1.1 | E40: Rows 16 and 17 | F40: Rows amended and inserted | G40: To split “Park and park and loan services” into two rows: “Park services” and “Park and loan services” , consistent with how service categories are presented in Table 1.2.
A41: 44326 | B41: 40 | C41: 2.1 Revenue by service | D41: 2.1.1 | E41: Row 20 | F41: Heading amended | G41: To replace 'Distribution/transmission revenue' with 'Other pipeline services (if relevant)', consistent with how service categories are presented in Table 1.2.
A42: 44326 | B42: 41 | C42: 2.1 Revenue by service | D42: 2.1.1 | E42: I21 | F42: Formula updated | G42: To correctly calculate the 'total service revenue'.
A43: 44326 | B43: 42 | C43: 2.2 Revenue contributions | D43: 2.2.1 | E43: E9:E14 | F43: Formula added and formatting changed | G43: Added sum formula.
A44: 44326 | B44: 43 | C44: 2.3 Indirect revenue | D44: 2.3.1 | E44: E2:G4 | F44: Guidance note added | G44: A prompt has been added to the worksheet to highlight the need for pipeline operators to include sufficient information in their basis of preparation to explain its allocation methodologies and the basis of its allocators.
A45: 44326 | B45: 44 | C45: 2.4 Shared costs | D45: 2.4.1 | E45: E2:G4 | F45: Guidance note added | G45: As above.
A46: 44326 | B46: 45 | C46: 2.4 Shared costs | D46: 2.4.1 | E46: H36 & I36 | F46: Formula updated | G46: To rectify a double counting error.
A47: 44326 | B47: 46 | C47: 2.4 Shared costs | D47: 2.4.1 | E47: C11 and C16 | F47: Heading renamed | G47: To remove upppercase in some words.
A48: 44326 | B48: 47 | C48: 3. Statement of pipeline assets | E48: C38, C44 | F48: Heading amended | G48: Spelling correction - "Odourant" changed to "Odorant"
A49: 44326 | B49: 48 | C49: 3. Statement of pipeline assets | D49: 3.1 | E49: C8 and C81 | F49: Heading inserted | G49: To improve the clarity of asset categories
A50: 44326 | B50: 49 | C50: 3. Statement of pipeline assets | D50: 3.1 | E50: C82 | F50: Heading amended | G50: To improve the consistency of labelling between worksheets
A51: 44326 | B51: 50 | C51: 3. Statement of pipeline assets | D51: 3.1 | E51: Column C | F51: Rows added and headings amended | G51: To improve the consistency of labelling between worksheets, each asset category other than ‘pipelines’, ‘land and easements’, ‘other non-depreciable pipeline assets’, ‘inventories’, ‘deferred tax assets’ and ‘other assets’, is amended to have the following reporting lines, consistent with the headings in Table 3.3.1 : - Initial construction or acquisition costs - Additions - Capitalised maintenance or improvements - Depreciation - Disposals or early termination (at cost) There are also some formatting changes.
A52: 44326 | B52: 51 | C52: 3. Statement of pipeline assets | D52: 3.1 | E52: D71 & E71 | F52: Formula updated | G52: To correctly sum up the cost components that derive the carrying value of ‘other depreciable pipeline assets’.
A53: 44326 | B53: 52 | C53: 3. Statement of pipeline assets | D53: 3.1 | E53: D88 & E88 | F53: Formula updated | G53: To correctly sum up the cost components that derive the carrying value of ‘shared property, plant and equipment’ (previously labelled ‘shared supporting assets’).
A54: 44326 | B54: 53 | C54: 3.1 Asset useful life | F54: Tab renamed | G54: Tab is renamed from '3.1 Pipeline asset useful life' to '3.1 Asset useful life' to be consistent with the heading of the worksheet. The worksheet does not only contain pipeline asset useful life information, but also shared assets’.
A55: 44326 | B55: 54 | C55: 3.1 Asset useful life | D55: 3.1.1 | E55: D9:D37 | F55: Number formatting | G55: To disclose numbers as short dates.
A56: 44326 | B56: 55 | C56: 3.1 Asset useful life | E56: D7 | F56: Heading amended | G56: To correct spelling mistake: "Acqusition" changed to "Acquisition"
A57: 44326 | B57: 56 | C57: 3.2 Asset impairment | F57: Tab renamed | G57: Tab is renamed from '3.2 Pipeline asset impairment' to '3.2 Asset impairment' to be consistent with the heading of the worksheet. The worksheet does not only contain pipeline asset impairment information, but also shared assets’.
A58: 44326 | B58: 57 | C58: 3.2 Asset impairment | D58: 3.2.1 and 3.2.2 | E58: D8:D22, D28:D54, G28:G54, | F58: Number formatting | G58: To disclose numbers as short dates.
A59: 44326 | B59: 58 | C59: 3.3 Depreciation amortisation | D59: 3.3.1 | E59: H7 and G58 | F59: Heading amended | G59: To improve the consistency of labelling between worksheets
A60: 44326 | B60: 59 | C60: 3.3 Depreciation amortisation | D60: 3.3.1 | E60: J7 and I58 | F60: Heading amended | G60: To improve the consistency of labelling between worksheets
A61: 44326 | B61: 60 | C61: 3.3 Depreciation amortisation | D61: 3.3.1 | E61: G53 | F61: Formula inserted | G61: To rectify a missing formula.
A62: 44326 | B62: 61 | C62: 3.3 Depreciation amortisation | D62: 3.3.1 and 3.3.2 | E62: F9:F52 and F60:F77 | F62: Number formatting | G62: To disclose numbers to the nearest whole number.
A63: 44326 | B63: 62 | C63: 3.3 Depreciation amortisation | D63: 3.3.1 and 3.3.2 | E63: N7, M58 | F63: Heading renamed | G63: The heading has been amended to make it clear that depreciation for the current reporting period does not include accumulated depreciation for the prior years.
A64: 44326 | B64: 63 | C64: 3.3 Depreciation amortisation | D64: 3.3.1 | E64: D9:D52 | F64: List updated | G64: The dropdown box values have been amended to match the asset categories terms used on worksheet 3.
A65: 44326 | B65: 64 | C65: 3.3 Depreciation amortisation | D65: 3.3.2 | E65: D60:D77 | F65: List updated | G65: The dropdown box values have been amended to match the asset categories terms used on worksheet 3.
A66: 44326 | B66: 65 | C66: 3.4 Shared supporting assets | D66: 3.4.1 | E66: D9:D40 | F66: List updated | G66: The dropdown box values have been amended to match the asset categories terms used on worksheet 3.
A67: 44326 | B67: 66 | C67: 3.4 Shared supporting assets | D67: 3.4.1 | E67: E2:G4 | F67: Guidance note added | G67: A prompt has been added to the worksheet to highlight the need for pipeline operators to include sufficient information in their basis of preparation to explain its allocation methodologies and the basis of its allocators.
A68: 44326 | B68: 67 | C68: 4. Recovered capital | F68: Tab renamed | G68: Minor punctuation amendment.
A69: 44326 | B69: 68 | C69: 4. Recovered capital | F69: Background amended | G69: Background amended to white, consistent with the rest of the template worksheets.
A70: 44326 | B70: 69 | C70: 4. Recovered capital | D70: 4.1 | E70: E11 | F70: Formula updated | G70: To revise the formula to sum F11:BH11, consistent with the formula of other cost compoenents that make up the 'cost base'.
A71: 44326 | B71: 70 | C71: 4. Recovered capital | D71: 4.1 | E71: Rows 33 and 34 | F71: Rows inserted | G71: To disclose opening asset value and rate of return (WACC) of each year.
A72: 44326 | B72: 71 | C72: 4. Recovered capital | D72: 4.1 | E72: E25 | F72: Formula deleted | G72: Formula not required.
A73: 44326 | B73: 72 | C73: 4. Recovered capital | D73: 4.1 | E73: F31:BH31 | F73: Formula updated | G73: Previous sum formula included row 25 which is not an input cell
A74: 44326 | B74: 73 | C74: 4. Recovered capital | D74: 4.1 | E74: F8:BH8 | F74: Formula updated | G74: To adjust the formula to display year numbers that would allow for cross-referencing in the Summary tab.
A75: 44326 | B75: 74 | C75: 4. Recovered capital | E75: D18 | F75: Heading amended | G75: To correct spelling error - "Acqusition" changed to "Acquisition"
A76: 44326 | B76: 75 | C76: 5. Weighted average price | D76: 5.1 | E76: Column B | F76: Column added | G76: To disclose the reference to the basis of preparation where pipeline operator may have explained the basis of allocation between pipelines and service types.
A77: 44326 | B77: 76 | C77: 5. Weighted average price | D77: 5.1 | E77: Column D | F77: Column added | G77: To provide clarity on whether there has been any use of estimates by the pipeline operator to allocate revenue between pipelines and service types.
A78: 44326 | B78: 77 | C78: 5. Weighted average price | D78: 5.1 | E78: B2:E3 | F78: Heading inserted | G78: To insert Heading "Year ending XX/XX/XXXX", consistent with the strucure of other worksheets in the template.
A79: 44326 | B79: 78 | C79: 5. Weighted average price | D79: 5.1 | E79: F10: BJ10 | F79: Heading amended | G79: To clarify the unit measurement the data is supposed to be expressed in.
A80: 44326 | B80: 79 | C80: 5. Weighted average price | D80: 5.1 | E80: G10, N10, U10, AA10, AG10, AN10, AT10, AZ10, BF10 | F80: Comment box inserted | G80: To provide guidance that MDQ Total TJ shall be reported as the sum of MDQ's over the reporting period in TJs
A81: 44326 | B81: 80 | C81: All worksheets | F81: Number formatting | G81: All data points expressed in dollars terms have been formatted to remove decimal points (except for weighted average prices) and to express negative values in brackets.
